Workbook

Sheet Dashboard
B1: Excel Users Salary Survey Analysis | V1: ? | AJ1: By Jean-Marc Voyer
B3: Random facts from the study | V3: Average salary by Continent by Job Type, Experience, Daily usage of Excel
B5: • | C5: =+Calculations!CU3 -> #VALUE! | E5: =+Calculations!CV3 -> Participants are using Excel 0 hours a day. | V5: Choose Continent : | AA5: North America | AH5: Continent Average | AL5: =+Calculations!J47 -> #DIV/0!
B6: • | C6: =+Calculations!CU4 -> #VALUE! | E6: =+Calculations!CV4 -> Participants working as Accountant have more then 15 years of experience. | V6: Experience | Z6: From : | AA6: 0 | AC6: To : | AE6: 99 | AH6: World Average | AL6: =+Calculations!I47 -> #DIV/0!
B7: • | C7: =+Calculations!CU5 -> 100% | E7: =+Calculations!CV5 -> Participants love Chandoo.org ! | V7: Choose Excel usage : | AA7: *
B8: • | C8: =+Calculations!CU6 -> #VALUE! | E8: =+Calculations!CV6 -> Participants living in Asia.
B9: • | C9: =+Calculations!CU7 -> #VALUE! | E9: =+Calculations!CV7 -> Average salary of participants living in Europe.
B11: Top 5 countries by…
B13: # | D13: Country | H13: Average Salary | M13: Experience | P13: Nb of responses
B14: =+Calculations!BL8 -> 1 | C14: =+Calculations!BM8 -> #N/A | F14: =+Calculations!BN8 -> #N/A | L14: =+Calculations!BO8 -> #N/A | P14: =+Calculations!BP8 -> #N/A | S14: =IF(P14<WarningResponse,"*","") -> #N/A
B15: =+Calculations!BL9 -> 2 | C15: =+Calculations!BM9 -> #N/A | F15: =+Calculations!BN9 -> #N/A | L15: =+Calculations!BO9 -> #N/A | P15: =+Calculations!BP9 -> #N/A | S15: =IF(P15<WarningResponse,"*","") -> #N/A
B16: =+Calculations!BL10 -> 3 | C16: =+Calculations!BM10 -> #N/A | F16: =+Calculations!BN10 -> #N/A | L16: =+Calculations!BO10 -> #N/A | P16: =+Calculations!BP10 -> #N/A | S16: =IF(P16<WarningResponse,"*","") -> #N/A
B17: =+Calculations!BL11 -> 4 | C17: =+Calculations!BM11 -> #N/A | F17: =+Calculations!BN11 -> #N/A | L17: =+Calculations!BO11 -> #N/A | P17: =+Calculations!BP11 -> #N/A | S17: =IF(P17<WarningResponse,"*","") -> #N/A
B18: =+Calculations!BL12 -> 5 | C18: =+Calculations!BM12 -> #N/A | F18: =+Calculations!BN12 -> #N/A | L18: =+Calculations!BO12 -> #N/A | P18: =+Calculations!BP12 -> #N/A | S18: =IF(P18<WarningResponse,"*","") -> #N/A
B19: * Note : Less then 10 responses for this country. Use data with diligence.
B20: Average salary by… | L20: choose : | M20: Years of experience with Excel
V24: Salary boxplot | AK24: Legend :
V26: Choose Continent #1 | AA26: Asia | AK26: Q1 | AL26: Q2 | AM26: Q3 | AN26: Q4
V27: Choose Continent #2 | AA27: North America | AK27: Q1 | AL27: Q2 | AM27: Q3 | AN27: Q4
B32: Proportion of participants by… | L32: choose : | M32: Daily usage of Excel in hours

Sheet mapping
B1: Mapping Sheet | G1: Source: Xrates on 6/21/2012 | H1: and xe.com | N1: Added data >>> | R1: Continent Mapping | U1: List of countries by GDP (PPP) per capita | AB1: Liste of Job types | AD1: List of clean Country
R2: http://www.worldatlas.com/cntycont.htm | U2: PPP : Purchasing Power Parity | AB2: (sorted filtered list from Data) | AD2: (sorted filtered list from Data)
N3: Clean Continent | P3: Clean PPP | R3: modified cells | U3: http://en.wikipedia.org/wiki/List_of_countries_by_GDP_(PPP)_per_capita
B4: Currency Mapping | L4: Country Mapping | P4: NA = 1 | U4: International Monetary Fund (2010-11) | AB4: List Job Types | AD4: List Clean Country | AF4: Continent | AH4: How many hours of a day you work on Excel | AI4: Min | AJ4: Max | AL4: Lists for Graph
B5: Currency | C5: in USD | G5: Value of 1 American Dollar | L5: Actual | M5: Mapping | N5: Continent | O5: PPP Factor | P5: Clean PPP | R5: Country | S5: Continent | V5: Ref = USA : | W5: 48387 | AB5: Accountant | AD5: Albania | AF5: Asia | AH5: * | AI5: -1 | AJ5: 99 | AL5: Years of experience with Excel
B6: USD | C6: 1 | G6: Argentine Peso | H6: 4.49273 | I6: ARS | L6: USA | M6: USA | N6: =VLOOKUP(tblCountries#this row;mapping,tblContinent#all,2,0) -> #VALUE! | O6: =VLOOKUP(tblCountries#this row;mapping,tblPPP,3,0) -> #VALUE! | P6: =IFERROR(tblCountries#this row;ppp factor,1) -> #VALUE! | R6: Afghanistan | S6: Asia | U6: Country | V6: Intl $ | W6: PPP Ratio Vs US | AB6: Analyst | AD6: Arabian Gulf | AF6: Europe | AH6: Excel ?!? What Excel? | AI6: 1 | AJ6: 1 | AL6: Daily usage of Excel in hours
B7: EUR | C7: =1/INDEX($H$6:$H$66,MATCH(tblXrate#this row;currency,$I$6:$I$66,0)) -> #VALUE! | G7: Australian Dollar | H7: 0.980479 | I7: AUD | L7: India | M7: India | N7: =VLOOKUP(tblCountries#this row;mapping,tblContinent#all,2,0) -> #VALUE! | O7: =VLOOKUP(tblCountries#this row;mapping,tblPPP,3,0) -> #VALUE! | P7: =IFERROR(tblCountries#this row;ppp factor,1) -> #VALUE! | R7: Albania | S7: Europe | U7: Afghanistan | V7: 956 | W7: =$W$5/V7 -> 50.614017 | AB7: Consultant | AD7: Argentina | AF7: Africa | AH7: 1 or 2 hours a day | AI7: 2 | AJ7: 2
B8: PKR | C8: =1/INDEX($H$6:$H$66,MATCH(tblXrate#this row;currency,$I$6:$I$66,0)) -> #VALUE! | G8: Botswana Pula | H8: 7.65697 | I8: BWP | L8: UK | M8: UK | N8: =VLOOKUP(tblCountries#this row;mapping,tblContinent#all,2,0) -> #VALUE! | O8: =VLOOKUP(tblCountries#this row;mapping,tblPPP,3,0) -> #VALUE! | P8: =IFERROR(tblCountries#this row;ppp factor,1) -> #VALUE! | R8: Algeria | S8: Africa | U8: Albania | V8: 7741 | W8: =$W$5/V8 -> 6.2507428 | AB8: Controller | AD8: Armenia | AF8: North Amer. | AH8: 2 to 3 hours per day | AI8: 3 | AJ8: 3
B9: INR | C9: =1/INDEX($H$6:$H$66,MATCH(tblXrate#this row;currency,$I$6:$I$66,0)) -> #VALUE! | G9: Brazilian Real | H9: 2.02314 | I9: BRL | L9: Australia | M9: Australia | N9: =VLOOKUP(tblCountries#this row;mapping,tblContinent#all,2,0) -> #VALUE! | O9: =VLOOKUP(tblCountries#this row;mapping,tblPPP,3,0) -> #VALUE! | P9: =IFERROR(tblCountries#this row;ppp factor,1) -> #VALUE! | R9: Andorra | S9: Europe | U9: Algeria | V9: 7333 | W9: =$W$5/V9 -> 6.5985272 | AB9: CXO or Top Mgmt. | AD9: Aruba | AF9: South Amer. | AH9: 4 to 6 hours a day | AI9: 4 | AJ9: 4
B10: GBP | C10: =1/INDEX($H$6:$H$66,MATCH(tblXrate#this row;currency,$I$6:$I$66,0)) -> #VALUE! | G10: British Pound | H10: 0.634446 | I10: GBP | L10: Canada | M10: Canada | N10: =VLOOKUP(tblCountries#this row;mapping,tblContinent#all,2,0) -> #VALUE! | O10: =VLOOKUP(tblCountries#this row;mapping,tblPPP,3,0) -> #VALUE! | P10: =IFERROR(tblCountries#this row;ppp factor,1) -> #VALUE! | R10: Angola | S10: Africa | U10: Angola | V10: 5895 | W10: =$W$5/V10 -> 8.2081425 | AB10: Engineer | AD10: Asia | AF10: Oceania | AH10: All the 8 hours baby, all the 8! | AI10: 5 | AJ10: 5
B11: AUD | C11: =1/INDEX($H$6:$H$66,MATCH(tblXrate#this row;currency,$I$6:$I$66,0)) -> #VALUE! | G11: Brunei dollar | H11: 1.2687 | I11: BND | L11: Pakistan | M11: Pakistan | N11: =VLOOKUP(tblCountries#this row;mapping,tblContinent#all,2,0) -> #VALUE! | O11: =VLOOKUP(tblCountries#this row;mapping,tblPPP,3,0) -> #VALUE! | P11: =IFERROR(tblCountries#this row;ppp factor,1) -> #VALUE! | R11: Antigua and Barbuda | S11: North Amer. | U11: Antigua and Barbuda | V11: 17981 | W11: =$W$5/V11 -> 2.6910072 | AB11: Manager | AD11: Australia
B12: CAD | C12: =1/INDEX($H$6:$H$66,MATCH(tblXrate#this row;currency,$I$6:$I$66,0)) -> #VALUE! | G12: Bulgarian Lev | H12: 1.53952 | I12: BGN | L12: South Africa | M12: South Africa | N12: =VLOOKUP(tblCountries#this row;mapping,tblContinent#all,2,0) -> #VALUE! | O12: =VLOOKUP(tblCountries#this row;mapping,tblPPP,3,0) -> #VALUE! | P12: =IFERROR(tblCountries#this row;ppp factor,1) -> #VALUE! | R12: Argentina | S12: South Amer. | U12: Argentina | V12: 17516 | W12: =$W$5/V12 -> 2.7624458 | AB12: Misc. | AD12: Austria
B13: PHP | C13: =1/INDEX($H$6:$H$66,MATCH(tblXrate#this row;currency,$I$6:$I$66,0)) -> #VALUE! | G13: Canadian Dollar | H13: 1.01692 | I13: CAD | L13: Germany | M13: Germany | N13: =VLOOKUP(tblCountries#this row;mapping,tblContinent#all,2,0) -> #VALUE! | O13: =VLOOKUP(tblCountries#this row;mapping,tblPPP,3,0) -> #VALUE! | P13: =IFERROR(tblCountries#this row;ppp factor,1) -> #VALUE! | R13: Armenia | S13: Europe | U13: Armenia | V13: 5384 | W13: =$W$5/V13 -> 8.9871842 | AB13: Reporting | AD13: Azerbaijan
B14: AED | C14: =1/INDEX($H$6:$H$66,MATCH(tblXrate#this row;currency,$I$6:$I$66,0)) -> #VALUE! | G14: Chilean Peso | H14: 497.268 | I14: CLP | L14: UAE | M14: UAE | N14: =VLOOKUP(tblCountries#this row;mapping,tblContinent#all,2,0) -> #VALUE! | O14: =VLOOKUP(tblCountries#this row;mapping,tblPPP,3,0) -> #VALUE! | P14: =IFERROR(tblCountries#this row;ppp factor,1) -> #VALUE! | R14: Australia | S14: Oceania | U14: Australia | V14: 40234 | W14: =$W$5/V14 -> 1.2026396 | AB14: Specialist | AD14: Baltic | AF14: Continent (full)
B15: MXN | C15: =1/INDEX($H$6:$H$66,MATCH(tblXrate#this row;currency,$I$6:$I$66,0)) -> #VALUE! | G15: Chinese Yuan | H15: 6.36091 | I15: CNY | L15: Brazil | M15: Brazil | N15: =VLOOKUP(tblCountries#this row;mapping,tblContinent#all,2,0) -> #VALUE! | O15: =VLOOKUP(tblCountries#this row;mapping,tblPPP,3,0) -> #VALUE! | P15: =IFERROR(tblCountries#this row;ppp factor,1) -> #VALUE! | R15: Austria | S15: Europe | U15: Austria | V15: 41822 | W15: =$W$5/V15 -> 1.1569748 | AD15: Bangladesh | AF15: Asia
B16: SEK | C16: =1/INDEX($H$6:$H$66,MATCH(tblXrate#this row;currency,$I$6:$I$66,0)) -> #VALUE! | G16: Colombian Peso | H16: 1769.79 | I16: COP | L16: Netherlands | M16: Netherlands | N16: =VLOOKUP(tblCountries#this row;mapping,tblContinent#all,2,0) -> #VALUE! | O16: =VLOOKUP(tblCountries#this row;mapping,tblPPP,3,0) -> #VALUE! | P16: =IFERROR(tblCountries#this row;ppp factor,1) -> #VALUE! | R16: Azerbaijan | S16: Europe | U16: Azerbaijan | V16: 10202 | W16: =$W$5/V16 -> 4.7428936 | AD16: Belgium | AF16: Europe
B17: BDT | C17: =1/INDEX($H$6:$H$66,MATCH(tblXrate#this row;currency,$I$6:$I$66,0)) -> #VALUE! | G17: Croatian Kuna | H17: 5.93671 | I17: HRK | L17: Singapore | M17: Singapore | N17: =VLOOKUP(tblCountries#this row;mapping,tblContinent#all,2,0) -> #VALUE! | O17: =VLOOKUP(tblCountries#this row;mapping,tblPPP,3,0) -> #VALUE! | P17: =IFERROR(tblCountries#this row;ppp factor,1) -> #VALUE! | R17: Bahamas | S17: North Amer. | U17: Bahamas, The | V17: 30959 | W17: =$W$5/V17 -> 1.5629381 | AD17: Bermuda | AF17: Africa
B18: COSTARICAN | C18: =1/INDEX($H$6:$H$66,MATCH(tblXrate#this row;currency,$I$6:$I$66,0)) -> #VALUE! | G18: Danish Krone | H18: 5.85123 | I18: DKK | L18: Philippines | M18: Philippines | N18: =VLOOKUP(tblCountries#this row;mapping,tblContinent#all,2,0) -> #VALUE! | O18: =VLOOKUP(tblCountries#this row;mapping,tblPPP,3,0) -> #VALUE! | P18: =IFERROR(tblCountries#this row;ppp factor,1) -> #VALUE! | R18: Bahrain | S18: Asia | U18: Bahrain | V18: 27556 | W18: =$W$5/V18 -> 1.7559515 | AD18: Bhutan | AF18: North America
B19: ZAR | C19: =1/INDEX($H$6:$H$66,MATCH(tblXrate#this row;currency,$I$6:$I$66,0)) -> #VALUE! | G19: Euro | H19: 0.787154 | I19: EUR | L19: Portugal | M19: Portugal | N19: =VLOOKUP(tblCountries#this row;mapping,tblContinent#all,2,0) -> #VALUE! | O19: =VLOOKUP(tblCountries#this row;mapping,tblPPP,3,0) -> #VALUE! | P19: =IFERROR(tblCountries#this row;ppp factor,1) -> #VALUE! | R19: Bangladesh | S19: Asia | U19: Bangladesh | V19: 1693 | W19: =$W$5/V19 -> 28.580626 | AD19: Bolivia | AF19: South America
B20: NZD | C20: =1/INDEX($H$6:$H$66,MATCH(tblXrate#this row;currency,$I$6:$I$66,0)) -> #VALUE! | G20: Hong Kong Dollar | H20: 7.75889 | I20: HKD | L20: Spain | M20: Spain | N20: =VLOOKUP(tblCountries#this row;mapping,tblContinent#all,2,0) -> #VALUE! | O20: =VLOOKUP(tblCountries#this row;mapping,tblPPP,3,0) -> #VALUE! | P20: =IFERROR(tblCountries#this row;ppp factor,1) -> #VALUE! | R20: Barbados | S20: North Amer. | U20: Barbados | V20: 23417 | W20: =$W$5/V20 -> 2.0663193 | AD20: Brazil | AF20: Oceania
B21: CNY | C21: =1/INDEX($H$6:$H$66,MATCH(tblXrate#this row;currency,$I$6:$I$66,0)) -> #VALUE! | G21: Hungarian Forint | H21: 225.874 | I21: HUF | L21: New Zealand | M21: New Zealand | N21: =VLOOKUP(tblCountries#this row;mapping,tblContinent#all,2,0) -> #VALUE! | O21: =VLOOKUP(tblCountries#this row;mapping,tblPPP,3,0) -> #VALUE! | P21: =IFERROR(tblCountries#this row;ppp factor,1) -> #VALUE! | R21: Belarus | S21: Europe | U21: Belarus | V21: 15028 | W21: =$W$5/V21 -> 3.2197897 | AD21: Bulgaria
B22: EGYPT | C22: =1/INDEX($H$6:$H$66,MATCH(tblXrate#this row;currency,$I$6:$I$66,0)) -> #VALUE! | G22: Iceland Krona | H22: 124.697 | I22: ISK | L22: Russia | M22: Russia | N22: =VLOOKUP(tblCountries#this row;mapping,tblContinent#all,2,0) -> #VALUE! | O22: =VLOOKUP(tblCountries#this row;mapping,tblPPP,3,0) -> #VALUE! | P22: =IFERROR(tblCountries#this row;ppp factor,1) -> #VALUE! | R22: Belgium | S22: Europe | U22: Belgium | V22: 37737 | W22: =$W$5/V22 -> 1.2822164 | AD22: Cambodia
B23: NAIRA | C23: =1/INDEX($H$6:$H$66,MATCH(tblXrate#this row;currency,$I$6:$I$66,0)) -> #VALUE! | G23: Indian Rupee | H23: 56.1548 | I23: INR | L23: Saudi Arabia | M23: Saudi Arabia | N23: =VLOOKUP(tblCountries#this row;mapping,tblContinent#all,2,0) -> #VALUE! | O23: =VLOOKUP(tblCountries#this row;mapping,tblPPP,3,0) -> #VALUE! | P23: =IFERROR(tblCountries#this row;ppp factor,1) -> #VALUE! | R23: Belize | S23: North Amer. | U23: Belize | V23: 8264 | W23: =$W$5/V23 -> 5.8551549 | AD23: Canada
B24: AED | C24: =1/INDEX($H$6:$H$66,MATCH(tblXrate#this row;currency,$I$6:$I$66,0)) -> #VALUE! | G24: Indonesian Rupiah | H24: 9443.81 | I24: IDR | L24: Mexico | M24: Mexico | N24: =VLOOKUP(tblCountries#this row;mapping,tblContinent#all,2,0) -> #VALUE! | O24: =VLOOKUP(tblCountries#this row;mapping,tblPPP,3,0) -> #VALUE! | P24: =IFERROR(tblCountries#this row;ppp factor,1) -> #VALUE! | R24: Benin | S24: Africa | U24: Benin | V24: 1481 | W24: =$W$5/V24 -> 32.671843 | AD24: CEE
B25: BRL | C25: =1/INDEX($H$6:$H$66,MATCH(tblXrate#this row;currency,$I$6:$I$66,0)) -> #VALUE! | G25: Israeli New Shekel | H25: 3.86721 | I25: ILS | L25: Indonesia | M25: Indonesia | N25: =VLOOKUP(tblCountries#this row;mapping,tblContinent#all,2,0) -> #VALUE! | O25: =VLOOKUP(tblCountries#this row;mapping,tblPPP,3,0) -> #VALUE! | P25: =IFERROR(tblCountries#this row;ppp factor,1) -> #VALUE! | R25: Bhutan | S25: Asia | U25: Bhutan | V25: 6112 | W25: =$W$5/V25 -> 7.9167212 | AD25: Central America
B26: RON | C26: =1/INDEX($H$6:$H$66,MATCH(tblXrate#this row;currency,$I$6:$I$66,0)) -> #VALUE! | G26: Japanese Yen | H26: 78.9043 | I26: JPY | L26: Norway | M26: Norway | N26: =VLOOKUP(tblCountries#this row;mapping,tblContinent#all,2,0) -> #VALUE! | O26: =VLOOKUP(tblCountries#this row;mapping,tblPPP,3,0) -> #VALUE! | P26: =IFERROR(tblCountries#this row;ppp factor,1) -> #VALUE! | R26: Bolivia | S26: South Amer. | U26: Bolivia | V26: 4789 | W26: =$W$5/V26 -> 10.103779 | AD26: China
B27: USD | C27: 1 | G27: Kazakhstani Tenge | H27: 148.88 | I27: KZT | L27: malaysia | M27: Malaysia | N27: =VLOOKUP(tblCountries#this row;mapping,tblContinent#all,2,0) -> #VALUE! | O27: =VLOOKUP(tblCountries#this row;mapping,tblPPP,3,0) -> #VALUE! | P27: =IFERROR(tblCountries#this row;ppp factor,1) -> #VALUE! | R27: Bosnia and Herzegovina | S27: Europe | U27: Bosnia and Herzegovina | V27: 8133 | W27: =$W$5/V27 -> 5.9494651 | AD27: Colombia
B28: MYR | C28: =1/INDEX($H$6:$H$66,MATCH(tblXrate#this row;currency,$I$6:$I$66,0)) -> #VALUE! | G28: Kuwaiti Dinar | H28: 0.2794 | I28: KWD | L28: The Netherlands | M28: Netherlands | N28: =VLOOKUP(tblCountries#this row;mapping,tblContinent#all,2,0) -> #VALUE! | O28: =VLOOKUP(tblCountries#this row;mapping,tblPPP,3,0) -> #VALUE! | P28: =IFERROR(tblCountries#this row;ppp factor,1) -> #VALUE! | R28: Botswana | S28: Africa | U28: Botswana | V28: 16030 | W28: =$W$5/V28 -> 3.0185278 | AD28: Costa Rica
B29: LKR | C29: =1/INDEX($H$6:$H$66,MATCH(tblXrate#this row;currency,$I$6:$I$66,0)) -> #VALUE! | G29: Latvian Lat | H29: 0.548489 | I29: LVL | L29: Romania | M29: Romania | N29: =VLOOKUP(tblCountries#this row;mapping,tblContinent#all,2,0) -> #VALUE! | O29: =VLOOKUP(tblCountries#this row;mapping,tblPPP,3,0) -> #VALUE! | P29: =IFERROR(tblCountries#this row;ppp factor,1) -> #VALUE! | R29: Brazil | S29: South Amer. | U29: Brazil | V29: 11769 | W29: =$W$5/V29 -> 4.1113943 | AD29: Croatia
B30: SGD | C30: =1/INDEX($H$6:$H$66,MATCH(tblXrate#this row;currency,$I$6:$I$66,0)) -> #VALUE! | G30: Libyan Dinar | H30: 1.9324 | I30: LYD | L30: Poland | M30: Poland | N30: =VLOOKUP(tblCountries#this row;mapping,tblContinent#all,2,0) -> #VALUE! | O30: =VLOOKUP(tblCountries#this row;mapping,tblPPP,3,0) -> #VALUE! | P30: =IFERROR(tblCountries#this row;ppp factor,1) -> #VALUE! | R30: Brunei | S30: Asia | U30: Brunei | V30: 49384 | W30: =$W$5/V30 -> 0.97981127 | AD30: Czech Republic
B31: GBP | C31: =1/INDEX($H$6:$H$66,MATCH(tblXrate#this row;currency,$I$6:$I$66,0)) -> #VALUE! | G31: Lithuanian Litas | H31: 2.71788 | I31: LTL | L31: italy | M31: italy | N31: =VLOOKUP(tblCountries#this row;mapping,tblContinent#all,2,0) -> #VALUE! | O31: =VLOOKUP(tblCountries#this row;mapping,tblPPP,3,0) -> #VALUE! | P31: =IFERROR(tblCountries#this row;ppp factor,1) -> #VALUE! | R31: Bulgaria | S31: Europe | U31: Bulgaria | V31: 13597 | W31: =$W$5/V31 -> 3.5586526 | AD31: Denmark
B32: DOP | C32: =1/INDEX($H$6:$H$66,MATCH(tblXrate#this row;currency,$I$6:$I$66,0)) -> #VALUE! | G32: Malaysian Ringgit | H32: 3.15656 | I32: MYR | L32: Hungary | M32: Hungary | N32: =VLOOKUP(tblCountries#this row;mapping,tblContinent#all,2,0) -> #VALUE! | O32: =VLOOKUP(tblCountries#this row;mapping,tblPPP,3,0) -> #VALUE! | P32: =IFERROR(tblCountries#this row;ppp factor,1) -> #VALUE! | R32: Burkina | S32: Africa | U32: Burkina Faso | V32: 1466 | W32: =$W$5/V32 -> 33.006139 | AD32: Dominican Republic
B33: PLN | C33: =1/INDEX($H$6:$H$66,MATCH(tblXrate#this row;currency,$I$6:$I$66,0)) -> #VALUE! | G33: Mauritius Rupee | H33: 30.7159 | I33: MUR | L33: Denmark | M33: Denmark | N33: =VLOOKUP(tblCountries#this row;mapping,tblContinent#all,2,0) -> #VALUE! | O33: =VLOOKUP(tblCountries#this row;mapping,tblPPP,3,0) -> #VALUE! | P33: =IFERROR(tblCountries#this row;ppp factor,1) -> #VALUE! | R33: Burma (Myanmar) | S33: Asia | U33: Burma | V33: 1325 | W33: =$W$5/V33 -> 36.518491 | AD33: Dubai
B34: KENYA | C34: =1/INDEX($H$6:$H$66,MATCH(tblXrate#this row;currency,$I$6:$I$66,0)) -> #VALUE! | G34: Mexican Peso | H34: 13.6899 | I34: MXN | L34: Ireland | M34: Ireland | N34: =VLOOKUP(tblCountries#this row;mapping,tblContinent#all,2,0) -> #VALUE! | O34: =VLOOKUP(tblCountries#this row;mapping,tblPPP,3,0) -> #VALUE! | P34: =IFERROR(tblCountries#this row;ppp factor,1) -> #VALUE! | R34: Burundi | S34: Africa | U34: Burundi | V34: 615 | W34: =$W$5/V34 -> 78.678049 | AD34: Egypt
B35: DKK | C35: =1/INDEX($H$6:$H$66,MATCH(tblXrate#this row;currency,$I$6:$I$66,0)) -> #VALUE! | G35: Nepalese Rupee | H35: 89.65 | I35: NPR | L35: Israel | M35: Israel | N35: =VLOOKUP(tblCountries#this row;mapping,tblContinent#all,2,0) -> #VALUE! | O35: =VLOOKUP(tblCountries#this row;mapping,tblPPP,3,0) -> #VALUE! | P35: =IFERROR(tblCountries#this row;ppp factor,1) -> #VALUE! | R35: Cambodia | S35: Asia | U35: Cambodia | V35: 2216 | W35: =$W$5/V35 -> 21.835289 | AD35: Estonia
B36: IDR | C36: =1/INDEX($H$6:$H$66,MATCH(tblXrate#this row;currency,$I$6:$I$66,0)) -> #VALUE! | G36: New Zealand Dollar | H36: 1.25378 | I36: NZD | L36: France | M36: France | N36: =VLOOKUP(tblCountries#this row;mapping,tblContinent#all,2,0) -> #VALUE! | O36: =VLOOKUP(tblCountries#this row;mapping,tblPPP,3,0) -> #VALUE! | P36: =IFERROR(tblCountries#this row;ppp factor,1) -> #VALUE! | R36: Cameroon | S36: Africa | U36: Cameroon | V36: 2257 | W36: =$W$5/V36 -> 21.438635 | AD36: Ethiopia
B37: MONGOLIAN | C37: =1/INDEX($H$6:$H$66,MATCH(tblXrate#this row;currency,$I$6:$I$66,0)) -> #VALUE! | G37: Norwegian Kroner | H37: 5.90838 | I37: NOK | L37: Colombia | M37: Colombia | N37: =VLOOKUP(tblCountries#this row;mapping,tblContinent#all,2,0) -> #VALUE! | O37: =VLOOKUP(tblCountries#this row;mapping,tblPPP,3,0) -> #VALUE! | P37: =IFERROR(tblCountries#this row;ppp factor,1) -> #VALUE! | R37: Canada | S37: North Amer. | U37: Canada | V37: 40541 | W37: =$W$5/V37 -> 1.1935325 | AD37: Europe
B38: JPY | C38: =1/INDEX($H$6:$H$66,MATCH(tblXrate#this row;currency,$I$6:$I$66,0)) -> #VALUE! | G38: Omani Rial | H38: 0.3845 | I38: OMR | L38: Switzerland | M38: Switzerland | N38: =VLOOKUP(tblCountries#this row;mapping,tblContinent#all,2,0) -> #VALUE! | O38: =VLOOKUP(tblCountries#this row;mapping,tblPPP,3,0) -> #VALUE! | P38: =IFERROR(tblCountries#this row;ppp factor,1) -> #VALUE! | R38: Cape Verde | S38: Africa | U38: Cape Verde | V38: 3947 | W38: =$W$5/V38 -> 12.259184 | AD38: Finland
B39: SAR | C39: =1/INDEX($H$6:$H$66,MATCH(tblXrate#this row;currency,$I$6:$I$66,0)) -> #VALUE! | G39: Pakistan Rupee | H39: 94.2144 | I39: PKR | L39: Sri Lanka | M39: Sri Lanka | N39: =VLOOKUP(tblCountries#this row;mapping,tblContinent#all,2,0) -> #VALUE! | O39: =VLOOKUP(tblCountries#this row;mapping,tblPPP,3,0) -> #VALUE! | P39: =IFERROR(tblCountries#this row;ppp factor,1) -> #VALUE! | R39: Central African Republic | S39: Africa | U39: Central African Republic | V39: 768 | W39: =$W$5/V39 -> 63.003906 | AD39: France
... B44: ETB | C44: =1/INDEX($H$6:$H$66,MATCH(tblXrate#this row;currency,$I$6:$I$66,0)) -> #VALUE! | G44: Saudi Riyal | H44: 3.75 | I44: SAR | L44: iran | M44: iran | N44: =VLOOKUP(tblCountries#this row;mapping,tblContinent#all,2,0) -> #VALUE! | O44: =VLOOKUP(tblCountries#this row;mapping,tblPPP,3,0) -> #VALUE! | P44: =IFERROR(tblCountries#this row;ppp factor,1) -> #VALUE! | R44: Comoros | S44: Africa | U44: Comoros | V44: 1232 | W44: =$W$5/V44 -> 39.275162 | AD44: Hong Kong
G45: Singapore Dollar | H45: 1.26771 | I45: SGD | L45: Qatar | M45: Qatar | N45: =VLOOKUP(tblCountries#this row;mapping,tblContinent#all,2,0) -> #VALUE! | O45: =VLOOKUP(tblCountries#this row;mapping,tblPPP,3,0) -> #VALUE! | P45: =IFERROR(tblCountries#this row;ppp factor,1) -> #VALUE! | R45: Congo | S45: Africa | U45: Congo, Democratic Republic of the | V45: 348 | W45: =$W$5/V45 -> 139.0431 | AD45: Hungary
G46: South African Rand | H46: 8.20198 | I46: ZAR | L46: Nigeria | M46: Nigeria | N46: =VLOOKUP(tblCountries#this row;mapping,tblContinent#all,2,0) -> #VALUE! | O46: =VLOOKUP(tblCountries#this row;mapping,tblPPP,3,0) -> #VALUE! | P46: =IFERROR(tblCountries#this row;ppp factor,1) -> #VALUE! | R46: Congo, Democratic Republic of | S46: Africa | U46: Congo, Republic of the | V46: 4589 | W46: =$W$5/V46 -> 10.544127 | AD46: Iceland
G47: South Korean Won | H47: 1151.09 | I47: KRW | L47: Finland | M47: Finland | N47: =VLOOKUP(tblCountries#this row;mapping,tblContinent#all,2,0) -> #VALUE! | O47: =VLOOKUP(tblCountries#this row;mapping,tblPPP,3,0) -> #VALUE! | P47: =IFERROR(tblCountries#this row;ppp factor,1) -> #VALUE! | R47: Costa Rica | S47: North Amer. | U47: Costa Rica | V47: 11927 | W47: =$W$5/V47 -> 4.0569297 | AD47: India
G48: Sri Lanka Rupee | H48: 132.907 | I48: LKR | L48: Europe | M48: Europe | N48: =VLOOKUP(tblCountries#this row;mapping,tblContinent#all,2,0) -> #VALUE! | O48: =VLOOKUP(tblCountries#this row;mapping,tblPPP,3,0) -> #VALUE! | P48: =IFERROR(tblCountries#this row;ppp factor,1) -> #VALUE! | R48: Croatia | S48: Europe | U48: Côte d'Ivoire | V48: 1590 | W48: =$W$5/V48 -> 30.432075 | AD48: Indonesia
G49: Swedish Krona | H49: 6.96111 | I49: SEK | L49: Japan | M49: Japan | N49: =VLOOKUP(tblCountries#this row;mapping,tblContinent#all,2,0) -> #VALUE! | O49: =VLOOKUP(tblCountries#this row;mapping,tblPPP,3,0) -> #VALUE! | P49: =IFERROR(tblCountries#this row;ppp factor,1) -> #VALUE! | R49: Cuba | S49: North Amer. | U49: Croatia | V49: 18192 | W49: =$W$5/V49 -> 2.6597955 | AD49: Iran
G50: Swiss Franc | H50: 0.945293 | I50: CHF | L50: Brasil | M50: Brazil | N50: =VLOOKUP(tblCountries#this row;mapping,tblContinent#all,2,0) -> #VALUE! | O50: =VLOOKUP(tblCountries#this row;mapping,tblPPP,3,0) -> #VALUE! | P50: =IFERROR(tblCountries#this row;ppp factor,1) -> #VALUE! | R50: Cyprus | S50: Europe | U50: Cyprus | V50: 29074 | W50: =$W$5/V50 -> 1.6642705 | AD50: Ireland
G51: Taiwan Dollar | H51: 29.8594 | I51: TWD | L51: nz | M51: New Zealand | N51: =VLOOKUP(tblCountries#this row;mapping,tblContinent#all,2,0) -> #VALUE! | O51: =VLOOKUP(tblCountries#this row;mapping,tblPPP,3,0) -> #VALUE! | P51: =IFERROR(tblCountries#this row;ppp factor,1) -> #VALUE! | R51: Czech Republic | S51: Europe | U51: Czech Republic | V51: 27062 | W51: =$W$5/V51 -> 1.7880053 | AD51: Israel
G52: Thai Baht | H52: 31.5003 | I52: THB | L52: Greece | M52: Greece | N52: =VLOOKUP(tblCountries#this row;mapping,tblContinent#all,2,0) -> #VALUE! | O52: =VLOOKUP(tblCountries#this row;mapping,tblPPP,3,0) -> #VALUE! | P52: =IFERROR(tblCountries#this row;ppp factor,1) -> #VALUE! | R52: Denmark | S52: Europe | U52: Denmark | V52: 37152 | W52: =$W$5/V52 -> 1.3024063 | AD52: Italy
G53: Trinidad/Tobago Dollar | H53: 6.39122 | I53: TTD | L53: ksa | M53: USA | N53: =VLOOKUP(tblCountries#this row;mapping,tblContinent#all,2,0) -> #VALUE! | O53: =VLOOKUP(tblCountries#this row;mapping,tblPPP,3,0) -> #VALUE! | P53: =IFERROR(tblCountries#this row;ppp factor,1) -> #VALUE! | R53: Djibouti | S53: Africa | U53: Djibouti | V53: 2642 | W53: =$W$5/V53 -> 18.314534 | AD53: Japan
G54: Turkish Lira | H54: 1.79447 | I54: TRY | L54: Panama | M54: Panama | N54: =VLOOKUP(tblCountries#this row;mapping,tblContinent#all,2,0) -> #VALUE! | O54: =VLOOKUP(tblCountries#this row;mapping,tblPPP,3,0) -> #VALUE! | P54: =IFERROR(tblCountries#this row;ppp factor,1) -> #VALUE! | R54: Dominica | S54: North Amer. | U54: Dominica | V54: 13816 | W54: =$W$5/V54 -> 3.5022438 | AD54: Kenya
G55: Venezuelan Bolivar | H55: 4.29402 | I55: VEF | L55: Turkey | M55: Turkey | N55: =VLOOKUP(tblCountries#this row;mapping,tblContinent#all,2,0) -> #VALUE! | O55: =VLOOKUP(tblCountries#this row;mapping,tblPPP,3,0) -> #VALUE! | P55: =IFERROR(tblCountries#this row;ppp factor,1) -> #VALUE! | R55: Dominican Republic | S55: North Amer. | U55: Dominican Republic | V55: 9287 | W55: =$W$5/V55 -> 5.2101863 | AD55: Kuwait
G56: UAE Dirham | H56: 3.67351 | I56: AED | L56: Sweden | M56: Sweden | N56: =VLOOKUP(tblCountries#this row;mapping,tblContinent#all,2,0) -> #VALUE! | O56: =VLOOKUP(tblCountries#this row;mapping,tblPPP,3,0) -> #VALUE! | P56: =IFERROR(tblCountries#this row;ppp factor,1) -> #VALUE! | R56: East Timor | S56: Asia | U56: East Timor | V56: 8701 | W56: =$W$5/V56 -> 5.5610849 | AD56: Kuwait
... G66: Ethiopian Birr | H66: 17.68 | I66: ETB | L66: CEE | M66: CEE | N66: =VLOOKUP(tblCountries#this row;mapping,tblContinent#all,2,0) -> #VALUE! | O66: =VLOOKUP(tblCountries#this row;mapping,tblPPP,3,0) -> #VALUE! | P66: =IFERROR(tblCountries#this row;ppp factor,1) -> #VALUE! | R66: France | S66: Europe | U66: Finland | V66: 36236 | W66: =$W$5/V66 -> 1.3353295 | AD66: Morocco
L67: SouthAfrica | M67: South Africa | N67: =VLOOKUP(tblCountries#this row;mapping,tblContinent#all,2,0) -> #VALUE! | O67: =VLOOKUP(tblCountries#this row;mapping,tblPPP,3,0) -> #VALUE! | P67: =IFERROR(tblCountries#this row;ppp factor,1) -> #VALUE! | R67: Gabon | S67: Africa | U67: France | V67: 35156 | W67: =$W$5/V67 -> 1.3763511 | AD67: mozambique
L68: Central America | M68: Central America | N68: =VLOOKUP(tblCountries#this row;mapping,tblContinent#all,2,0) -> #VALUE! | O68: =VLOOKUP(tblCountries#this row;mapping,tblPPP,3,0) -> #VALUE! | P68: =IFERROR(tblCountries#this row;ppp factor,1) -> #VALUE! | R68: Gambia | S68: Africa | U68: Gabon | V68: 16183 | W68: =$W$5/V68 -> 2.9899895 | AD68: Myanmar
L69: Uruguay | M69: Uruguay | N69: =VLOOKUP(tblCountries#this row;mapping,tblContinent#all,2,0) -> #VALUE! | O69: =VLOOKUP(tblCountries#this row;mapping,tblPPP,3,0) -> #VALUE! | P69: =IFERROR(tblCountries#this row;ppp factor,1) -> #VALUE! | R69: Georgia | S69: Europe | U69: Gambia, The | V69: 1943 | W69: =$W$5/V69 -> 24.903242 | AD69: Netherlands
L70: Kenya | M70: Kenya | N70: =VLOOKUP(tblCountries#this row;mapping,tblContinent#all,2,0) -> #VALUE! | O70: =VLOOKUP(tblCountries#this row;mapping,tblPPP,3,0) -> #VALUE! | P70: =IFERROR(tblCountries#this row;ppp factor,1) -> #VALUE! | R70: Germany | S70: Europe | U70: Georgia | V70: 5491 | W70: =$W$5/V70 -> 8.8120561 | AD70: New Zealand
L71: Republica Dominicana | M71: Dominican Republic | N71: =VLOOKUP(tblCountries#this row;mapping,tblContinent#all,2,0) -> #VALUE! | O71: =VLOOKUP(tblCountries#this row;mapping,tblPPP,3,0) -> #VALUE! | P71: =IFERROR(tblCountries#this row;ppp factor,1) -> #VALUE! | R71: Ghana | S71: Africa | U71: Germany | V71: 37897 | W71: =$W$5/V71 -> 1.2768029 | AD71: Nigeria
L72: Kingdom of Saudi Arabia | M72: Saudi Arabia | N72: =VLOOKUP(tblCountries#this row;mapping,tblContinent#all,2,0) -> #VALUE! | O72: =VLOOKUP(tblCountries#this row;mapping,tblPPP,3,0) -> #VALUE! | P72: =IFERROR(tblCountries#this row;ppp factor,1) -> #VALUE! | R72: Greece | S72: Europe | U72: Ghana | V72: 3083 | W72: =$W$5/V72 -> 15.694778 | AD72: Norway
L73: Slovakia | M73: Slovakia | N73: =VLOOKUP(tblCountries#this row;mapping,tblContinent#all,2,0) -> #VALUE! | O73: =VLOOKUP(tblCountries#this row;mapping,tblPPP,3,0) -> #VALUE! | P73: =IFERROR(tblCountries#this row;ppp factor,1) -> #VALUE! | R73: Grenada | S73: North Amer. | U73: Greece | V73: 26294 | W73: =$W$5/V73 -> 1.8402297 | AD73: Oman
L74: Austria | M74: Austria | N74: =VLOOKUP(tblCountries#this row;mapping,tblContinent#all,2,0) -> #VALUE! | O74: =VLOOKUP(tblCountries#this row;mapping,tblPPP,3,0) -> #VALUE! | P74: =IFERROR(tblCountries#this row;ppp factor,1) -> #VALUE! | R74: Guatemala | S74: North Amer. | U74: Grenada | V74: 13896 | W74: =$W$5/V74 -> 3.4820812 | AD74: Pakistan
L75: Guyana | M75: Guyana | N75: =VLOOKUP(tblCountries#this row;mapping,tblContinent#all,2,0) -> #VALUE! | O75: =VLOOKUP(tblCountries#this row;mapping,tblPPP,3,0) -> #VALUE! | P75: =IFERROR(tblCountries#this row;ppp factor,1) -> #VALUE! | R75: Guinea | S75: Africa | U75: Guatemala | V75: 5070 | W75: =$W$5/V75 -> 9.543787 | AD75: Panama
L76: Azerbaijan | M76: Azerbaijan | N76: =VLOOKUP(tblCountries#this row;mapping,tblContinent#all,2,0) -> #VALUE! | O76: =VLOOKUP(tblCountries#this row;mapping,tblPPP,3,0) -> #VALUE! | P76: =IFERROR(tblCountries#this row;ppp factor,1) -> #VALUE! | R76: Guinea-Bissau | S76: Africa | U76: Guinea | V76: 1083 | W76: =$W$5/V76 -> 44.67867 | AD76: Paraguay
L77: Bulgaria | M77: Bulgaria | N77: =VLOOKUP(tblCountries#this row;mapping,tblContinent#all,2,0) -> #VALUE! | O77: =VLOOKUP(tblCountries#this row;mapping,tblPPP,3,0) -> #VALUE! | P77: =IFERROR(tblCountries#this row;ppp factor,1) -> #VALUE! | R77: Guyana | S77: South Amer. | U77: Guinea-Bissau | V77: 1144 | W77: =$W$5/V77 -> 42.296329 | AD77: Peru
L78: Kuwait | M78: Kuwait | N78: =VLOOKUP(tblCountries#this row;mapping,tblContinent#all,2,0) -> #VALUE! | O78: =VLOOKUP(tblCountries#this row;mapping,tblPPP,3,0) -> #VALUE! | P78: =IFERROR(tblCountries#this row;ppp factor,1) -> #VALUE! | R78: Haiti | S78: North Amer. | U78: Guyana | V78: 7466 | W78: =$W$5/V78 -> 6.4809804 | AD78: Philippines
... L107: Bermuda | M107: Bermuda | N107: =VLOOKUP(tblCountries#this row;mapping,tblContinent#all,2,0) -> #VALUE! | O107: =VLOOKUP(tblCountries#this row;mapping,tblPPP,3,0) -> #VALUE! | P107: =IFERROR(tblCountries#this row;ppp factor,1) -> #VALUE! | R107: Lithuania | S107: Europe | U107: Lithuania | V107: 18856 | W107: =$W$5/V107 -> 2.5661328 | AD107: Zimbabwe
L108: Myanmar [Burma] | M108: Myanmar | N108: =VLOOKUP(tblCountries#this row;mapping,tblContinent#all,2,0) -> #VALUE! | O108: =VLOOKUP(tblCountries#this row;mapping,tblPPP,3,0) -> #VALUE! | P108: =IFERROR(tblCountries#this row;ppp factor,1) -> #VALUE! | R108: Luxembourg | S108: Europe | U108: Luxembourg | V108: 80119 | W108: =$W$5/V108 -> 0.60393914
L109: FR | M109: France | N109: =VLOOKUP(tblCountries#this row;mapping,tblContinent#all,2,0) -> #VALUE! | O109: =VLOOKUP(tblCountries#this row;mapping,tblPPP,3,0) -> #VALUE! | P109: =IFERROR(tblCountries#this row;ppp factor,1) -> #VALUE! | R109: Macedonia | S109: Europe | U109: Macedonia, Republic of | V109: 10367 | W109: =$W$5/V109 -> 4.6674062
L110: MYS | M110: Malaysia | N110: =VLOOKUP(tblCountries#this row;mapping,tblContinent#all,2,0) -> #VALUE! | O110: =VLOOKUP(tblCountries#this row;mapping,tblPPP,3,0) -> #VALUE! | P110: =IFERROR(tblCountries#this row;ppp factor,1) -> #VALUE! | R110: Madagascar | S110: Africa | U110: Madagascar | V110: 934 | W110: =$W$5/V110 -> 51.80621
L111: Bhutan | M111: Bhutan | N111: =VLOOKUP(tblCountries#this row;mapping,tblContinent#all,2,0) -> #VALUE! | O111: =VLOOKUP(tblCountries#this row;mapping,tblPPP,3,0) -> #VALUE! | P111: =IFERROR(tblCountries#this row;ppp factor,1) -> #VALUE! | R111: Malawi | S111: Africa | U111: Malawi | V111: 860 | W111: =$W$5/V111 -> 56.263953
L112: Baltic | M112: Baltic | N112: =VLOOKUP(tblCountries#this row;mapping,tblContinent#all,2,0) -> #VALUE! | O112: =VLOOKUP(tblCountries#this row;mapping,tblPPP,3,0) -> #VALUE! | P112: =IFERROR(tblCountries#this row;ppp factor,1) -> #VALUE! | R112: Malaysia | S112: Asia | U112: Malaysia | V112: 15568 | W112: =$W$5/V112 -> 3.1081064
L113: Slovenia | M113: Slovenia | N113: =VLOOKUP(tblCountries#this row;mapping,tblContinent#all,2,0) -> #VALUE! | O113: =VLOOKUP(tblCountries#this row;mapping,tblPPP,3,0) -> #VALUE! | P113: =IFERROR(tblCountries#this row;ppp factor,1) -> #VALUE! | R113: Maldives | S113: Asia | U113: Maldives | V113: 8731 | W113: =$W$5/V113 -> 5.5419769
L114: New Zealand | M114: New Zealand | N114: =VLOOKUP(tblCountries#this row;mapping,tblContinent#all,2,0) -> #VALUE! | O114: =VLOOKUP(tblCountries#this row;mapping,tblPPP,3,0) -> #VALUE! | P114: =IFERROR(tblCountries#this row;ppp factor,1) -> #VALUE! | R114: Mali | S114: Africa | U114: Mali | V114: 1128 | W114: =$W$5/V114 -> 42.896277
L115: Bolivia | M115: Bolivia | N115: =VLOOKUP(tblCountries#this row;mapping,tblContinent#all,2,0) -> #VALUE! | O115: =VLOOKUP(tblCountries#this row;mapping,tblPPP,3,0) -> #VALUE! | P115: =IFERROR(tblCountries#this row;ppp factor,1) -> #VALUE! | R115: Malta | S115: Europe | U115: Malta | V115: 25428 | W115: =$W$5/V115 -> 1.9029023
L116: Czech Republic | M116: Czech Republic | N116: =VLOOKUP(tblCountries#this row;mapping,tblContinent#all,2,0) -> #VALUE! | O116: =VLOOKUP(tblCountries#this row;mapping,tblPPP,3,0) -> #VALUE! | P116: =IFERROR(tblCountries#this row;ppp factor,1) -> #VALUE! | R116: Marshall Islands | S116: Oceania | U116: Mauritania | V116: 2179 | W116: =$W$5/V116 -> 22.206058
L117: Ghana | M117: Ghana | N117: =VLOOKUP(tblCountries#this row;mapping,tblContinent#all,2,0) -> #VALUE! | O117: =VLOOKUP(tblCountries#this row;mapping,tblPPP,3,0) -> #VALUE! | P117: =IFERROR(tblCountries#this row;ppp factor,1) -> #VALUE! | R117: Mauritania | S117: Africa | U117: Mauritius | V117: 14954 | W117: =$W$5/V117 -> 3.2357229
L118: bangkok | M118: Thailand | N118: =VLOOKUP(tblCountries#this row;mapping,tblContinent#all,2,0) -> #VALUE! | O118: =VLOOKUP(tblCountries#this row;mapping,tblPPP,3,0) -> #VALUE! | P118: =IFERROR(tblCountries#this row;ppp factor,1) -> #VALUE! | R118: Mauritius | S118: Africa | U118: Mexico | V118: 14610 | W118: =$W$5/V118 -> 3.3119097
L119: srilanka | M119: Sri Lanka | N119: =VLOOKUP(tblCountries#this row;mapping,tblContinent#all,2,0) -> #VALUE! | O119: =VLOOKUP(tblCountries#this row;mapping,tblPPP,3,0) -> #VALUE! | P119: =IFERROR(tblCountries#this row;ppp factor,1) -> #VALUE! | R119: Mexico | S119: North Amer. | U119: Moldova | V119: 3373 | W119: =$W$5/V119 -> 14.34539
... L139: Lesotho | M139: Lesotho | N139: =VLOOKUP(tblCountries#this row;mapping,tblContinent#all,2,0) -> #VALUE! | O139: =VLOOKUP(tblCountries#this row;mapping,tblPPP,3,0) -> #VALUE! | P139: =IFERROR(tblCountries#this row;ppp factor,1) -> #VALUE! | R139: Panama | S139: North Amer. | U139: Poland | V139: 20334 | W139: =$W$5/V139 -> 2.3796105
R140: Papua New Guinea | S140: Oceania | U140: Portugal | V140: 23361 | W140: =$W$5/V140 -> 2.0712726
R141: Paraguay | S141: South Amer. | U141: Qatar | V141: 102943 | W141: =$W$5/V141 -> 0.47003682
R142: Peru | S142: South Amer. | U142: Romania | V142: 12476 | W142: =$W$5/V142 -> 3.8784065
R143: Philippines | S143: Asia | U143: Russia | V143: 16736 | W143: =$W$5/V143 -> 2.8911926
R144: Poland | S144: Europe | U144: Rwanda | V144: 1341 | W144: =$W$5/V144 -> 36.082774
R145: Portugal | S145: Europe | U145: Saint Kitts and Nevis | V145: 15573 | W145: =$W$5/V145 -> 3.1071085
R146: Qatar | S146: Asia | U146: Saint Lucia | V146: 12607 | W146: =$W$5/V146 -> 3.8381058
R147: Romania | S147: Europe | U147: Saint Vincent and the Grenadines | V147: 11491 | W147: =$W$5/V147 -> 4.2108607
R148: Russia | S148: Asia | U148: Samoa | V148: 5965 | W148: =$W$5/V148 -> 8.1118189
R149: Rwanda | S149: Africa | U149: São Tomé and Príncipe | V149: 2252 | W149: =$W$5/V149 -> 21.486234
R150: Saint Kitts and Nevis | S150: North Amer. | U150: Saudi Arabia | V150: 24237 | W150: =$W$5/V150 -> 1.9964104
R151: Saint Lucia | S151: North Amer. | U151: Senegal | V151: 1871 | W151: =$W$5/V151 -> 25.861571
... R192: USA | S192: North Amer. | U192: Zimbabwe | V192: 487 | W192: =$W$5/V192 -> 99.35729
R193: Bermuda | S193: South Amer.
R194: Dubai | S194: Asia
R195: UAE | S195: Asia
R196: Arabian Gulf | S196: Asia
R197: Europe | S197: Europe
R198: Asia | S198: Asia
R199: Latin America | S199: South Amer.
R200: Zimbabwe | S200: Africa
...

Sheet Data
B1: Excel Salary Survey Data | G1: 12 | P1: PPP ? | Q1: =FALSE() -> 0
B3: Note: Experience data is not available for first few hundred rows. | N3: Added data >>>>>
B5: Unique ID | C5: Timestamp | D5: Your Salary | E5: clean Salary (in local currency) | F5: Currency | G5: Salary in USD | H5: Your Job Title | I5: Job Type | J5: Where do you work | K5: clean Country | L5: How many hours of a day you work on Excel | M5: Years of Experience | N5: Continent | O5: Code Hours | P5: PPP Factor | Q5: Salary
B6: ID0001 | C6: 41054.133 | D6: 5846 | E6: 5846 | F6: USD | G6: =tblSalaries#this row;clean salary (in local currency)*VLOOKUP(tblSalaries#this row;currency,tblXrate,2,0) -> #VALUE! | H6: MIS Analyst | I6: Analyst | J6: India | K6: =VLOOKUP(tblSalaries#this row;where do you work,tblCountriesactual:mapping,2,0) -> #VALUE! | L6: 4 to 6 hours a day | N6: =VLOOKUP(K6,tblCountries,3,0) -> #VALUE! | O6: =VLOOKUP(tblSalaries#this row;how many hours of a day you work on excel,tblHours,2,0) -> #VALUE! | P6: =VLOOKUP(tblSalaries#this row;clean country,tblCountries,5,0) -> #VALUE! | Q6: =IF($Q$1,tblSalaries#this row;ppp factor*tblSalaries#this row;salary in usd,tblSalaries#this row;salary in usd) -> #VALUE!
B7: ID0002 | C7: 41054.134 | D7: 15000 usd | E7: 15000 | F7: USD | G7: =tblSalaries#this row;clean salary (in local currency)*VLOOKUP(tblSalaries#this row;currency,tblXrate,2,0) -> #VALUE! | H7: cost control | I7: Controller | J7: europe/Croatia | K7: =VLOOKUP(tblSalaries#this row;where do you work,tblCountriesactual:mapping,2,0) -> #VALUE! | L7: All the 8 hours baby, all the 8! | N7: =VLOOKUP(K7,tblCountries,3,0) -> #VALUE! | O7: =VLOOKUP(tblSalaries#this row;how many hours of a day you work on excel,tblHours,2,0) -> #VALUE! | P7: =VLOOKUP(tblSalaries#this row;clean country,tblCountries,5,0) -> #VALUE! | Q7: =IF($Q$1,tblSalaries#this row;ppp factor*tblSalaries#this row;salary in usd,tblSalaries#this row;salary in usd) -> #VALUE!
B8: ID0003 | C8: 41054.136 | D8: 58000 | E8: 58000 | F8: USD | G8: =tblSalaries#this row;clean salary (in local currency)*VLOOKUP(tblSalaries#this row;currency,tblXrate,2,0) -> #VALUE! | H8: Financial Analyst | I8: Analyst | J8: USA | K8: =VLOOKUP(tblSalaries#this row;where do you work,tblCountriesactual:mapping,2,0) -> #VALUE! | L8: All the 8 hours baby, all the 8! | N8: =VLOOKUP(K8,tblCountries,3,0) -> #VALUE! | O8: =VLOOKUP(tblSalaries#this row;how many hours of a day you work on excel,tblHours,2,0) -> #VALUE! | P8: =VLOOKUP(tblSalaries#this row;clean country,tblCountries,5,0) -> #VALUE! | Q8: =IF($Q$1,tblSalaries#this row;ppp factor*tblSalaries#this row;salary in usd,tblSalaries#this row;salary in usd) -> #VALUE!
B9: ID0004 | C9: 41054.141 | D9: 48000 | E9: 48000 | F9: USD | G9: =tblSalaries#this row;clean salary (in local currency)*VLOOKUP(tblSalaries#this row;currency,tblXrate,2,0) -> #VALUE! | H9: Quality Control | I9: Controller | J9: Pakistan | K9: =VLOOKUP(tblSalaries#this row;where do you work,tblCountriesactual:mapping,2,0) -> #VALUE! | L9: 2 to 3 hours per day | N9: =VLOOKUP(K9,tblCountries,3,0) -> #VALUE! | O9: =VLOOKUP(tblSalaries#this row;how many hours of a day you work on excel,tblHours,2,0) -> #VALUE! | P9: =VLOOKUP(tblSalaries#this row;clean country,tblCountries,5,0) -> #VALUE! | Q9: =IF($Q$1,tblSalaries#this row;ppp factor*tblSalaries#this row;salary in usd,tblSalaries#this row;salary in usd) -> #VALUE!
B10: ID0005 | C10: 41054.144 | D10: 54000 | E10: 54000 | F10: USD | G10: =tblSalaries#this row;clean salary (in local currency)*VLOOKUP(tblSalaries#this row;currency,tblXrate,2,0) -> #VALUE! | H10: Quality Engineer | I10: Engineer | J10: USA | K10: =VLOOKUP(tblSalaries#this row;where do you work,tblCountriesactual:mapping,2,0) -> #VALUE! | L10: All the 8 hours baby, all the 8! | N10: =VLOOKUP(K10,tblCountries,3,0) -> #VALUE! | O10: =VLOOKUP(tblSalaries#this row;how many hours of a day you work on excel,tblHours,2,0) -> #VALUE! | P10: =VLOOKUP(tblSalaries#this row;clean country,tblCountries,5,0) -> #VALUE! | Q10: =IF($Q$1,tblSalaries#this row;ppp factor*tblSalaries#this row;salary in usd,tblSalaries#this row;salary in usd) -> #VALUE!
B11: ID0006 | C11: 41054.145 | D11: 41731 | E11: 41731 | F11: USD | G11: =tblSalaries#this row;clean salary (in local currency)*VLOOKUP(tblSalaries#this row;currency,tblXrate,2,0) -> #VALUE! | H11: Analyst | I11: Analyst | J11: Iceland | K11: =VLOOKUP(tblSalaries#this row;where do you work,tblCountriesactual:mapping,2,0) -> #VALUE! | L11: All the 8 hours baby, all the 8! | N11: =VLOOKUP(K11,tblCountries,3,0) -> #VALUE! | O11: =VLOOKUP(tblSalaries#this row;how many hours of a day you work on excel,tblHours,2,0) -> #VALUE! | P11: =VLOOKUP(tblSalaries#this row;clean country,tblCountries,5,0) -> #VALUE! | Q11: =IF($Q$1,tblSalaries#this row;ppp factor*tblSalaries#this row;salary in usd,tblSalaries#this row;salary in usd) -> #VALUE!
B12: ID0007 | C12: 41054.149 | D12: 145000 | E12: 145000 | F12: EUR | G12: =tblSalaries#this row;clean salary (in local currency)*VLOOKUP(tblSalaries#this row;currency,tblXrate,2,0) -> #VALUE! | H12: senior project manager | I12: Manager | J12: Germany | K12: =VLOOKUP(tblSalaries#this row;where do you work,tblCountriesactual:mapping,2,0) -> #VALUE! | L12: 1 or 2 hours a day | N12: =VLOOKUP(K12,tblCountries,3,0) -> #VALUE! | O12: =VLOOKUP(tblSalaries#this row;how many hours of a day you work on excel,tblHours,2,0) -> #VALUE! | P12: =VLOOKUP(tblSalaries#this row;clean country,tblCountries,5,0) -> #VALUE! | Q12: =IF($Q$1,tblSalaries#this row;ppp factor*tblSalaries#this row;salary in usd,tblSalaries#this row;salary in usd) -> #VALUE!
B13: ID0008 | C13: 41054.15 | D13: 12000 | E13: 12000 | F13: USD | G13: =tblSalaries#this row;clean salary (in local currency)*VLOOKUP(tblSalaries#this row;currency,tblXrate,2,0) -> #VALUE! | H13: Assistant SP&A | I13: Analyst | J13: Ukraine | K13: =VLOOKUP(tblSalaries#this row;where do you work,tblCountriesactual:mapping,2,0) -> #VALUE! | L13: All the 8 hours baby, all the 8! | N13: =VLOOKUP(K13,tblCountries,3,0) -> #VALUE! | O13: =VLOOKUP(tblSalaries#this row;how many hours of a day you work on excel,tblHours,2,0) -> #VALUE! | P13: =VLOOKUP(tblSalaries#this row;clean country,tblCountries,5,0) -> #VALUE! | Q13: =IF($Q$1,tblSalaries#this row;ppp factor*tblSalaries#this row;salary in usd,tblSalaries#this row;salary in usd) -> #VALUE!
B14: ID0009 | C14: 41054.151 | D14: 44000 $ | E14: 44000 | F14: USD | G14: =tblSalaries#this row;clean salary (in local currency)*VLOOKUP(tblSalaries#this row;currency,tblXrate,2,0) -> #VALUE! | H14: CFO | I14: CXO or Top Mgmt. | J14: Portugal | K14: =VLOOKUP(tblSalaries#this row;where do you work,tblCountriesactual:mapping,2,0) -> #VALUE! | L14: 1 or 2 hours a day | N14: =VLOOKUP(K14,tblCountries,3,0) -> #VALUE! | O14: =VLOOKUP(tblSalaries#this row;how many hours of a day you work on excel,tblHours,2,0) -> #VALUE! | P14: =VLOOKUP(tblSalaries#this row;clean country,tblCountries,5,0) -> #VALUE! | Q14: =IF($Q$1,tblSalaries#this row;ppp factor*tblSalaries#this row;salary in usd,tblSalaries#this row;salary in usd) -> #VALUE!
B15: ID0010 | C15: 41054.152 | D15: PKR 8,000 | E15: 1152000 | F15: PKR | G15: =tblSalaries#this row;clean salary (in local currency)*VLOOKUP(tblSalaries#this row;currency,tblXrate,2,0) -> #VALUE! | H15: Audit Trainee | I15: Accountant | J15: Pakistan | K15: =VLOOKUP(tblSalaries#this row;where do you work,tblCountriesactual:mapping,2,0) -> #VALUE! | L15: All the 8 hours baby, all the 8! | N15: =VLOOKUP(K15,tblCountries,3,0) -> #VALUE! | O15: =VLOOKUP(tblSalaries#this row;how many hours of a day you work on excel,tblHours,2,0) -> #VALUE! | P15: =VLOOKUP(tblSalaries#this row;clean country,tblCountries,5,0) -> #VALUE! | Q15: =IF($Q$1,tblSalaries#this row;ppp factor*tblSalaries#this row;salary in usd,tblSalaries#this row;salary in usd) -> #VALUE!
B16: ID0011 | C16: 41054.155 | D16: â‚¬ 51650 | E16: 51650 | F16: EUR | G16: =tblSalaries#this row;clean salary (in local currency)*VLOOKUP(tblSalaries#this row;currency,tblXrate,2,0) -> #VALUE! | H16: Training Specialist | I16: Specialist | J16: Ireland | K16: =VLOOKUP(tblSalaries#this row;where do you work,tblCountriesactual:mapping,2,0) -> #VALUE! | L16: 2 to 3 hours per day | N16: =VLOOKUP(K16,tblCountries,3,0) -> #VALUE! | O16: =VLOOKUP(tblSalaries#this row;how many hours of a day you work on excel,tblHours,2,0) -> #VALUE! | P16: =VLOOKUP(tblSalaries#this row;clean country,tblCountries,5,0) -> #VALUE! | Q16: =IF($Q$1,tblSalaries#this row;ppp factor*tblSalaries#this row;salary in usd,tblSalaries#this row;salary in usd) -> #VALUE!
B17: ID0012 | C17: 41054.156 | D17: 14000 | E17: 14000 | F17: USD | G17: =tblSalaries#this row;clean salary (in local currency)*VLOOKUP(tblSalaries#this row;currency,tblXrate,2,0) -> #VALUE! | H17: quality engineer | I17: Engineer | J17: Hungary | K17: =VLOOKUP(tblSalaries#this row;where do you work,tblCountriesactual:mapping,2,0) -> #VALUE! | L17: 4 to 6 hours a day | N17: =VLOOKUP(K17,tblCountries,3,0) -> #VALUE! | O17: =VLOOKUP(tblSalaries#this row;how many hours of a day you work on excel,tblHours,2,0) -> #VALUE! | P17: =VLOOKUP(tblSalaries#this row;clean country,tblCountries,5,0) -> #VALUE! | Q17: =IF($Q$1,tblSalaries#this row;ppp factor*tblSalaries#this row;salary in usd,tblSalaries#this row;salary in usd) -> #VALUE!
B18: ID0013 | C18: 41054.159 | D18: 749000 INR | E18: 749000 | F18: INR | G18: =tblSalaries#this row;clean salary (in local currency)*VLOOKUP(tblSalaries#this row;currency,tblXrate,2,0) -> #VALUE! | H18: Senion Analyst | I18: Analyst | J18: India | K18: =VLOOKUP(tblSalaries#this row;where do you work,tblCountriesactual:mapping,2,0) -> #VALUE! | L18: All the 8 hours baby, all the 8! | N18: =VLOOKUP(K18,tblCountries,3,0) -> #VALUE! | O18: =VLOOKUP(tblSalaries#this row;how many hours of a day you work on excel,tblHours,2,0) -> #VALUE! | P18: =VLOOKUP(tblSalaries#this row;clean country,tblCountries,5,0) -> #VALUE! | Q18: =IF($Q$1,tblSalaries#this row;ppp factor*tblSalaries#this row;salary in usd,tblSalaries#this row;salary in usd) -> #VALUE!
B19: ID0014 | C19: 41054.16 | D19: 49000 | E19: 49000 | F19: USD | G19: =tblSalaries#this row;clean salary (in local currency)*VLOOKUP(tblSalaries#this row;currency,tblXrate,2,0) -> #VALUE! | H19: business analyst | I19: Analyst | J19: USA | K19: =VLOOKUP(tblSalaries#this row;where do you work,tblCountriesactual:mapping,2,0) -> #VALUE! | L19: All the 8 hours baby, all the 8! | N19: =VLOOKUP(K19,tblCountries,3,0) -> #VALUE! | O19: =VLOOKUP(tblSalaries#this row;how many hours of a day you work on excel,tblHours,2,0) -> #VALUE! | P19: =VLOOKUP(tblSalaries#this row;clean country,tblCountries,5,0) -> #VALUE! | Q19: =IF($Q$1,tblSalaries#this row;ppp factor*tblSalaries#this row;salary in usd,tblSalaries#this row;salary in usd) -> #VALUE!
B20: ID0015 | C20: 41054.162 | D20: 85000 | E20: 85000 | F20: USD | G20: =tblSalaries#this row;clean salary (in local currency)*VLOOKUP(tblSalaries#this row;currency,tblXrate,2,0) -> #VALUE! | H20: Project Engineer | I20: Engineer | J20: USA | K20: =VLOOKUP(tblSalaries#this row;where do you work,tblCountriesactual:mapping,2,0) -> #VALUE! | L20: 1 or 2 hours a day | N20: =VLOOKUP(K20,tblCountries,3,0) -> #VALUE! | O20: =VLOOKUP(tblSalaries#this row;how many hours of a day you work on excel,tblHours,2,0) -> #VALUE! | P20: =VLOOKUP(tblSalaries#this row;clean country,tblCountries,5,0) -> #VALUE! | Q20: =IF($Q$1,tblSalaries#this row;ppp factor*tblSalaries#this row;salary in usd,tblSalaries#this row;salary in usd) -> #VALUE!
B21: ID0016 | C21: 41054.164 | D21: 75000 | E21: 75000 | F21: USD | G21: =tblSalaries#this row;clean salary (in local currency)*VLOOKUP(tblSalaries#this row;currency,tblXrate,2,0) -> #VALUE! | H21: Sr Project Engineer | I21: Engineer | J21: USA | K21: =VLOOKUP(tblSalaries#this row;where do you work,tblCountriesactual:mapping,2,0) -> #VALUE! | L21: All the 8 hours baby, all the 8! | N21: =VLOOKUP(K21,tblCountries,3,0) -> #VALUE! | O21: =VLOOKUP(tblSalaries#this row;how many hours of a day you work on excel,tblHours,2,0) -> #VALUE! | P21: =VLOOKUP(tblSalaries#this row;clean country,tblCountries,5,0) -> #VALUE! | Q21: =IF($Q$1,tblSalaries#this row;ppp factor*tblSalaries#this row;salary in usd,tblSalaries#this row;salary in usd) -> #VALUE!
B22: ID0017 | C22: 41054.174 | D22: 107000 | E22: 107000 | F22: USD | G22: =tblSalaries#this row;clean salary (in local currency)*VLOOKUP(tblSalaries#this row;currency,tblXrate,2,0) -> #VALUE! | H22: Business Development | I22: Manager | J22: Switzerland | K22: =VLOOKUP(tblSalaries#this row;where do you work,tblCountriesactual:mapping,2,0) -> #VALUE! | L22: 4 to 6 hours a day | N22: =VLOOKUP(K22,tblCountries,3,0) -> #VALUE! | O22: =VLOOKUP(tblSalaries#this row;how many hours of a day you work on excel,tblHours,2,0) -> #VALUE! | P22: =VLOOKUP(tblSalaries#this row;clean country,tblCountries,5,0) -> #VALUE! | Q22: =IF($Q$1,tblSalaries#this row;ppp factor*tblSalaries#this row;salary in usd,tblSalaries#this row;salary in usd) -> #VALUE!
B23: ID0018 | C23: 41054.174 | D23: 45000 | E23: 45000 | F23: USD | G23: =tblSalaries#this row;clean salary (in local currency)*VLOOKUP(tblSalaries#this row;currency,tblXrate,2,0) -> #VALUE! | H23: Excel Report Writer | I23: Reporting | J23: South Africa | K23: =VLOOKUP(tblSalaries#this row;where do you work,tblCountriesactual:mapping,2,0) -> #VALUE! | L23: All the 8 hours baby, all the 8! | N23: =VLOOKUP(K23,tblCountries,3,0) -> #VALUE! | O23: =VLOOKUP(tblSalaries#this row;how many hours of a day you work on excel,tblHours,2,0) -> #VALUE! | P23: =VLOOKUP(tblSalaries#this row;clean country,tblCountries,5,0) -> #VALUE! | Q23: =IF($Q$1,tblSalaries#this row;ppp factor*tblSalaries#this row;salary in usd,tblSalaries#this row;salary in usd) -> #VALUE!
B24: ID0019 | C24: 41054.178 | D24: 550000 | E24: 550000 | F24: INR | G24: =tblSalaries#this row;clean salary (in local currency)*VLOOKUP(tblSalaries#this row;currency,tblXrate,2,0) -> #VALUE! | H24: AGM | I24: Manager | J24: India | K24: =VLOOKUP(tblSalaries#this row;where do you work,tblCountriesactual:mapping,2,0) -> #VALUE! | L24: 2 to 3 hours per day | N24: =VLOOKUP(K24,tblCountries,3,0) -> #VALUE! | O24: =VLOOKUP(tblSalaries#this row;how many hours of a day you work on excel,tblHours,2,0) -> #VALUE! | P24: =VLOOKUP(tblSalaries#this row;clean country,tblCountries,5,0) -> #VALUE! | Q24: =IF($Q$1,tblSalaries#this row;ppp factor*tblSalaries#this row;salary in usd,tblSalaries#this row;salary in usd) -> #VALUE!
B25: ID0020 | C25: 41054.18 | D25: 50000 | E25: 50000 | F25: USD | G25: =tblSalaries#this row;clean salary (in local currency)*VLOOKUP(tblSalaries#this row;currency,tblXrate,2,0) -> #VALUE! | H25: GM | I25: Manager | J25: India | K25: =VLOOKUP(tblSalaries#this row;where do you work,tblCountriesactual:mapping,2,0) -> #VALUE! | L25: 1 or 2 hours a day | N25: =VLOOKUP(K25,tblCountries,3,0) -> #VALUE! | O25: =VLOOKUP(tblSalaries#this row;how many hours of a day you work on excel,tblHours,2,0) -> #VALUE! | P25: =VLOOKUP(tblSalaries#this row;clean country,tblCountries,5,0) -> #VALUE! | Q25: =IF($Q$1,tblSalaries#this row;ppp factor*tblSalaries#this row;salary in usd,tblSalaries#this row;salary in usd) -> #VALUE!
B26: ID0021 | C26: 41054.183 | D26: 13500 | E26: 13500 | F26: USD | G26: =tblSalaries#this row;clean salary (in local currency)*VLOOKUP(tblSalaries#this row;currency,tblXrate,2,0) -> #VALUE! | H26: DSE Co-ordinator | I26: Manager | J26: India | K26: =VLOOKUP(tblSalaries#this row;where do you work,tblCountriesactual:mapping,2,0) -> #VALUE! | L26: 4 to 6 hours a day | N26: =VLOOKUP(K26,tblCountries,3,0) -> #VALUE! | O26: =VLOOKUP(tblSalaries#this row;how many hours of a day you work on excel,tblHours,2,0) -> #VALUE! | P26: =VLOOKUP(tblSalaries#this row;clean country,tblCountries,5,0) -> #VALUE! | Q26: =IF($Q$1,tblSalaries#this row;ppp factor*tblSalaries#this row;salary in usd,tblSalaries#this row;salary in usd) -> #VALUE!
B27: ID0022 | C27: 41054.183 | D27: 96000 | E27: 96000 | F27: USD | G27: =tblSalaries#this row;clean salary (in local currency)*VLOOKUP(tblSalaries#this row;currency,tblXrate,2,0) -> #VALUE! | H27: Analyst | I27: Analyst | J27: USA | K27: =VLOOKUP(tblSalaries#this row;where do you work,tblCountriesactual:mapping,2,0) -> #VALUE! | L27: 2 to 3 hours per day | N27: =VLOOKUP(K27,tblCountries,3,0) -> #VALUE! | O27: =VLOOKUP(tblSalaries#this row;how many hours of a day you work on excel,tblHours,2,0) -> #VALUE! | P27: =VLOOKUP(tblSalaries#this row;clean country,tblCountries,5,0) -> #VALUE! | Q27: =IF($Q$1,tblSalaries#this row;ppp factor*tblSalaries#this row;salary in usd,tblSalaries#this row;salary in usd) -> #VALUE!
B28: ID0023 | C28: 41054.189 | D28: 1000000 | E28: 1000000 | F28: INR | G28: =tblSalaries#this row;clean salary (in local currency)*VLOOKUP(tblSalaries#this row;currency,tblXrate,2,0) -> #VALUE! | H28: Manager | I28: Manager | J28: India | K28: =VLOOKUP(tblSalaries#this row;where do you work,tblCountriesactual:mapping,2,0) -> #VALUE! | L28: 4 to 6 hours a day | N28: =VLOOKUP(K28,tblCountries,3,0) -> #VALUE! | O28: =VLOOKUP(tblSalaries#this row;how many hours of a day you work on excel,tblHours,2,0) -> #VALUE! | P28: =VLOOKUP(tblSalaries#this row;clean country,tblCountries,5,0) -> #VALUE! | Q28: =IF($Q$1,tblSalaries#this row;ppp factor*tblSalaries#this row;salary in usd,tblSalaries#this row;salary in usd) -> #VALUE!
B29: ID0024 | C29: 41054.189 | D29: 75000 | E29: 75000 | F29: USD | G29: =tblSalaries#this row;clean salary (in local currency)*VLOOKUP(tblSalaries#this row;currency,tblXrate,2,0) -> #VALUE! | H29: Marketing Director | I29: CXO or Top Mgmt. | J29: USA | K29: =VLOOKUP(tblSalaries#this row;where do you work,tblCountriesactual:mapping,2,0) -> #VALUE! | L29: 4 to 6 hours a day | N29: =VLOOKUP(K29,tblCountries,3,0) -> #VALUE! | O29: =VLOOKUP(tblSalaries#this row;how many hours of a day you work on excel,tblHours,2,0) -> #VALUE! | P29: =VLOOKUP(tblSalaries#this row;clean country,tblCountries,5,0) -> #VALUE! | Q29: =IF($Q$1,tblSalaries#this row;ppp factor*tblSalaries#this row;salary in usd,tblSalaries#this row;salary in usd) -> #VALUE!
B30: ID0025 | C30: 41054.197 | D30: 40000 us | E30: 40000 | F30: USD | G30: =tblSalaries#this row;clean salary (in local currency)*VLOOKUP(tblSalaries#this row;currency,tblXrate,2,0) -> #VALUE! | H30: sales and marketing | I30: Manager | J30: USA | K30: =VLOOKUP(tblSalaries#this row;where do you work,tblCountriesactual:mapping,2,0) -> #VALUE! | L30: 2 to 3 hours per day | N30: =VLOOKUP(K30,tblCountries,3,0) -> #VALUE! | O30: =VLOOKUP(tblSalaries#this row;how many hours of a day you work on excel,tblHours,2,0) -> #VALUE! | P30: =VLOOKUP(tblSalaries#this row;clean country,tblCountries,5,0) -> #VALUE! | Q30: =IF($Q$1,tblSalaries#this row;ppp factor*tblSalaries#this row;salary in usd,tblSalaries#this row;salary in usd) -> #VALUE!
B31: ID0026 | C31: 41054.198 | D31: 60000 | E31: 60000 | F31: USD | G31: =tblSalaries#this row;clean salary (in local currency)*VLOOKUP(tblSalaries#this row;currency,tblXrate,2,0) -> #VALUE! | H31: Analyst II | I31: Analyst | J31: USA | K31: =VLOOKUP(tblSalaries#this row;where do you work,tblCountriesactual:mapping,2,0) -> #VALUE! | L31: All the 8 hours baby, all the 8! | N31: =VLOOKUP(K31,tblCountries,3,0) -> #VALUE! | O31: =VLOOKUP(tblSalaries#this row;how many hours of a day you work on excel,tblHours,2,0) -> #VALUE! | P31: =VLOOKUP(tblSalaries#this row;clean country,tblCountries,5,0) -> #VALUE! | Q31: =IF($Q$1,tblSalaries#this row;ppp factor*tblSalaries#this row;salary in usd,tblSalaries#this row;salary in usd) -> #VALUE!
B32: ID0028 | C32: 41054.2 | D32: 2700 | E32: 32400 | F32: EUR | G32: =tblSalaries#this row;clean salary (in local currency)*VLOOKUP(tblSalaries#this row;currency,tblXrate,2,0) -> #VALUE! | H32: Project Leader | I32: Manager | J32: Belgium | K32: =VLOOKUP(tblSalaries#this row;where do you work,tblCountriesactual:mapping,2,0) -> #VALUE! | L32: 4 to 6 hours a day | N32: =VLOOKUP(K32,tblCountries,3,0) -> #VALUE! | O32: =VLOOKUP(tblSalaries#this row;how many hours of a day you work on excel,tblHours,2,0) -> #VALUE! | P32: =VLOOKUP(tblSalaries#this row;clean country,tblCountries,5,0) -> #VALUE! | Q32: =IF($Q$1,tblSalaries#this row;ppp factor*tblSalaries#this row;salary in usd,tblSalaries#this row;salary in usd) -> #VALUE!
B33: ID0029 | C33: 41054.203 | D33: 900000 INR | E33: 900000 | F33: INR | G33: =tblSalaries#this row;clean salary (in local currency)*VLOOKUP(tblSalaries#this row;currency,tblXrate,2,0) -> #VALUE! | H33: Applications Engineer | I33: Engineer | J33: India | K33: =VLOOKUP(tblSalaries#this row;where do you work,tblCountriesactual:mapping,2,0) -> #VALUE! | L33: 1 or 2 hours a day | N33: =VLOOKUP(K33,tblCountries,3,0) -> #VALUE! | O33: =VLOOKUP(tblSalaries#this row;how many hours of a day you work on excel,tblHours,2,0) -> #VALUE! | P33: =VLOOKUP(tblSalaries#this row;clean country,tblCountries,5,0) -> #VALUE! | Q33: =IF($Q$1,tblSalaries#this row;ppp factor*tblSalaries#this row;salary in usd,tblSalaries#this row;salary in usd) -> #VALUE!
B34: ID0030 | C34: 41054.205 | D34: Rs 600000 | E34: 600000 | F34: INR | G34: =tblSalaries#this row;clean salary (in local currency)*VLOOKUP(tblSalaries#this row;currency,tblXrate,2,0) -> #VALUE! | H34: strategy manager | I34: Manager | J34: India | K34: =VLOOKUP(tblSalaries#this row;where do you work,tblCountriesactual:mapping,2,0) -> #VALUE! | L34: 4 to 6 hours a day | N34: =VLOOKUP(K34,tblCountries,3,0) -> #VALUE! | O34: =VLOOKUP(tblSalaries#this row;how many hours of a day you work on excel,tblHours,2,0) -> #VALUE! | P34: =VLOOKUP(tblSalaries#this row;clean country,tblCountries,5,0) -> #VALUE! | Q34: =IF($Q$1,tblSalaries#this row;ppp factor*tblSalaries#this row;salary in usd,tblSalaries#this row;salary in usd) -> #VALUE!
B35: ID0031 | C35: 41054.205 | D35: 41000 | E35: 41000 | F35: USD | G35: =tblSalaries#this row;clean salary (in local currency)*VLOOKUP(tblSalaries#this row;currency,tblXrate,2,0) -> #VALUE! | H35: Chief of the department of public budget analisis and forecasting | I35: Manager | J35: Russia | K35: =VLOOKUP(tblSalaries#this row;where do you work,tblCountriesactual:mapping,2,0) -> #VALUE! | L35: All the 8 hours baby, all the 8! | N35: =VLOOKUP(K35,tblCountries,3,0) -> #VALUE! | O35: =VLOOKUP(tblSalaries#this row;how many hours of a day you work on excel,tblHours,2,0) -> #VALUE! | P35: =VLOOKUP(tblSalaries#this row;clean country,tblCountries,5,0) -> #VALUE! | Q35: =IF($Q$1,tblSalaries#this row;ppp factor*tblSalaries#this row;salary in usd,tblSalaries#this row;salary in usd) -> #VALUE!
B36: ID0032 | C36: 41054.206 | D36: 360000 INR | E36: 360000 | F36: INR | G36: =tblSalaries#this row;clean salary (in local currency)*VLOOKUP(tblSalaries#this row;currency,tblXrate,2,0) -> #VALUE! | H36: Specialist | I36: Specialist | J36: India | K36: =VLOOKUP(tblSalaries#this row;where do you work,tblCountriesactual:mapping,2,0) -> #VALUE! | L36: 4 to 6 hours a day | N36: =VLOOKUP(K36,tblCountries,3,0) -> #VALUE! | O36: =VLOOKUP(tblSalaries#this row;how many hours of a day you work on excel,tblHours,2,0) -> #VALUE! | P36: =VLOOKUP(tblSalaries#this row;clean country,tblCountries,5,0) -> #VALUE! | Q36: =IF($Q$1,tblSalaries#this row;ppp factor*tblSalaries#this row;salary in usd,tblSalaries#this row;salary in usd) -> #VALUE!
B37: ID0033 | C37: 41054.207 | D37: Â£35000 | E37: 35000 | F37: GBP | G37: =tblSalaries#this row;clean salary (in local currency)*VLOOKUP(tblSalaries#this row;currency,tblXrate,2,0) -> #VALUE! | H37: Management Information Analyst | I37: Analyst | J37: UK | K37: =VLOOKUP(tblSalaries#this row;where do you work,tblCountriesactual:mapping,2,0) -> #VALUE! | L37: All the 8 hours baby, all the 8! | N37: =VLOOKUP(K37,tblCountries,3,0) -> #VALUE! | O37: =VLOOKUP(tblSalaries#this row;how many hours of a day you work on excel,tblHours,2,0) -> #VALUE! | P37: =VLOOKUP(tblSalaries#this row;clean country,tblCountries,5,0) -> #VALUE! | Q37: =IF($Q$1,tblSalaries#this row;ppp factor*tblSalaries#this row;salary in usd,tblSalaries#this row;salary in usd) -> #VALUE!
B38: ID0035 | C38: 41054.209 | D38: 1600 $ | E38: 19200 | F38: USD | G38: =tblSalaries#this row;clean salary (in local currency)*VLOOKUP(tblSalaries#this row;currency,tblXrate,2,0) -> #VALUE! | H38: Analyst | I38: Analyst | J38: Poland | K38: =VLOOKUP(tblSalaries#this row;where do you work,tblCountriesactual:mapping,2,0) -> #VALUE! | L38: 2 to 3 hours per day | N38: =VLOOKUP(K38,tblCountries,3,0) -> #VALUE! | O38: =VLOOKUP(tblSalaries#this row;how many hours of a day you work on excel,tblHours,2,0) -> #VALUE! | P38: =VLOOKUP(tblSalaries#this row;clean country,tblCountries,5,0) -> #VALUE! | Q38: =IF($Q$1,tblSalaries#this row;ppp factor*tblSalaries#this row;salary in usd,tblSalaries#this row;salary in usd) -> #VALUE!
B39: ID0036 | C39: 41054.211 | D39: 500000 | E39: 500000 | F39: INR | G39: =tblSalaries#this row;clean salary (in local currency)*VLOOKUP(tblSalaries#this row;currency,tblXrate,2,0) -> #VALUE! | H39: Senior Consultant | I39: Consultant | J39: India | K39: =VLOOKUP(tblSalaries#this row;where do you work,tblCountriesactual:mapping,2,0) -> #VALUE! | L39: All the 8 hours baby, all the 8! | N39: =VLOOKUP(K39,tblCountries,3,0) -> #VALUE! | O39: =VLOOKUP(tblSalaries#this row;how many hours of a day you work on excel,tblHours,2,0) -> #VALUE! | P39: =VLOOKUP(tblSalaries#this row;clean country,tblCountries,5,0) -> #VALUE! | Q39: =IF($Q$1,tblSalaries#this row;ppp factor*tblSalaries#this row;salary in usd,tblSalaries#this row;salary in usd) -> #VALUE!
B40: ID0037 | C40: 41054.214 | D40: 150000 | E40: 150000 | F40: USD | G40: =tblSalaries#this row;clean salary (in local currency)*VLOOKUP(tblSalaries#this row;currency,tblXrate,2,0) -> #VALUE! | H40: Portfolio Manager | I40: Manager | J40: USA | K40: =VLOOKUP(tblSalaries#this row;where do you work,tblCountriesactual:mapping,2,0) -> #VALUE! | L40: 2 to 3 hours per day | N40: =VLOOKUP(K40,tblCountries,3,0) -> #VALUE! | O40: =VLOOKUP(tblSalaries#this row;how many hours of a day you work on excel,tblHours,2,0) -> #VALUE! | P40: =VLOOKUP(tblSalaries#this row;clean country,tblCountries,5,0) -> #VALUE! | Q40: =IF($Q$1,tblSalaries#this row;ppp factor*tblSalaries#this row;salary in usd,tblSalaries#this row;salary in usd) -> #VALUE!
B41: ID0038 | C41: 41054.216 | D41: 69000 | E41: 69000 | F41: USD | G41: =tblSalaries#this row;clean salary (in local currency)*VLOOKUP(tblSalaries#this row;currency,tblXrate,2,0) -> #VALUE! | H41: Design Engineer | I41: Engineer | J41: USA | K41: =VLOOKUP(tblSalaries#this row;where do you work,tblCountriesactual:mapping,2,0) -> #VALUE! | L41: 4 to 6 hours a day | N41: =VLOOKUP(K41,tblCountries,3,0) -> #VALUE! | O41: =VLOOKUP(tblSalaries#this row;how many hours of a day you work on excel,tblHours,2,0) -> #VALUE! | P41: =VLOOKUP(tblSalaries#this row;clean country,tblCountries,5,0) -> #VALUE! | Q41: =IF($Q$1,tblSalaries#this row;ppp factor*tblSalaries#this row;salary in usd,tblSalaries#this row;salary in usd) -> #VALUE!
B42: ID0039 | C42: 41054.216 | D42: 30000 | E42: 30000 | F42: USD | G42: =tblSalaries#this row;clean salary (in local currency)*VLOOKUP(tblSalaries#this row;currency,tblXrate,2,0) -> #VALUE! | H42: Academic Advisor | I42: Consultant | J42: USA | K42: =VLOOKUP(tblSalaries#this row;where do you work,tblCountriesactual:mapping,2,0) -> #VALUE! | L42: 2 to 3 hours per day | N42: =VLOOKUP(K42,tblCountries,3,0) -> #VALUE! | O42: =VLOOKUP(tblSalaries#this row;how many hours of a day you work on excel,tblHours,2,0) -> #VALUE! | P42: =VLOOKUP(tblSalaries#this row;clean country,tblCountries,5,0) -> #VALUE! | Q42: =IF($Q$1,tblSalaries#this row;ppp factor*tblSalaries#this row;salary in usd,tblSalaries#this row;salary in usd) -> #VALUE!
B43: ID0040 | C43: 41054.218 | D43: Rs. 400000 | E43: 400000 | F43: INR | G43: =tblSalaries#this row;clean salary (in local currency)*VLOOKUP(tblSalaries#this row;currency,tblXrate,2,0) -> #VALUE! | H43: Coordination | I43: Manager | J43: India | K43: =VLOOKUP(tblSalaries#this row;where do you work,tblCountriesactual:mapping,2,0) -> #VALUE! | L43: 4 to 6 hours a day | N43: =VLOOKUP(K43,tblCountries,3,0) -> #VALUE! | O43: =VLOOKUP(tblSalaries#this row;how many hours of a day you work on excel,tblHours,2,0) -> #VALUE! | P43: =VLOOKUP(tblSalaries#this row;clean country,tblCountries,5,0) -> #VALUE! | Q43: =IF($Q$1,tblSalaries#this row;ppp factor*tblSalaries#this row;salary in usd,tblSalaries#this row;salary in usd) -> #VALUE!
B44: ID0041 | C44: 41054.221 | D44: 70000 | E44: 70000 | F44: AUD | G44: =tblSalaries#this row;clean salary (in local currency)*VLOOKUP(tblSalaries#this row;currency,tblXrate,2,0) -> #VALUE! | H44: consultant | I44: Consultant | J44: Australia | K44: =VLOOKUP(tblSalaries#this row;where do you work,tblCountriesactual:mapping,2,0) -> #VALUE! | L44: 2 to 3 hours per day | N44: =VLOOKUP(K44,tblCountries,3,0) -> #VALUE! | O44: =VLOOKUP(tblSalaries#this row;how many hours of a day you work on excel,tblHours,2,0) -> #VALUE! | P44: =VLOOKUP(tblSalaries#this row;clean country,tblCountries,5,0) -> #VALUE! | Q44: =IF($Q$1,tblSalaries#this row;ppp factor*tblSalaries#this row;salary in usd,tblSalaries#this row;salary in usd) -> #VALUE!
B45: ID0042 | C45: 41054.222 | D45: 14500 | E45: 14500 | F45: USD | G45: =tblSalaries#this row;clean salary (in local currency)*VLOOKUP(tblSalaries#this row;currency,tblXrate,2,0) -> #VALUE! | H45: Business Analsyt | I45: Analyst | J45: India | K45: =VLOOKUP(tblSalaries#this row;where do you work,tblCountriesactual:mapping,2,0) -> #VALUE! | L45: 4 to 6 hours a day | N45: =VLOOKUP(K45,tblCountries,3,0) -> #VALUE! | O45: =VLOOKUP(tblSalaries#this row;how many hours of a day you work on excel,tblHours,2,0) -> #VALUE! | P45: =VLOOKUP(tblSalaries#this row;clean country,tblCountries,5,0) -> #VALUE! | Q45: =IF($Q$1,tblSalaries#this row;ppp factor*tblSalaries#this row;salary in usd,tblSalaries#this row;salary in usd) -> #VALUE!
B46: ID0043 | C46: 41054.23 | D46: 70000 | E46: 70000 | F46: CAD | G46: =tblSalaries#this row;clean salary (in local currency)*VLOOKUP(tblSalaries#this row;currency,tblXrate,2,0) -> #VALUE! | H46: Product Engineer | I46: Engineer | J46: Canada | K46: =VLOOKUP(tblSalaries#this row;where do you work,tblCountriesactual:mapping,2,0) -> #VALUE! | L46: 2 to 3 hours per day | N46: =VLOOKUP(K46,tblCountries,3,0) -> #VALUE! | O46: =VLOOKUP(tblSalaries#this row;how many hours of a day you work on excel,tblHours,2,0) -> #VALUE! | P46: =VLOOKUP(tblSalaries#this row;clean country,tblCountries,5,0) -> #VALUE! | Q46: =IF($Q$1,tblSalaries#this row;ppp factor*tblSalaries#this row;salary in usd,tblSalaries#this row;salary in usd) -> #VALUE!
B47: ID0044 | C47: 41054.233 | D47: 58000 | E47: 58000 | F47: USD | G47: =tblSalaries#this row;clean salary (in local currency)*VLOOKUP(tblSalaries#this row;currency,tblXrate,2,0) -> #VALUE! | H47: Senior Accountant | I47: Accountant | J47: USA | K47: =VLOOKUP(tblSalaries#this row;where do you work,tblCountriesactual:mapping,2,0) -> #VALUE! | L47: 4 to 6 hours a day | N47: =VLOOKUP(K47,tblCountries,3,0) -> #VALUE! | O47: =VLOOKUP(tblSalaries#this row;how many hours of a day you work on excel,tblHours,2,0) -> #VALUE! | P47: =VLOOKUP(tblSalaries#this row;clean country,tblCountries,5,0) -> #VALUE! | Q47: =IF($Q$1,tblSalaries#this row;ppp factor*tblSalaries#this row;salary in usd,tblSalaries#this row;salary in usd) -> #VALUE!
B48: ID0045 | C48: 41054.24 | D48: 90000 | E48: 90000 | F48: USD | G48: =tblSalaries#this row;clean salary (in local currency)*VLOOKUP(tblSalaries#this row;currency,tblXrate,2,0) -> #VALUE! | H48: Scientist | I48: Misc. | J48: USA | K48: =VLOOKUP(tblSalaries#this row;where do you work,tblCountriesactual:mapping,2,0) -> #VALUE! | L48: 1 or 2 hours a day | N48: =VLOOKUP(K48,tblCountries,3,0) -> #VALUE! | O48: =VLOOKUP(tblSalaries#this row;how many hours of a day you work on excel,tblHours,2,0) -> #VALUE! | P48: =VLOOKUP(tblSalaries#this row;clean country,tblCountries,5,0) -> #VALUE! | Q48: =IF($Q$1,tblSalaries#this row;ppp factor*tblSalaries#this row;salary in usd,tblSalaries#this row;salary in usd) -> #VALUE!
B49: ID0046 | C49: 41054.241 | D49: 800000 | E49: 800000 | F49: INR | G49: =tblSalaries#this row;clean salary (in local currency)*VLOOKUP(tblSalaries#this row;currency,tblXrate,2,0) -> #VALUE! | H49: Team Lead | I49: Manager | J49: India | K49: =VLOOKUP(tblSalaries#this row;where do you work,tblCountriesactual:mapping,2,0) -> #VALUE! | L49: 2 to 3 hours per day | N49: =VLOOKUP(K49,tblCountries,3,0) -> #VALUE! | O49: =VLOOKUP(tblSalaries#this row;how many hours of a day you work on excel,tblHours,2,0) -> #VALUE! | P49: =VLOOKUP(tblSalaries#this row;clean country,tblCountries,5,0) -> #VALUE! | Q49: =IF($Q$1,tblSalaries#this row;ppp factor*tblSalaries#this row;salary in usd,tblSalaries#this row;salary in usd) -> #VALUE!
B50: ID0047 | C50: 41054.241 | D50: 32000 | E50: 32000 | F50: GBP | G50: =tblSalaries#this row;clean salary (in local currency)*VLOOKUP(tblSalaries#this row;currency,tblXrate,2,0) -> #VALUE! | H50: Senior intelligence analyst | I50: Analyst | J50: UK | K50: =VLOOKUP(tblSalaries#this row;where do you work,tblCountriesactual:mapping,2,0) -> #VALUE! | L50: 4 to 6 hours a day | N50: =VLOOKUP(K50,tblCountries,3,0) -> #VALUE! | O50: =VLOOKUP(tblSalaries#this row;how many hours of a day you work on excel,tblHours,2,0) -> #VALUE! | P50: =VLOOKUP(tblSalaries#this row;clean country,tblCountries,5,0) -> #VALUE! | Q50: =IF($Q$1,tblSalaries#this row;ppp factor*tblSalaries#this row;salary in usd,tblSalaries#this row;salary in usd) -> #VALUE!
B51: ID0048 | C51: 41054.242 | D51: 1000 | E51: 12000 | F51: USD | G51: =tblSalaries#this row;clean salary (in local currency)*VLOOKUP(tblSalaries#this row;currency,tblXrate,2,0) -> #VALUE! | H51: Freelance consultant | I51: Consultant | J51: USA | K51: =VLOOKUP(tblSalaries#this row;where do you work,tblCountriesactual:mapping,2,0) -> #VALUE! | L51: 1 or 2 hours a day | N51: =VLOOKUP(K51,tblCountries,3,0) -> #VALUE! | O51: =VLOOKUP(tblSalaries#this row;how many hours of a day you work on excel,tblHours,2,0) -> #VALUE! | P51: =VLOOKUP(tblSalaries#this row;clean country,tblCountries,5,0) -> #VALUE! | Q51: =IF($Q$1,tblSalaries#this row;ppp factor*tblSalaries#this row;salary in usd,tblSalaries#this row;salary in usd) -> #VALUE!
B52: ID0049 | C52: 41054.253 | D52: â‚¬ 45 | E52: 45000 | F52: EUR | G52: =tblSalaries#this row;clean salary (in local currency)*VLOOKUP(tblSalaries#this row;currency,tblXrate,2,0) -> #VALUE! | H52: Online Traffic Manager / Web Analist | I52: Manager | J52: The Netherlands | K52: =VLOOKUP(tblSalaries#this row;where do you work,tblCountriesactual:mapping,2,0) -> #VALUE! | L52: 4 to 6 hours a day | N52: =VLOOKUP(K52,tblCountries,3,0) -> #VALUE! | O52: =VLOOKUP(tblSalaries#this row;how many hours of a day you work on excel,tblHours,2,0) -> #VALUE! | P52: =VLOOKUP(tblSalaries#this row;clean country,tblCountries,5,0) -> #VALUE! | Q52: =IF($Q$1,tblSalaries#this row;ppp factor*tblSalaries#this row;salary in usd,tblSalaries#this row;salary in usd) -> #VALUE!
B53: ID0050 | C53: 41054.253 | D53: 100000 USD | E53: 100000 | F53: USD | G53: =tblSalaries#this row;clean salary (in local currency)*VLOOKUP(tblSalaries#this row;currency,tblXrate,2,0) -> #VALUE! | H53: Seinor Financial Analyst | I53: Analyst | J53: Germany | K53: =VLOOKUP(tblSalaries#this row;where do you work,tblCountriesactual:mapping,2,0) -> #VALUE! | L53: All the 8 hours baby, all the 8! | N53: =VLOOKUP(K53,tblCountries,3,0) -> #VALUE! | O53: =VLOOKUP(tblSalaries#this row;how many hours of a day you work on excel,tblHours,2,0) -> #VALUE! | P53: =VLOOKUP(tblSalaries#this row;clean country,tblCountries,5,0) -> #VALUE! | Q53: =IF($Q$1,tblSalaries#this row;ppp factor*tblSalaries#this row;salary in usd,tblSalaries#this row;salary in usd) -> #VALUE!
B54: ID0051 | C54: 41054.254 | D54: 57000 | E54: 57000 | F54: USD | G54: =tblSalaries#this row;clean salary (in local currency)*VLOOKUP(tblSalaries#this row;currency,tblXrate,2,0) -> #VALUE! | H54: Senior Accounting Supervisor | I54: Accountant | J54: USA | K54: =VLOOKUP(tblSalaries#this row;where do you work,tblCountriesactual:mapping,2,0) -> #VALUE! | L54: 2 to 3 hours per day | N54: =VLOOKUP(K54,tblCountries,3,0) -> #VALUE! | O54: =VLOOKUP(tblSalaries#this row;how many hours of a day you work on excel,tblHours,2,0) -> #VALUE! | P54: =VLOOKUP(tblSalaries#this row;clean country,tblCountries,5,0) -> #VALUE! | Q54: =IF($Q$1,tblSalaries#this row;ppp factor*tblSalaries#this row;salary in usd,tblSalaries#this row;salary in usd) -> #VALUE!
B55: ID0052 | C55: 41054.255 | D55: 40000 | E55: 40000 | F55: GBP | G55: =tblSalaries#this row;clean salary (in local currency)*VLOOKUP(tblSalaries#this row;currency,tblXrate,2,0) -> #VALUE! | H55: Senior Accountant | I55: Accountant | J55: UK | K55: =VLOOKUP(tblSalaries#this row;where do you work,tblCountriesactual:mapping,2,0) -> #VALUE! | L55: 4 to 6 hours a day | N55: =VLOOKUP(K55,tblCountries,3,0) -> #VALUE! | O55: =VLOOKUP(tblSalaries#this row;how many hours of a day you work on excel,tblHours,2,0) -> #VALUE! | P55: =VLOOKUP(tblSalaries#this row;clean country,tblCountries,5,0) -> #VALUE! | Q55: =IF($Q$1,tblSalaries#this row;ppp factor*tblSalaries#this row;salary in usd,tblSalaries#this row;salary in usd) -> #VALUE!
B56: ID0053 | C56: 41054.257 | D56: 2000 Euros | E56: 24000 | F56: EUR | G56: =tblSalaries#this row;clean salary (in local currency)*VLOOKUP(tblSalaries#this row;currency,tblXrate,2,0) -> #VALUE! | H56: PPC Manager | I56: Manager | J56: Germany | K56: =VLOOKUP(tblSalaries#this row;where do you work,tblCountriesactual:mapping,2,0) -> #VALUE! | L56: All the 8 hours baby, all the 8! | N56: =VLOOKUP(K56,tblCountries,3,0) -> #VALUE! | O56: =VLOOKUP(tblSalaries#this row;how many hours of a day you work on excel,tblHours,2,0) -> #VALUE! | P56: =VLOOKUP(tblSalaries#this row;clean country,tblCountries,5,0) -> #VALUE! | Q56: =IF($Q$1,tblSalaries#this row;ppp factor*tblSalaries#this row;salary in usd,tblSalaries#this row;salary in usd) -> #VALUE!
B57: ID0054 | C57: 41054.257 | D57: 4320 | E57: 4320 | F57: USD | G57: =tblSalaries#this row;clean salary (in local currency)*VLOOKUP(tblSalaries#this row;currency,tblXrate,2,0) -> #VALUE! | H57: Financial Planner | I57: Accountant | J57: India | K57: =VLOOKUP(tblSalaries#this row;where do you work,tblCountriesactual:mapping,2,0) -> #VALUE! | L57: 2 to 3 hours per day | N57: =VLOOKUP(K57,tblCountries,3,0) -> #VALUE! | O57: =VLOOKUP(tblSalaries#this row;how many hours of a day you work on excel,tblHours,2,0) -> #VALUE! | P57: =VLOOKUP(tblSalaries#this row;clean country,tblCountries,5,0) -> #VALUE! | Q57: =IF($Q$1,tblSalaries#this row;ppp factor*tblSalaries#this row;salary in usd,tblSalaries#this row;salary in usd) -> #VALUE!
B58: ID0055 | C58: 41054.261 | D58: 62000 | E58: 62000 | F58: USD | G58: =tblSalaries#this row;clean salary (in local currency)*VLOOKUP(tblSalaries#this row;currency,tblXrate,2,0) -> #VALUE! | H58: Analyst | I58: Analyst | J58: USA | K58: =VLOOKUP(tblSalaries#this row;where do you work,tblCountriesactual:mapping,2,0) -> #VALUE! | L58: 4 to 6 hours a day | N58: =VLOOKUP(K58,tblCountries,3,0) -> #VALUE! | O58: =VLOOKUP(tblSalaries#this row;how many hours of a day you work on excel,tblHours,2,0) -> #VALUE! | P58: =VLOOKUP(tblSalaries#this row;clean country,tblCountries,5,0) -> #VALUE! | Q58: =IF($Q$1,tblSalaries#this row;ppp factor*tblSalaries#this row;salary in usd,tblSalaries#this row;salary in usd) -> #VALUE!
B59: ID0056 | C59: 41054.269 | D59: 7500 | E59: 7500 | F59: USD | G59: =tblSalaries#this row;clean salary (in local currency)*VLOOKUP(tblSalaries#this row;currency,tblXrate,2,0) -> #VALUE! | H59: Analyst | I59: Analyst | J59: India | K59: =VLOOKUP(tblSalaries#this row;where do you work,tblCountriesactual:mapping,2,0) -> #VALUE! | L59: 4 to 6 hours a day | N59: =VLOOKUP(K59,tblCountries,3,0) -> #VALUE! | O59: =VLOOKUP(tblSalaries#this row;how many hours of a day you work on excel,tblHours,2,0) -> #VALUE! | P59: =VLOOKUP(tblSalaries#this row;clean country,tblCountries,5,0) -> #VALUE! | Q59: =IF($Q$1,tblSalaries#this row;ppp factor*tblSalaries#this row;salary in usd,tblSalaries#this row;salary in usd) -> #VALUE!
B60: ID0057 | C60: 41054.269 | D60: Â£18000 | E60: 18000 | F60: GBP | G60: =tblSalaries#this row;clean salary (in local currency)*VLOOKUP(tblSalaries#this row;currency,tblXrate,2,0) -> #VALUE! | H60: Building Design and Performance Researcher | I60: Manager | J60: UK | K60: =VLOOKUP(tblSalaries#this row;where do you work,tblCountriesactual:mapping,2,0) -> #VALUE! | L60: 1 or 2 hours a day | N60: =VLOOKUP(K60,tblCountries,3,0) -> #VALUE! | O60: =VLOOKUP(tblSalaries#this row;how many hours of a day you work on excel,tblHours,2,0) -> #VALUE! | P60: =VLOOKUP(tblSalaries#this row;clean country,tblCountries,5,0) -> #VALUE! | Q60: =IF($Q$1,tblSalaries#this row;ppp factor*tblSalaries#this row;salary in usd,tblSalaries#this row;salary in usd) -> #VALUE!
B61: ID0058 | C61: 41054.284 | D61: 49000 | E61: 49000 | F61: EUR | G61: =tblSalaries#this row;clean salary (in local currency)*VLOOKUP(tblSalaries#this row;currency,tblXrate,2,0) -> #VALUE! | H61: Project leader | I61: Manager | J61: France | K61: =VLOOKUP(tblSalaries#this row;where do you work,tblCountriesactual:mapping,2,0) -> #VALUE! | L61: 2 to 3 hours per day | N61: =VLOOKUP(K61,tblCountries,3,0) -> #VALUE! | O61: =VLOOKUP(tblSalaries#this row;how many hours of a day you work on excel,tblHours,2,0) -> #VALUE! | P61: =VLOOKUP(tblSalaries#this row;clean country,tblCountries,5,0) -> #VALUE! | Q61: =IF($Q$1,tblSalaries#this row;ppp factor*tblSalaries#this row;salary in usd,tblSalaries#this row;salary in usd) -> #VALUE!
B62: ID0059 | C62: 41054.29 | D62: 38000 | E62: 38000 | F62: USD | G62: =tblSalaries#this row;clean salary (in local currency)*VLOOKUP(tblSalaries#this row;currency,tblXrate,2,0) -> #VALUE! | H62: Senior Analyst | I62: Analyst | J62: USA | K62: =VLOOKUP(tblSalaries#this row;where do you work,tblCountriesactual:mapping,2,0) -> #VALUE! | L62: 4 to 6 hours a day | N62: =VLOOKUP(K62,tblCountries,3,0) -> #VALUE! | O62: =VLOOKUP(tblSalaries#this row;how many hours of a day you work on excel,tblHours,2,0) -> #VALUE! | P62: =VLOOKUP(tblSalaries#this row;clean country,tblCountries,5,0) -> #VALUE! | Q62: =IF($Q$1,tblSalaries#this row;ppp factor*tblSalaries#this row;salary in usd,tblSalaries#this row;salary in usd) -> #VALUE!
B63: ID0060 | C63: 41054.292 | D63: 41000 | E63: 41000 | F63: USD | G63: =tblSalaries#this row;clean salary (in local currency)*VLOOKUP(tblSalaries#this row;currency,tblXrate,2,0) -> #VALUE! | H63: Specialist | I63: Specialist | J63: USA | K63: =VLOOKUP(tblSalaries#this row;where do you work,tblCountriesactual:mapping,2,0) -> #VALUE! | L63: 4 to 6 hours a day | N63: =VLOOKUP(K63,tblCountries,3,0) -> #VALUE! | O63: =VLOOKUP(tblSalaries#this row;how many hours of a day you work on excel,tblHours,2,0) -> #VALUE! | P63: =VLOOKUP(tblSalaries#this row;clean country,tblCountries,5,0) -> #VALUE! | Q63: =IF($Q$1,tblSalaries#this row;ppp factor*tblSalaries#this row;salary in usd,tblSalaries#this row;salary in usd) -> #VALUE!
B64: ID0061 | C64: 41054.299 | D64: 68000 | E64: 68000 | F64: USD | G64: =tblSalaries#this row;clean salary (in local currency)*VLOOKUP(tblSalaries#this row;currency,tblXrate,2,0) -> #VALUE! | H64: Engineering Data Analyst | I64: Analyst | J64: USA | K64: =VLOOKUP(tblSalaries#this row;where do you work,tblCountriesactual:mapping,2,0) -> #VALUE! | L64: All the 8 hours baby, all the 8! | N64: =VLOOKUP(K64,tblCountries,3,0) -> #VALUE! | O64: =VLOOKUP(tblSalaries#this row;how many hours of a day you work on excel,tblHours,2,0) -> #VALUE! | P64: =VLOOKUP(tblSalaries#this row;clean country,tblCountries,5,0) -> #VALUE! | Q64: =IF($Q$1,tblSalaries#this row;ppp factor*tblSalaries#this row;salary in usd,tblSalaries#this row;salary in usd) -> #VALUE!
B65: ID0062 | C65: 41054.301 | D65: 56000 | E65: 56000 | F65: CAD | G65: =tblSalaries#this row;clean salary (in local currency)*VLOOKUP(tblSalaries#this row;currency,tblXrate,2,0) -> #VALUE! | H65: Sales Analyst | I65: Analyst | J65: CANADA | K65: =VLOOKUP(tblSalaries#this row;where do you work,tblCountriesactual:mapping,2,0) -> #VALUE! | L65: All the 8 hours baby, all the 8! | N65: =VLOOKUP(K65,tblCountries,3,0) -> #VALUE! | O65: =VLOOKUP(tblSalaries#this row;how many hours of a day you work on excel,tblHours,2,0) -> #VALUE! | P65: =VLOOKUP(tblSalaries#this row;clean country,tblCountries,5,0) -> #VALUE! | Q65: =IF($Q$1,tblSalaries#this row;ppp factor*tblSalaries#this row;salary in usd,tblSalaries#this row;salary in usd) -> #VALUE!
B66: ID0063 | C66: 41054.302 | D66: 61000 | E66: 61000 | F66: USD | G66: =tblSalaries#this row;clean salary (in local currency)*VLOOKUP(tblSalaries#this row;currency,tblXrate,2,0) -> #VALUE! | H66: Coordinator Of Costa and Buget | I66: Manager | J66: Brasil | K66: =VLOOKUP(tblSalaries#this row;where do you work,tblCountriesactual:mapping,2,0) -> #VALUE! | L66: All the 8 hours baby, all the 8! | N66: =VLOOKUP(K66,tblCountries,3,0) -> #VALUE! | O66: =VLOOKUP(tblSalaries#this row;how many hours of a day you work on excel,tblHours,2,0) -> #VALUE! | P66: =VLOOKUP(tblSalaries#this row;clean country,tblCountries,5,0) -> #VALUE! | Q66: =IF($Q$1,tblSalaries#this row;ppp factor*tblSalaries#this row;salary in usd,tblSalaries#this row;salary in usd) -> #VALUE!
B67: ID0064 | C67: 41054.305 | D67: 43000 | E67: 43000 | F67: EUR | G67: =tblSalaries#this row;clean salary (in local currency)*VLOOKUP(tblSalaries#this row;currency,tblXrate,2,0) -> #VALUE! | H67: SAP consultant | I67: Consultant | J67: FR | K67: =VLOOKUP(tblSalaries#this row;where do you work,tblCountriesactual:mapping,2,0) -> #VALUE! | L67: 4 to 6 hours a day | N67: =VLOOKUP(K67,tblCountries,3,0) -> #VALUE! | O67: =VLOOKUP(tblSalaries#this row;how many hours of a day you work on excel,tblHours,2,0) -> #VALUE! | P67: =VLOOKUP(tblSalaries#this row;clean country,tblCountries,5,0) -> #VALUE! | Q67: =IF($Q$1,tblSalaries#this row;ppp factor*tblSalaries#this row;salary in usd,tblSalaries#this row;salary in usd) -> #VALUE!
B68: ID0065 | C68: 41054.306 | D68: 85000 | E68: 85000 | F68: USD | G68: =tblSalaries#this row;clean salary (in local currency)*VLOOKUP(tblSalaries#this row;currency,tblXrate,2,0) -> #VALUE! | H68: Manager | I68: Manager | J68: USA | K68: =VLOOKUP(tblSalaries#this row;where do you work,tblCountriesactual:mapping,2,0) -> #VALUE! | L68: 4 to 6 hours a day | N68: =VLOOKUP(K68,tblCountries,3,0) -> #VALUE! | O68: =VLOOKUP(tblSalaries#this row;how many hours of a day you work on excel,tblHours,2,0) -> #VALUE! | P68: =VLOOKUP(tblSalaries#this row;clean country,tblCountries,5,0) -> #VALUE! | Q68: =IF($Q$1,tblSalaries#this row;ppp factor*tblSalaries#this row;salary in usd,tblSalaries#this row;salary in usd) -> #VALUE!
B69: ID0066 | C69: 41054.306 | D69: â‚¬ 38000 | E69: 38000 | F69: EUR | G69: =tblSalaries#this row;clean salary (in local currency)*VLOOKUP(tblSalaries#this row;currency,tblXrate,2,0) -> #VALUE! | H69: busines analist | I69: Analyst | J69: The Netherlands | K69: =VLOOKUP(tblSalaries#this row;where do you work,tblCountriesactual:mapping,2,0) -> #VALUE! | L69: 1 or 2 hours a day | N69: =VLOOKUP(K69,tblCountries,3,0) -> #VALUE! | O69: =VLOOKUP(tblSalaries#this row;how many hours of a day you work on excel,tblHours,2,0) -> #VALUE! | P69: =VLOOKUP(tblSalaries#this row;clean country,tblCountries,5,0) -> #VALUE! | Q69: =IF($Q$1,tblSalaries#this row;ppp factor*tblSalaries#this row;salary in usd,tblSalaries#this row;salary in usd) -> #VALUE!
B70: ID0067 | C70: 41054.309 | D70: 85000 | E70: 85000 | F70: AUD | G70: =tblSalaries#this row;clean salary (in local currency)*VLOOKUP(tblSalaries#this row;currency,tblXrate,2,0) -> #VALUE! | H70: head of data | I70: CXO or Top Mgmt. | J70: Australia | K70: =VLOOKUP(tblSalaries#this row;where do you work,tblCountriesactual:mapping,2,0) -> #VALUE! | L70: 4 to 6 hours a day | N70: =VLOOKUP(K70,tblCountries,3,0) -> #VALUE! | O70: =VLOOKUP(tblSalaries#this row;how many hours of a day you work on excel,tblHours,2,0) -> #VALUE! | P70: =VLOOKUP(tblSalaries#this row;clean country,tblCountries,5,0) -> #VALUE! | Q70: =IF($Q$1,tblSalaries#this row;ppp factor*tblSalaries#this row;salary in usd,tblSalaries#this row;salary in usd) -> #VALUE!
B71: ID0068 | C71: 41054.312 | D71: 85087 | E71: 85087 | F71: USD | G71: =tblSalaries#this row;clean salary (in local currency)*VLOOKUP(tblSalaries#this row;currency,tblXrate,2,0) -> #VALUE! | H71: Business Systems Analyst | I71: Analyst | J71: USA | K71: =VLOOKUP(tblSalaries#this row;where do you work,tblCountriesactual:mapping,2,0) -> #VALUE! | L71: 2 to 3 hours per day | N71: =VLOOKUP(K71,tblCountries,3,0) -> #VALUE! | O71: =VLOOKUP(tblSalaries#this row;how many hours of a day you work on excel,tblHours,2,0) -> #VALUE! | P71: =VLOOKUP(tblSalaries#this row;clean country,tblCountries,5,0) -> #VALUE! | Q71: =IF($Q$1,tblSalaries#this row;ppp factor*tblSalaries#this row;salary in usd,tblSalaries#this row;salary in usd) -> #VALUE!
B72: ID0069 | C72: 41054.318 | D72: 50000 | E72: 50000 | F72: USD | G72: =tblSalaries#this row;clean salary (in local currency)*VLOOKUP(tblSalaries#this row;currency,tblXrate,2,0) -> #VALUE! | H72: Financial Analyst II | I72: Analyst | J72: USA | K72: =VLOOKUP(tblSalaries#this row;where do you work,tblCountriesactual:mapping,2,0) -> #VALUE! | L72: All the 8 hours baby, all the 8! | N72: =VLOOKUP(K72,tblCountries,3,0) -> #VALUE! | O72: =VLOOKUP(tblSalaries#this row;how many hours of a day you work on excel,tblHours,2,0) -> #VALUE! | P72: =VLOOKUP(tblSalaries#this row;clean country,tblCountries,5,0) -> #VALUE! | Q72: =IF($Q$1,tblSalaries#this row;ppp factor*tblSalaries#this row;salary in usd,tblSalaries#this row;salary in usd) -> #VALUE!
B73: ID0070 | C73: 41054.324 | D73: 100000 | E73: 100000 | F73: USD | G73: =tblSalaries#this row;clean salary (in local currency)*VLOOKUP(tblSalaries#this row;currency,tblXrate,2,0) -> #VALUE! | H73: Mngr MI | I73: Manager | J73: RSA | K73: =VLOOKUP(tblSalaries#this row;where do you work,tblCountriesactual:mapping,2,0) -> #VALUE! | L73: 4 to 6 hours a day | N73: =VLOOKUP(K73,tblCountries,3,0) -> #VALUE! | O73: =VLOOKUP(tblSalaries#this row;how many hours of a day you work on excel,tblHours,2,0) -> #VALUE! | P73: =VLOOKUP(tblSalaries#this row;clean country,tblCountries,5,0) -> #VALUE! | Q73: =IF($Q$1,tblSalaries#this row;ppp factor*tblSalaries#this row;salary in usd,tblSalaries#this row;salary in usd) -> #VALUE!
B74: ID0071 | C74: 41054.951 | D74: 57000 | E74: 57000 | F74: USD | G74: =tblSalaries#this row;clean salary (in local currency)*VLOOKUP(tblSalaries#this row;currency,tblXrate,2,0) -> #VALUE! | H74: sales analyst | I74: Analyst | J74: USA | K74: =VLOOKUP(tblSalaries#this row;where do you work,tblCountriesactual:mapping,2,0) -> #VALUE! | L74: 4 to 6 hours a day | N74: =VLOOKUP(K74,tblCountries,3,0) -> #VALUE! | O74: =VLOOKUP(tblSalaries#this row;how many hours of a day you work on excel,tblHours,2,0) -> #VALUE! | P74: =VLOOKUP(tblSalaries#this row;clean country,tblCountries,5,0) -> #VALUE! | Q74: =IF($Q$1,tblSalaries#this row;ppp factor*tblSalaries#this row;salary in usd,tblSalaries#this row;salary in usd) -> #VALUE!
B75: ID0072 | C75: 41054.953 | D75: 75000 | E75: 75000 | F75: USD | G75: =tblSalaries#this row;clean salary (in local currency)*VLOOKUP(tblSalaries#this row;currency,tblXrate,2,0) -> #VALUE! | H75: Consumer Research Program Manager | I75: Manager | J75: USA | K75: =VLOOKUP(tblSalaries#this row;where do you work,tblCountriesactual:mapping,2,0) -> #VALUE! | L75: All the 8 hours baby, all the 8! | N75: =VLOOKUP(K75,tblCountries,3,0) -> #VALUE! | O75: =VLOOKUP(tblSalaries#this row;how many hours of a day you work on excel,tblHours,2,0) -> #VALUE! | P75: =VLOOKUP(tblSalaries#this row;clean country,tblCountries,5,0) -> #VALUE! | Q75: =IF($Q$1,tblSalaries#this row;ppp factor*tblSalaries#this row;salary in usd,tblSalaries#this row;salary in usd) -> #VALUE!
B76: ID0073 | C76: 41054.958 | D76: $AUD100000 | E76: 100000 | F76: AUD | G76: =tblSalaries#this row;clean salary (in local currency)*VLOOKUP(tblSalaries#this row;currency,tblXrate,2,0) -> #VALUE! | H76: technical trainer | I76: Manager | J76: Australia | K76: =VLOOKUP(tblSalaries#this row;where do you work,tblCountriesactual:mapping,2,0) -> #VALUE! | L76: 4 to 6 hours a day | N76: =VLOOKUP(K76,tblCountries,3,0) -> #VALUE! | O76: =VLOOKUP(tblSalaries#this row;how many hours of a day you work on excel,tblHours,2,0) -> #VALUE! | P76: =VLOOKUP(tblSalaries#this row;clean country,tblCountries,5,0) -> #VALUE! | Q76: =IF($Q$1,tblSalaries#this row;ppp factor*tblSalaries#this row;salary in usd,tblSalaries#this row;salary in usd) -> #VALUE!
B77: ID0074 | C77: 41054.959 | D77: 2785 | E77: 33420 | F77: USD | G77: =tblSalaries#this row;clean salary (in local currency)*VLOOKUP(tblSalaries#this row;currency,tblXrate,2,0) -> #VALUE! | H77: Process Flow Coordinator | I77: Manager | J77: United Arab Emirates | K77: =VLOOKUP(tblSalaries#this row;where do you work,tblCountriesactual:mapping,2,0) -> #VALUE! | L77: All the 8 hours baby, all the 8! | N77: =VLOOKUP(K77,tblCountries,3,0) -> #VALUE! | O77: =VLOOKUP(tblSalaries#this row;how many hours of a day you work on excel,tblHours,2,0) -> #VALUE! | P77: =VLOOKUP(tblSalaries#this row;clean country,tblCountries,5,0) -> #VALUE! | Q77: =IF($Q$1,tblSalaries#this row;ppp factor*tblSalaries#this row;salary in usd,tblSalaries#this row;salary in usd) -> #VALUE!
B78: ID0075 | C78: 41054.96 | D78: 59450 | E78: 59450 | F78: CAD | G78: =tblSalaries#this row;clean salary (in local currency)*VLOOKUP(tblSalaries#this row;currency,tblXrate,2,0) -> #VALUE! | H78: Process Improvement Specialist | I78: Specialist | J78: Canada | K78: =VLOOKUP(tblSalaries#this row;where do you work,tblCountriesactual:mapping,2,0) -> #VALUE! | L78: All the 8 hours baby, all the 8! | N78: =VLOOKUP(K78,tblCountries,3,0) -> #VALUE! | O78: =VLOOKUP(tblSalaries#this row;how many hours of a day you work on excel,tblHours,2,0) -> #VALUE! | P78: =VLOOKUP(tblSalaries#this row;clean country,tblCountries,5,0) -> #VALUE! | Q78: =IF($Q$1,tblSalaries#this row;ppp factor*tblSalaries#this row;salary in usd,tblSalaries#this row;salary in usd) -> #VALUE!
B79: ID0076 | C79: 41054.967 | D79: 15000 | E79: 15000 | F79: USD | G79: =tblSalaries#this row;clean salary (in local currency)*VLOOKUP(tblSalaries#this row;currency,tblXrate,2,0) -> #VALUE! | H79: Excel Programmer Consultant | I79: Consultant | J79: USA | K79: =VLOOKUP(tblSalaries#this row;where do you work,tblCountriesactual:mapping,2,0) -> #VALUE! | L79: All the 8 hours baby, all the 8! | N79: =VLOOKUP(K79,tblCountries,3,0) -> #VALUE! | O79: =VLOOKUP(tblSalaries#this row;how many hours of a day you work on excel,tblHours,2,0) -> #VALUE! | P79: =VLOOKUP(tblSalaries#this row;clean country,tblCountries,5,0) -> #VALUE! | Q79: =IF($Q$1,tblSalaries#this row;ppp factor*tblSalaries#this row;salary in usd,tblSalaries#this row;salary in usd) -> #VALUE!
B80: ID0077 | C80: 41054.969 | D80: US $60,000 | E80: 60000 | F80: USD | G80: =tblSalaries#this row;clean salary (in local currency)*VLOOKUP(tblSalaries#this row;currency,tblXrate,2,0) -> #VALUE! | H80: Statistical Analyst | I80: Analyst | J80: Canada | K80: =VLOOKUP(tblSalaries#this row;where do you work,tblCountriesactual:mapping,2,0) -> #VALUE! | L80: 1 or 2 hours a day | N80: =VLOOKUP(K80,tblCountries,3,0) -> #VALUE! | O80: =VLOOKUP(tblSalaries#this row;how many hours of a day you work on excel,tblHours,2,0) -> #VALUE! | P80: =VLOOKUP(tblSalaries#this row;clean country,tblCountries,5,0) -> #VALUE! | Q80: =IF($Q$1,tblSalaries#this row;ppp factor*tblSalaries#this row;salary in usd,tblSalaries#this row;salary in usd) -> #VALUE!
B81: ID0078 | C81: 41054.971 | D81: 100000 | E81: 100000 | F81: GBP | G81: =tblSalaries#this row;clean salary (in local currency)*VLOOKUP(tblSalaries#this row;currency,tblXrate,2,0) -> #VALUE! | H81: Analyst | I81: Analyst | J81: UK | K81: =VLOOKUP(tblSalaries#this row;where do you work,tblCountriesactual:mapping,2,0) -> #VALUE! | L81: 2 to 3 hours per day | N81: =VLOOKUP(K81,tblCountries,3,0) -> #VALUE! | O81: =VLOOKUP(tblSalaries#this row;how many hours of a day you work on excel,tblHours,2,0) -> #VALUE! | P81: =VLOOKUP(tblSalaries#this row;clean country,tblCountries,5,0) -> #VALUE! | Q81: =IF($Q$1,tblSalaries#this row;ppp factor*tblSalaries#this row;salary in usd,tblSalaries#this row;salary in usd) -> #VALUE!
B82: ID0079 | C82: 41054.973 | D82: Us$ 18000 | E82: 18000 | F82: USD | G82: =tblSalaries#this row;clean salary (in local currency)*VLOOKUP(tblSalaries#this row;currency,tblXrate,2,0) -> #VALUE! | H82: Operational Analyst | I82: Analyst | J82: Saudi Arabia | K82: =VLOOKUP(tblSalaries#this row;where do you work,tblCountriesactual:mapping,2,0) -> #VALUE! | L82: All the 8 hours baby, all the 8! | N82: =VLOOKUP(K82,tblCountries,3,0) -> #VALUE! | O82: =VLOOKUP(tblSalaries#this row;how many hours of a day you work on excel,tblHours,2,0) -> #VALUE! | P82: =VLOOKUP(tblSalaries#this row;clean country,tblCountries,5,0) -> #VALUE! | Q82: =IF($Q$1,tblSalaries#this row;ppp factor*tblSalaries#this row;salary in usd,tblSalaries#this row;salary in usd) -> #VALUE!
B83: ID0080 | C83: 41054.98 | D83: 50000 | E83: 50000 | F83: USD | G83: =tblSalaries#this row;clean salary (in local currency)*VLOOKUP(tblSalaries#this row;currency,tblXrate,2,0) -> #VALUE! | H83: Exceler | I83: Manager | J83: USA | K83: =VLOOKUP(tblSalaries#this row;where do you work,tblCountriesactual:mapping,2,0) -> #VALUE! | L83: 2 to 3 hours per day | N83: =VLOOKUP(K83,tblCountries,3,0) -> #VALUE! | O83: =VLOOKUP(tblSalaries#this row;how many hours of a day you work on excel,tblHours,2,0) -> #VALUE! | P83: =VLOOKUP(tblSalaries#this row;clean country,tblCountries,5,0) -> #VALUE! | Q83: =IF($Q$1,tblSalaries#this row;ppp factor*tblSalaries#this row;salary in usd,tblSalaries#this row;salary in usd) -> #VALUE!
B84: ID0081 | C84: 41054.981 | D84: 26000 | E84: 26000 | F84: USD | G84: =tblSalaries#this row;clean salary (in local currency)*VLOOKUP(tblSalaries#this row;currency,tblXrate,2,0) -> #VALUE! | H84: Marketing Analyst | I84: Analyst | J84: Panama | K84: =VLOOKUP(tblSalaries#this row;where do you work,tblCountriesactual:mapping,2,0) -> #VALUE! | L84: All the 8 hours baby, all the 8! | N84: =VLOOKUP(K84,tblCountries,3,0) -> #VALUE! | O84: =VLOOKUP(tblSalaries#this row;how many hours of a day you work on excel,tblHours,2,0) -> #VALUE! | P84: =VLOOKUP(tblSalaries#this row;clean country,tblCountries,5,0) -> #VALUE! | Q84: =IF($Q$1,tblSalaries#this row;ppp factor*tblSalaries#this row;salary in usd,tblSalaries#this row;salary in usd) -> #VALUE!
B85: ID0082 | C85: 41054.993 | D85: Â£30000 | E85: 30000 | F85: GBP | G85: =tblSalaries#this row;clean salary (in local currency)*VLOOKUP(tblSalaries#this row;currency,tblXrate,2,0) -> #VALUE! | H85: Database Manager | I85: Manager | J85: UK | K85: =VLOOKUP(tblSalaries#this row;where do you work,tblCountriesactual:mapping,2,0) -> #VALUE! | L85: 4 to 6 hours a day | N85: =VLOOKUP(K85,tblCountries,3,0) -> #VALUE! | O85: =VLOOKUP(tblSalaries#this row;how many hours of a day you work on excel,tblHours,2,0) -> #VALUE! | P85: =VLOOKUP(tblSalaries#this row;clean country,tblCountries,5,0) -> #VALUE! | Q85: =IF($Q$1,tblSalaries#this row;ppp factor*tblSalaries#this row;salary in usd,tblSalaries#this row;salary in usd) -> #VALUE!
B86: ID0083 | C86: 41055.001 | D86: 150000 | E86: 150000 | F86: USD | G86: =tblSalaries#this row;clean salary (in local currency)*VLOOKUP(tblSalaries#this row;currency,tblXrate,2,0) -> #VALUE! | H86: Director | I86: CXO or Top Mgmt. | J86: USA | K86: =VLOOKUP(tblSalaries#this row;where do you work,tblCountriesactual:mapping,2,0) -> #VALUE! | L86: All the 8 hours baby, all the 8! | N86: =VLOOKUP(K86,tblCountries,3,0) -> #VALUE! | O86: =VLOOKUP(tblSalaries#this row;how many hours of a day you work on excel,tblHours,2,0) -> #VALUE! | P86: =VLOOKUP(tblSalaries#this row;clean country,tblCountries,5,0) -> #VALUE! | Q86: =IF($Q$1,tblSalaries#this row;ppp factor*tblSalaries#this row;salary in usd,tblSalaries#this row;salary in usd) -> #VALUE!
B87: ID0084 | C87: 41055.004 | D87: 120000 | E87: 120000 | F87: USD | G87: =tblSalaries#this row;clean salary (in local currency)*VLOOKUP(tblSalaries#this row;currency,tblXrate,2,0) -> #VALUE! | H87: Manager, Forecasts & Budgets | I87: Manager | J87: USA | K87: =VLOOKUP(tblSalaries#this row;where do you work,tblCountriesactual:mapping,2,0) -> #VALUE! | L87: 4 to 6 hours a day | N87: =VLOOKUP(K87,tblCountries,3,0) -> #VALUE! | O87: =VLOOKUP(tblSalaries#this row;how many hours of a day you work on excel,tblHours,2,0) -> #VALUE! | P87: =VLOOKUP(tblSalaries#this row;clean country,tblCountries,5,0) -> #VALUE! | Q87: =IF($Q$1,tblSalaries#this row;ppp factor*tblSalaries#this row;salary in usd,tblSalaries#this row;salary in usd) -> #VALUE!
B88: ID0085 | C88: 41055.007 | D88: 500000 | E88: 500000 | F88: INR | G88: =tblSalaries#this row;clean salary (in local currency)*VLOOKUP(tblSalaries#this row;currency,tblXrate,2,0) -> #VALUE! | H88: Senior Consultant | I88: Consultant | J88: India | K88: =VLOOKUP(tblSalaries#this row;where do you work,tblCountriesactual:mapping,2,0) -> #VALUE! | L88: All the 8 hours baby, all the 8! | N88: =VLOOKUP(K88,tblCountries,3,0) -> #VALUE! | O88: =VLOOKUP(tblSalaries#this row;how many hours of a day you work on excel,tblHours,2,0) -> #VALUE! | P88: =VLOOKUP(tblSalaries#this row;clean country,tblCountries,5,0) -> #VALUE! | Q88: =IF($Q$1,tblSalaries#this row;ppp factor*tblSalaries#this row;salary in usd,tblSalaries#this row;salary in usd) -> #VALUE!
B89: ID0086 | C89: 41055.008 | D89: US $ 31330.00 | E89: 31330 | F89: USD | G89: =tblSalaries#this row;clean salary (in local currency)*VLOOKUP(tblSalaries#this row;currency,tblXrate,2,0) -> #VALUE! | H89: VBA Analyst | I89: Analyst | J89: Brazil | K89: =VLOOKUP(tblSalaries#this row;where do you work,tblCountriesactual:mapping,2,0) -> #VALUE! | L89: All the 8 hours baby, all the 8! | N89: =VLOOKUP(K89,tblCountries,3,0) -> #VALUE! | O89: =VLOOKUP(tblSalaries#this row;how many hours of a day you work on excel,tblHours,2,0) -> #VALUE! | P89: =VLOOKUP(tblSalaries#this row;clean country,tblCountries,5,0) -> #VALUE! | Q89: =IF($Q$1,tblSalaries#this row;ppp factor*tblSalaries#this row;salary in usd,tblSalaries#this row;salary in usd) -> #VALUE!
B90: ID0087 | C90: 41055.011 | D90: 110000 | E90: 110000 | F90: USD | G90: =tblSalaries#this row;clean salary (in local currency)*VLOOKUP(tblSalaries#this row;currency,tblXrate,2,0) -> #VALUE! | H90: Senior Scheduling Engineer | I90: Engineer | J90: USA | K90: =VLOOKUP(tblSalaries#this row;where do you work,tblCountriesactual:mapping,2,0) -> #VALUE! | L90: 2 to 3 hours per day | N90: =VLOOKUP(K90,tblCountries,3,0) -> #VALUE! | O90: =VLOOKUP(tblSalaries#this row;how many hours of a day you work on excel,tblHours,2,0) -> #VALUE! | P90: =VLOOKUP(tblSalaries#this row;clean country,tblCountries,5,0) -> #VALUE! | Q90: =IF($Q$1,tblSalaries#this row;ppp factor*tblSalaries#this row;salary in usd,tblSalaries#this row;salary in usd) -> #VALUE!
B91: ID0088 | C91: 41055.016 | D91: 81,000USD | E91: 81000 | F91: USD | G91: =tblSalaries#this row;clean salary (in local currency)*VLOOKUP(tblSalaries#this row;currency,tblXrate,2,0) -> #VALUE! | H91: Strategy Consultant | I91: Consultant | J91: UK | K91: =VLOOKUP(tblSalaries#this row;where do you work,tblCountriesactual:mapping,2,0) -> #VALUE! | L91: 4 to 6 hours a day | N91: =VLOOKUP(K91,tblCountries,3,0) -> #VALUE! | O91: =VLOOKUP(tblSalaries#this row;how many hours of a day you work on excel,tblHours,2,0) -> #VALUE! | P91: =VLOOKUP(tblSalaries#this row;clean country,tblCountries,5,0) -> #VALUE! | Q91: =IF($Q$1,tblSalaries#this row;ppp factor*tblSalaries#this row;salary in usd,tblSalaries#this row;salary in usd) -> #VALUE!
B92: ID0089 | C92: 41055.027 | D92: 40000 | E92: 40000 | F92: USD | G92: =tblSalaries#this row;clean salary (in local currency)*VLOOKUP(tblSalaries#this row;currency,tblXrate,2,0) -> #VALUE! | H92: Admin | I92: Analyst | J92: USA | K92: =VLOOKUP(tblSalaries#this row;where do you work,tblCountriesactual:mapping,2,0) -> #VALUE! | L92: 4 to 6 hours a day | N92: =VLOOKUP(K92,tblCountries,3,0) -> #VALUE! | O92: =VLOOKUP(tblSalaries#this row;how many hours of a day you work on excel,tblHours,2,0) -> #VALUE! | P92: =VLOOKUP(tblSalaries#this row;clean country,tblCountries,5,0) -> #VALUE! | Q92: =IF($Q$1,tblSalaries#this row;ppp factor*tblSalaries#this row;salary in usd,tblSalaries#this row;salary in usd) -> #VALUE!
B93: ID0090 | C93: 41055.027 | D93: 42000 | E93: 42000 | F93: CAD | G93: =tblSalaries#this row;clean salary (in local currency)*VLOOKUP(tblSalaries#this row;currency,tblXrate,2,0) -> #VALUE! | H93: IT Asset Administrator | I93: Analyst | J93: Canada | K93: =VLOOKUP(tblSalaries#this row;where do you work,tblCountriesactual:mapping,2,0) -> #VALUE! | L93: 4 to 6 hours a day | N93: =VLOOKUP(K93,tblCountries,3,0) -> #VALUE! | O93: =VLOOKUP(tblSalaries#this row;how many hours of a day you work on excel,tblHours,2,0) -> #VALUE! | P93: =VLOOKUP(tblSalaries#this row;clean country,tblCountries,5,0) -> #VALUE! | Q93: =IF($Q$1,tblSalaries#this row;ppp factor*tblSalaries#this row;salary in usd,tblSalaries#this row;salary in usd) -> #VALUE!
B94: ID0091 | C94: 41055.027 | D94: 125000 | E94: 125000 | F94: USD | G94: =tblSalaries#this row;clean salary (in local currency)*VLOOKUP(tblSalaries#this row;currency,tblXrate,2,0) -> #VALUE! | H94: Director of Marketing | I94: CXO or Top Mgmt. | J94: USA | K94: =VLOOKUP(tblSalaries#this row;where do you work,tblCountriesactual:mapping,2,0) -> #VALUE! | L94: 4 to 6 hours a day | N94: =VLOOKUP(K94,tblCountries,3,0) -> #VALUE! | O94: =VLOOKUP(tblSalaries#this row;how many hours of a day you work on excel,tblHours,2,0) -> #VALUE! | P94: =VLOOKUP(tblSalaries#this row;clean country,tblCountries,5,0) -> #VALUE! | Q94: =IF($Q$1,tblSalaries#this row;ppp factor*tblSalaries#this row;salary in usd,tblSalaries#this row;salary in usd) -> #VALUE!
B95: ID0092 | C95: 41055.028 | D95: 36000 | E95: 36000 | F95: USD | G95: =tblSalaries#this row;clean salary (in local currency)*VLOOKUP(tblSalaries#this row;currency,tblXrate,2,0) -> #VALUE! | H95: Graphic Design Manager | I95: Manager | J95: USA | K95: =VLOOKUP(tblSalaries#this row;where do you work,tblCountriesactual:mapping,2,0) -> #VALUE! | L95: 2 to 3 hours per day | N95: =VLOOKUP(K95,tblCountries,3,0) -> #VALUE! | O95: =VLOOKUP(tblSalaries#this row;how many hours of a day you work on excel,tblHours,2,0) -> #VALUE! | P95: =VLOOKUP(tblSalaries#this row;clean country,tblCountries,5,0) -> #VALUE! | Q95: =IF($Q$1,tblSalaries#this row;ppp factor*tblSalaries#this row;salary in usd,tblSalaries#this row;salary in usd) -> #VALUE!
B96: ID0093 | C96: 41055.028 | D96: Rs. 12,000/- | E96: 144000 | F96: INR | G96: =tblSalaries#this row;clean salary (in local currency)*VLOOKUP(tblSalaries#this row;currency,tblXrate,2,0) -> #VALUE! | H96: Financial Consultant | I96: Consultant | J96: India | K96: =VLOOKUP(tblSalaries#this row;where do you work,tblCountriesactual:mapping,2,0) -> #VALUE! | L96: 1 or 2 hours a day | N96: =VLOOKUP(K96,tblCountries,3,0) -> #VALUE! | O96: =VLOOKUP(tblSalaries#this row;how many hours of a day you work on excel,tblHours,2,0) -> #VALUE! | P96: =VLOOKUP(tblSalaries#this row;clean country,tblCountries,5,0) -> #VALUE! | Q96: =IF($Q$1,tblSalaries#this row;ppp factor*tblSalaries#this row;salary in usd,tblSalaries#this row;salary in usd) -> #VALUE!
B97: ID0094 | C97: 41055.028 | D97: 75000 | E97: 75000 | F97: USD | G97: =tblSalaries#this row;clean salary (in local currency)*VLOOKUP(tblSalaries#this row;currency,tblXrate,2,0) -> #VALUE! | H97: Data Analyst | I97: Analyst | J97: USA | K97: =VLOOKUP(tblSalaries#this row;where do you work,tblCountriesactual:mapping,2,0) -> #VALUE! | L97: 1 or 2 hours a day | N97: =VLOOKUP(K97,tblCountries,3,0) -> #VALUE! | O97: =VLOOKUP(tblSalaries#this row;how many hours of a day you work on excel,tblHours,2,0) -> #VALUE! | P97: =VLOOKUP(tblSalaries#this row;clean country,tblCountries,5,0) -> #VALUE! | Q97: =IF($Q$1,tblSalaries#this row;ppp factor*tblSalaries#this row;salary in usd,tblSalaries#this row;salary in usd) -> #VALUE!
B98: ID0095 | C98: 41055.028 | D98: 95000 | E98: 95000 | F98: USD | G98: =tblSalaries#this row;clean salary (in local currency)*VLOOKUP(tblSalaries#this row;currency,tblXrate,2,0) -> #VALUE! | H98: CFO | I98: CXO or Top Mgmt. | J98: USA | K98: =VLOOKUP(tblSalaries#this row;where do you work,tblCountriesactual:mapping,2,0) -> #VALUE! | L98: 4 to 6 hours a day | N98: =VLOOKUP(K98,tblCountries,3,0) -> #VALUE! | O98: =VLOOKUP(tblSalaries#this row;how many hours of a day you work on excel,tblHours,2,0) -> #VALUE! | P98: =VLOOKUP(tblSalaries#this row;clean country,tblCountries,5,0) -> #VALUE! | Q98: =IF($Q$1,tblSalaries#this row;ppp factor*tblSalaries#this row;salary in usd,tblSalaries#this row;salary in usd) -> #VALUE!
B99: ID0096 | C99: 41055.028 | D99: 24000 | E99: 24000 | F99: USD | G99: =tblSalaries#this row;clean salary (in local currency)*VLOOKUP(tblSalaries#this row;currency,tblXrate,2,0) -> #VALUE! | H99: Paraeducator | I99: Manager | J99: USA | K99: =VLOOKUP(tblSalaries#this row;where do you work,tblCountriesactual:mapping,2,0) -> #VALUE! | L99: 2 to 3 hours per day | N99: =VLOOKUP(K99,tblCountries,3,0) -> #VALUE! | O99: =VLOOKUP(tblSalaries#this row;how many hours of a day you work on excel,tblHours,2,0) -> #VALUE! | P99: =VLOOKUP(tblSalaries#this row;clean country,tblCountries,5,0) -> #VALUE! | Q99: =IF($Q$1,tblSalaries#this row;ppp factor*tblSalaries#this row;salary in usd,tblSalaries#this row;salary in usd) -> #VALUE!
B100: ID0097 | C100: 41055.028 | D100: 91,000 USD | E100: 91000 | F100: USD | G100: =tblSalaries#this row;clean salary (in local currency)*VLOOKUP(tblSalaries#this row;currency,tblXrate,2,0) -> #VALUE! | H100: Channel Marketing Manager | I100: Manager | J100: USA | K100: =VLOOKUP(tblSalaries#this row;where do you work,tblCountriesactual:mapping,2,0) -> #VALUE! | L100: 1 or 2 hours a day | N100: =VLOOKUP(K100,tblCountries,3,0) -> #VALUE! | O100: =VLOOKUP(tblSalaries#this row;how many hours of a day you work on excel,tblHours,2,0) -> #VALUE! | P100: =VLOOKUP(tblSalaries#this row;clean country,tblCountries,5,0) -> #VALUE! | Q100: =IF($Q$1,tblSalaries#this row;ppp factor*tblSalaries#this row;salary in usd,tblSalaries#this row;salary in usd) -> #VALUE!
B101: ID0098 | C101: 41055.028 | D101: 40000 | E101: 40000 | F101: USD | G101: =tblSalaries#this row;clean salary (in local currency)*VLOOKUP(tblSalaries#this row;currency,tblXrate,2,0) -> #VALUE! | H101: Sales and Marketing Analyst | I101: Analyst | J101: USA | K101: =VLOOKUP(tblSalaries#this row;where do you work,tblCountriesactual:mapping,2,0) -> #VALUE! | L101: 4 to 6 hours a day | N101: =VLOOKUP(K101,tblCountries,3,0) -> #VALUE! | O101: =VLOOKUP(tblSalaries#this row;how many hours of a day you work on excel,tblHours,2,0) -> #VALUE! | P101: =VLOOKUP(tblSalaries#this row;clean country,tblCountries,5,0) -> #VALUE! | Q101: =IF($Q$1,tblSalaries#this row;ppp factor*tblSalaries#this row;salary in usd,tblSalaries#this row;salary in usd) -> #VALUE!
B102: ID0099 | C102: 41055.028 | D102: 57000 | E102: 57000 | F102: USD | G102: =tblSalaries#this row;clean salary (in local currency)*VLOOKUP(tblSalaries#this row;currency,tblXrate,2,0) -> #VALUE! | H102: Production Scheduler | I102: Manager | J102: USA | K102: =VLOOKUP(tblSalaries#this row;where do you work,tblCountriesactual:mapping,2,0) -> #VALUE! | L102: 4 to 6 hours a day | N102: =VLOOKUP(K102,tblCountries,3,0) -> #VALUE! | O102: =VLOOKUP(tblSalaries#this row;how many hours of a day you work on excel,tblHours,2,0) -> #VALUE! | P102: =VLOOKUP(tblSalaries#this row;clean country,tblCountries,5,0) -> #VALUE! | Q102: =IF($Q$1,tblSalaries#this row;ppp factor*tblSalaries#this row;salary in usd,tblSalaries#this row;salary in usd) -> #VALUE!
...

Sheet Calculations
B1: Average salary by Continent by Job Type, Experience, Daily usage of Excel | N1: Salary boxplot | AG1: Proportion of participants by… | AW1: Average salary by… | BL1: Top 5 countries by… | CB1: Random facts from the study
N2: Continent #1 | W2: Continent #2 | AG2: =+Dashboard!M32 -> Daily usage of Excel in hours | AW2: =+Dashboard!M20 -> Years of experience with Excel | CT2: No | CU2: Message
D3: min | E3: max | AG3: Selection : | AH3: =MATCH(AG2,lstGraph2,0) -> 2 | AW3: Selection : | AX3: =MATCH(AW2,lstGraph2,0) -> 1 | BL3: Selected Metrics : | BN3: 4 | BO3: =+CHOOSE($BN$3,BM6,BN6,BO6,BP6) -> Nb responses | CT3: 1 | CU3: =+INDEX($CU$18:$CU$33,MATCH(CT3,$CT$18:$CT$33,0)) -> #VALUE! | CV3: =+INDEX($CV$18:$CV$33,MATCH(CT3,$CT$18:$CT$33,0)) -> Participants are using Excel 0 hours a day.
B4: Experience | D4: =+Dashboard!AA6 -> 0 | E4: =+Dashboard!AE6 -> 99 | O4: Min | P4: 1st Quartile | Q4: Median | R4: 3rd Quartile | S4: Max | X4: Min | Y4: 1st Quartile | Z4: Median | AA4: 3rd Quartile | AB4: Max | CT4: 2 | CU4: =+INDEX($CU$18:$CU$33,MATCH(CT4,$CT$18:$CT$33,0)) -> #VALUE! | CV4: =+INDEX($CV$18:$CV$33,MATCH(CT4,$CT$18:$CT$33,0)) -> Participants working as Accountant have more then 15 years of experience.
B5: # hours per day | C5: =+Dashboard!AA7 -> * | D5: =+VLOOKUP(C5,tblHours,2)-0.1 -> -1.1 | E5: =+VLOOKUP(C5,tblHours,3)+0.1 -> 99.1 | O5: 0 | P5: 1 | Q5: 2 | R5: 3 | S5: 4 | X5: 0 | Y5: 1 | Z5: 2 | AA5: 3 | AB5: 4 | AG5: Experience | AO5: # hours / day | AW5: Experience | BE5: # hours / day | BL5: 5 Countries from the scroll bar position | BO5: 0 | CT5: 3 | CU5: =+INDEX($CU$18:$CU$33,MATCH(CT5,$CT$18:$CT$33,0)) -> 100% | CV5: =+INDEX($CV$18:$CV$33,MATCH(CT5,$CT$18:$CT$33,0)) -> Participants love Chandoo.org !
B6: Selected cont | C6: =Dashboard!AA5 -> North America | D6: =INDEX(lstContinents,MATCH(C6,lstContinents2,0)) -> North Amer. | N6: Selection | O6: =+Dashboard!AA26 -> Asia | W6: Selection | X6: =+Dashboard!AA27 -> North America | AG6: Min | AH6: 0 | AI6: 2 | AJ6: 5 | AK6: 10 | AL6: 15 | AO6: Code Hours | AP6: 1 | AQ6: 2 | AR6: 3 | AS6: 4 | AT6: 5 | AW6: Min | AX6: 0 | AY6: 2 | AZ6: 5 | BA6: 10 | BB6: 15 | BE6: Code | BF6: 1 | BG6: 2 | BH6: 3 | BI6: 4 | BJ6: 5 | BL6: Index | BM6: Country | BN6: Salary | BO6: Experience | BP6: Nb responses | CT6: 4 | CU6: =+INDEX($CU$18:$CU$33,MATCH(CT6,$CT$18:$CT$33,0)) -> #VALUE! | CV6: =+INDEX($CV$18:$CV$33,MATCH(CT6,$CT$18:$CT$33,0)) -> Participants living in Asia.
B7: Total Salaries | O7: =INDEX(lstContinents,MATCH(O6,lstContinents2,0)) -> Asia | P7: =+O7 -> Asia | Q7: =+P7 -> Asia | R7: =+Q7 -> Asia | S7: =+R7 -> Asia | X7: =INDEX(lstContinents,MATCH(X6,lstContinents2,0)) -> North Amer. | Y7: =+X7 -> North Amer. | Z7: =+Y7 -> North Amer. | AA7: =+Z7 -> North Amer. | AB7: =+AA7 -> North Amer. | AG7: Max | AH7: 2 | AI7: 5 | AJ7: 10 | AK7: 15 | AL7: 99 | AW7: Max | AX7: 2 | AY7: 5 | AZ7: 10 | BA7: 15 | BB7: 99 | BL7: Max | BN7: =MAX(BN18:BN120) -> #VALUE! | BO7: =MAX(BO18:BO120) -> 0 | BP7: =MAX(BP18:BP120) -> #VALUE! | CT7: 5 | CU7: =+INDEX($CU$18:$CU$33,MATCH(CT7,$CT$18:$CT$33,0)) -> #VALUE! | CV7: =+INDEX($CV$18:$CV$33,MATCH(CT7,$CT$18:$CT$33,0)) -> Average salary of participants living in Europe.
C8: Asia | D8: Europe | E8: Africa | F8: North Amer. | G8: South Amer. | H8: Oceania | I8: Worldwide | J8: Selected Continent | O8: Min | P8: 1st Quartile | Q8: Median | R8: 3rd Quartile | S8: Max | X8: Min | Y8: 1st Quartile | Z8: Median | AA8: 3rd Quartile | AB8: Max | BL8: =1+BO5 -> 1 | BM8: =INDEX($BU$18:$BY$120,$BL8,COLUMNS($BL$8:BM8)) -> #N/A | BN8: =INDEX($BU$18:$BY$120,$BL8,COLUMNS($BL$8:BN8)) -> #N/A | BO8: =INDEX($BU$18:$BY$120,$BL8,COLUMNS($BL$8:BO8)) -> #N/A | BP8: =INDEX($BU$18:$BY$120,$BL8,COLUMNS($BL$8:BP8)) -> #N/A
B9: Accountant | C9: {=SUM((Continent=C$8)*(JobType=$B9)*(YearsExp>$D$4)*(YearsExp<$E$4)*(CodeHours>$D$5)*(CodeHours<$E$5)*Salaries)} -> #VALUE! | D9: {=SUM((Continent=D$8)*(JobType=$B9)*(YearsExp>$D$4)*(YearsExp<$E$4)*(CodeHours>$D$5)*(CodeHours<$E$5)*Salaries)} -> #VALUE! | E9: {=SUM((Continent=E$8)*(JobType=$B9)*(YearsExp>$D$4)*(YearsExp<$E$4)*(CodeHours>$D$5)*(CodeHours<$E$5)*Salaries)} -> #VALUE! | F9: {=SUM((Continent=F$8)*(JobType=$B9)*(YearsExp>$D$4)*(YearsExp<$E$4)*(CodeHours>$D$5)*(CodeHours<$E$5)*Salaries)} -> #VALUE! | G9: {=SUM((Continent=G$8)*(JobType=$B9)*(YearsExp>$D$4)*(YearsExp<$E$4)*(CodeHours>$D$5)*(CodeHours<$E$5)*Salaries)} -> #VALUE! | H9: {=SUM((Continent=H$8)*(JobType=$B9)*(YearsExp>$D$4)*(YearsExp<$E$4)*(CodeHours>$D$5)*(CodeHours<$E$5)*Salaries)} -> #VALUE! | I9: =SUM(C9:H9) -> #VALUE! | J9: =INDEX(C9:H9,,MATCH($D$6,$C$8:$H$8,0)) -> #VALUE! | N9: Accountant | O9: {=QUARTILE(IF((Continent=O$7)*(JobType=$B9)*1,Salaries),O$5)} -> #VALUE! | P9: {=QUARTILE(IF((Continent=P$7)*(JobType=$B9),Salaries),P$5)} -> #VALUE! | Q9: {=QUARTILE(IF((Continent=Q$7)*(JobType=$B9),Salaries),Q$5)} -> #VALUE! | R9: {=QUARTILE(IF((Continent=R$7)*(JobType=$B9),Salaries),R$5)} -> #VALUE! | S9: {=QUARTILE(IF((Continent=S$7)*(JobType=$B9),Salaries),S$5)} -> #VALUE! | W9: Accountant | X9: {=QUARTILE(IF((Continent=X$7)*(JobType=$B9),Salaries),X$5)} -> #VALUE! | Y9: {=QUARTILE(IF((Continent=Y$7)*(JobType=$B9),Salaries),Y$5)} -> #VALUE! | Z9: {=QUARTILE(IF((Continent=Z$7)*(JobType=$B9),Salaries),Z$5)} -> #VALUE! | AA9: {=QUARTILE(IF((Continent=AA$7)*(JobType=$B9),Salaries),AA$5)} -> #VALUE! | AB9: {=QUARTILE(IF((Continent=AB$7)*(JobType=$B9),Salaries),AB$5)} -> #VALUE! | AH9: 0 - 2 yrs | AI9: 2 - 5 yrs | AJ9: 5 - 10 yrs | AK9: 10 - 15 yrs | AL9: 15+ yrs | AM9: Total | AP9: 0 hrs | AQ9: 1 - 2 hrs | AR9: 2 - 3 hrs | AS9: 4 - 6 hrs | AT9: 8+ hrs | AU9: Total | AX9: 0 - 2 yrs | AY9: 2 - 5 yrs | AZ9: 5 - 10 yrs | BA9: 10 - 15 yrs | BB9: 15+ yrs | BF9: 0 hrs | BG9: 1 - 2 hrs | BH9: 2 - 3 hrs | BI9: 4 - 6 hrs | BJ9: 8+ hrs | BL9: =+BL8+1 -> 2 | BM9: =INDEX($BU$18:$BY$120,$BL9,COLUMNS($BL$8:BM9)) -> #N/A | BN9: =INDEX($BU$18:$BY$120,$BL9,COLUMNS($BL$8:BN9)) -> #N/A | BO9: =INDEX($BU$18:$BY$120,$BL9,COLUMNS($BL$8:BO9)) -> #N/A | BP9: =INDEX($BU$18:$BY$120,$BL9,COLUMNS($BL$8:BP9)) -> #N/A
B10: Analyst | C10: {=SUM((Continent=C$8)*(JobType=$B10)*(YearsExp>$D$4)*(YearsExp<$E$4)*(CodeHours>$D$5)*(CodeHours<$E$5)*Salaries)} -> #VALUE! | D10: {=SUM((Continent=D$8)*(JobType=$B10)*(YearsExp>$D$4)*(YearsExp<$E$4)*(CodeHours>$D$5)*(CodeHours<$E$5)*Salaries)} -> #VALUE! | E10: {=SUM((Continent=E$8)*(JobType=$B10)*(YearsExp>$D$4)*(YearsExp<$E$4)*(CodeHours>$D$5)*(CodeHours<$E$5)*Salaries)} -> #VALUE! | F10: {=SUM((Continent=F$8)*(JobType=$B10)*(YearsExp>$D$4)*(YearsExp<$E$4)*(CodeHours>$D$5)*(CodeHours<$E$5)*Salaries)} -> #VALUE! | G10: {=SUM((Continent=G$8)*(JobType=$B10)*(YearsExp>$D$4)*(YearsExp<$E$4)*(CodeHours>$D$5)*(CodeHours<$E$5)*Salaries)} -> #VALUE! | H10: {=SUM((Continent=H$8)*(JobType=$B10)*(YearsExp>$D$4)*(YearsExp<$E$4)*(CodeHours>$D$5)*(CodeHours<$E$5)*Salaries)} -> #VALUE! | I10: =SUM(C10:H10) -> #VALUE! | J10: =INDEX(C10:H10,,MATCH($D$6,$C$8:$H$8,0)) -> #VALUE! | N10: Analyst | O10: {=QUARTILE(IF((Continent=O$7)*(JobType=$B10)*1,Salaries),O$5)} -> #VALUE! | P10: {=QUARTILE(IF((Continent=P$7)*(JobType=$B10),Salaries),P$5)} -> #VALUE! | Q10: {=QUARTILE(IF((Continent=Q$7)*(JobType=$B10),Salaries),Q$5)} -> #VALUE! | R10: {=QUARTILE(IF((Continent=R$7)*(JobType=$B10),Salaries),R$5)} -> #VALUE! | S10: {=QUARTILE(IF((Continent=S$7)*(JobType=$B10),Salaries),S$5)} -> #VALUE! | W10: Analyst | X10: {=QUARTILE(IF((Continent=X$7)*(JobType=$B10),Salaries),X$5)} -> #VALUE! | Y10: {=QUARTILE(IF((Continent=Y$7)*(JobType=$B10),Salaries),Y$5)} -> #VALUE! | Z10: {=QUARTILE(IF((Continent=Z$7)*(JobType=$B10),Salaries),Z$5)} -> #VALUE! | AA10: {=QUARTILE(IF((Continent=AA$7)*(JobType=$B10),Salaries),AA$5)} -> #VALUE! | AB10: {=QUARTILE(IF((Continent=AB$7)*(JobType=$B10),Salaries),AB$5)} -> #VALUE! | AG10: Asia | AH10: {=SUM((Continent=$AG10)*(YearsExp>AH$6)*(YearsExp<=AH$7))} -> #VALUE! | AI10: {=SUM((Continent=$AG10)*(YearsExp>AI$6)*(YearsExp<=AI$7))} -> #VALUE! | AJ10: {=SUM((Continent=$AG10)*(YearsExp>AJ$6)*(YearsExp<=AJ$7))} -> #VALUE! | AK10: {=SUM((Continent=$AG10)*(YearsExp>AK$6)*(YearsExp<=AK$7))} -> #VALUE! | AL10: {=SUM((Continent=$AG10)*(YearsExp>AL$6)*(YearsExp<=AL$7))} -> #VALUE! | AM10: =SUM(AH10:AL10) -> #VALUE! | AO10: Asia | AP10: {=SUMPRODUCT((Continent=$AO10)*(CodeHours=AP$6))} -> #VALUE! | AQ10: {=SUMPRODUCT((Continent=$AO10)*(CodeHours=AQ$6))} -> #VALUE! | AR10: {=SUMPRODUCT((Continent=$AO10)*(CodeHours=AR$6))} -> #VALUE! | AS10: {=SUMPRODUCT((Continent=$AO10)*(CodeHours=AS$6))} -> #VALUE! | AT10: {=SUMPRODUCT((Continent=$AO10)*(CodeHours=AT$6))} -> #VALUE! | AU10: =SUM(AP10:AT10) -> #VALUE! | AW10: Asia | AX10: {=SUM((Continent=$AG10)*(YearsExp>AX$6)*(YearsExp<=AX$7)*Salaries)/AH10} -> #VALUE! | AY10: {=SUM((Continent=$AG10)*(YearsExp>AY$6)*(YearsExp<=AY$7)*Salaries)/AI10} -> #VALUE! | AZ10: {=SUM((Continent=$AG10)*(YearsExp>AZ$6)*(YearsExp<=AZ$7)*Salaries)/AJ10} -> #VALUE! | BA10: {=SUM((Continent=$AG10)*(YearsExp>BA$6)*(YearsExp<=BA$7)*Salaries)/AK10} -> #VALUE! | BB10: {=SUM((Continent=$AG10)*(YearsExp>BB$6)*(YearsExp<=BB$7)*Salaries)/AL10} -> #VALUE! | BE10: Asia | BF10: {=IFERROR(SUM((Continent=$AO10)*(CodeHours=BF$6)*Salaries)/AP10,"")} | BG10: {=IFERROR(SUM((Continent=$AO10)*(CodeHours=BG$6)*Salaries)/AQ10,"")} | BH10: {=IFERROR(SUM((Continent=$AO10)*(CodeHours=BH$6)*Salaries)/AR10,"")} | BI10: {=IFERROR(SUM((Continent=$AO10)*(CodeHours=BI$6)*Salaries)/AS10,"")} | BJ10: {=IFERROR(SUM((Continent=$AO10)*(CodeHours=BJ$6)*Salaries)/AT10,"")} | BL10: =+BL9+1 -> 3 | BM10: =INDEX($BU$18:$BY$120,$BL10,COLUMNS($BL$8:BM10)) -> #N/A | BN10: =INDEX($BU$18:$BY$120,$BL10,COLUMNS($BL$8:BN10)) -> #N/A | BO10: =INDEX($BU$18:$BY$120,$BL10,COLUMNS($BL$8:BO10)) -> #N/A | BP10: =INDEX($BU$18:$BY$120,$BL10,COLUMNS($BL$8:BP10)) -> #N/A
B11: Consultant | C11: {=SUM((Continent=C$8)*(JobType=$B11)*(YearsExp>$D$4)*(YearsExp<$E$4)*(CodeHours>$D$5)*(CodeHours<$E$5)*Salaries)} -> #VALUE! | D11: {=SUM((Continent=D$8)*(JobType=$B11)*(YearsExp>$D$4)*(YearsExp<$E$4)*(CodeHours>$D$5)*(CodeHours<$E$5)*Salaries)} -> #VALUE! | E11: {=SUM((Continent=E$8)*(JobType=$B11)*(YearsExp>$D$4)*(YearsExp<$E$4)*(CodeHours>$D$5)*(CodeHours<$E$5)*Salaries)} -> #VALUE! | F11: {=SUM((Continent=F$8)*(JobType=$B11)*(YearsExp>$D$4)*(YearsExp<$E$4)*(CodeHours>$D$5)*(CodeHours<$E$5)*Salaries)} -> #VALUE! | G11: {=SUM((Continent=G$8)*(JobType=$B11)*(YearsExp>$D$4)*(YearsExp<$E$4)*(CodeHours>$D$5)*(CodeHours<$E$5)*Salaries)} -> #VALUE! | H11: {=SUM((Continent=H$8)*(JobType=$B11)*(YearsExp>$D$4)*(YearsExp<$E$4)*(CodeHours>$D$5)*(CodeHours<$E$5)*Salaries)} -> #VALUE! | I11: =SUM(C11:H11) -> #VALUE! | J11: =INDEX(C11:H11,,MATCH($D$6,$C$8:$H$8,0)) -> #VALUE! | N11: Consultant | O11: {=QUARTILE(IF((Continent=O$7)*(JobType=$B11)*1,Salaries),O$5)} -> #VALUE! | P11: {=QUARTILE(IF((Continent=P$7)*(JobType=$B11),Salaries),P$5)} -> #VALUE! | Q11: {=QUARTILE(IF((Continent=Q$7)*(JobType=$B11),Salaries),Q$5)} -> #VALUE! | R11: {=QUARTILE(IF((Continent=R$7)*(JobType=$B11),Salaries),R$5)} -> #VALUE! | S11: {=QUARTILE(IF((Continent=S$7)*(JobType=$B11),Salaries),S$5)} -> #VALUE! | W11: Consultant | X11: {=QUARTILE(IF((Continent=X$7)*(JobType=$B11),Salaries),X$5)} -> #VALUE! | Y11: {=QUARTILE(IF((Continent=Y$7)*(JobType=$B11),Salaries),Y$5)} -> #VALUE! | Z11: {=QUARTILE(IF((Continent=Z$7)*(JobType=$B11),Salaries),Z$5)} -> #VALUE! | AA11: {=QUARTILE(IF((Continent=AA$7)*(JobType=$B11),Salaries),AA$5)} -> #VALUE! | AB11: {=QUARTILE(IF((Continent=AB$7)*(JobType=$B11),Salaries),AB$5)} -> #VALUE! | AG11: Europe | AH11: {=SUM((Continent=$AG11)*(YearsExp>AH$6)*(YearsExp<=AH$7))} -> #VALUE! | AI11: {=SUM((Continent=$AG11)*(YearsExp>AI$6)*(YearsExp<=AI$7))} -> #VALUE! | AJ11: {=SUM((Continent=$AG11)*(YearsExp>AJ$6)*(YearsExp<=AJ$7))} -> #VALUE! | AK11: {=SUM((Continent=$AG11)*(YearsExp>AK$6)*(YearsExp<=AK$7))} -> #VALUE! | AL11: {=SUM((Continent=$AG11)*(YearsExp>AL$6)*(YearsExp<=AL$7))} -> #VALUE! | AM11: =SUM(AH11:AL11) -> #VALUE! | AO11: Europe | AP11: {=SUMPRODUCT((Continent=$AO11)*(CodeHours=AP$6))} -> #VALUE! | AQ11: {=SUMPRODUCT((Continent=$AO11)*(CodeHours=AQ$6))} -> #VALUE! | AR11: {=SUMPRODUCT((Continent=$AO11)*(CodeHours=AR$6))} -> #VALUE! | AS11: {=SUMPRODUCT((Continent=$AO11)*(CodeHours=AS$6))} -> #VALUE! | AT11: {=SUMPRODUCT((Continent=$AO11)*(CodeHours=AT$6))} -> #VALUE! | AU11: =SUM(AP11:AT11) -> #VALUE! | AW11: Europe | AX11: {=SUM((Continent=$AG11)*(YearsExp>AX$6)*(YearsExp<=AX$7)*Salaries)/AH11} -> #VALUE! | AY11: {=SUM((Continent=$AG11)*(YearsExp>AY$6)*(YearsExp<=AY$7)*Salaries)/AI11} -> #VALUE! | AZ11: {=SUM((Continent=$AG11)*(YearsExp>AZ$6)*(YearsExp<=AZ$7)*Salaries)/AJ11} -> #VALUE! | BA11: {=SUM((Continent=$AG11)*(YearsExp>BA$6)*(YearsExp<=BA$7)*Salaries)/AK11} -> #VALUE! | BB11: {=SUM((Continent=$AG11)*(YearsExp>BB$6)*(YearsExp<=BB$7)*Salaries)/AL11} -> #VALUE! | BE11: Europe | BF11: {=IFERROR(SUM((Continent=$AO11)*(CodeHours=BF$6)*Salaries)/AP11,"")} | BG11: {=IFERROR(SUM((Continent=$AO11)*(CodeHours=BG$6)*Salaries)/AQ11,"")} | BH11: {=IFERROR(SUM((Continent=$AO11)*(CodeHours=BH$6)*Salaries)/AR11,"")} | BI11: {=IFERROR(SUM((Continent=$AO11)*(CodeHours=BI$6)*Salaries)/AS11,"")} | BJ11: {=IFERROR(SUM((Continent=$AO11)*(CodeHours=BJ$6)*Salaries)/AT11,"")} | BL11: =+BL10+1 -> 4 | BM11: =INDEX($BU$18:$BY$120,$BL11,COLUMNS($BL$8:BM11)) -> #N/A | BN11: =INDEX($BU$18:$BY$120,$BL11,COLUMNS($BL$8:BN11)) -> #N/A | BO11: =INDEX($BU$18:$BY$120,$BL11,COLUMNS($BL$8:BO11)) -> #N/A | BP11: =INDEX($BU$18:$BY$120,$BL11,COLUMNS($BL$8:BP11)) -> #N/A
B12: Controller | C12: {=SUM((Continent=C$8)*(JobType=$B12)*(YearsExp>$D$4)*(YearsExp<$E$4)*(CodeHours>$D$5)*(CodeHours<$E$5)*Salaries)} -> #VALUE! | D12: {=SUM((Continent=D$8)*(JobType=$B12)*(YearsExp>$D$4)*(YearsExp<$E$4)*(CodeHours>$D$5)*(CodeHours<$E$5)*Salaries)} -> #VALUE! | E12: {=SUM((Continent=E$8)*(JobType=$B12)*(YearsExp>$D$4)*(YearsExp<$E$4)*(CodeHours>$D$5)*(CodeHours<$E$5)*Salaries)} -> #VALUE! | F12: {=SUM((Continent=F$8)*(JobType=$B12)*(YearsExp>$D$4)*(YearsExp<$E$4)*(CodeHours>$D$5)*(CodeHours<$E$5)*Salaries)} -> #VALUE! | G12: {=SUM((Continent=G$8)*(JobType=$B12)*(YearsExp>$D$4)*(YearsExp<$E$4)*(CodeHours>$D$5)*(CodeHours<$E$5)*Salaries)} -> #VALUE! | H12: {=SUM((Continent=H$8)*(JobType=$B12)*(YearsExp>$D$4)*(YearsExp<$E$4)*(CodeHours>$D$5)*(CodeHours<$E$5)*Salaries)} -> #VALUE! | I12: =SUM(C12:H12) -> #VALUE! | J12: =INDEX(C12:H12,,MATCH($D$6,$C$8:$H$8,0)) -> #VALUE! | N12: Controller | O12: {=QUARTILE(IF((Continent=O$7)*(JobType=$B12)*1,Salaries),O$5)} -> #VALUE! | P12: {=QUARTILE(IF((Continent=P$7)*(JobType=$B12),Salaries),P$5)} -> #VALUE! | Q12: {=QUARTILE(IF((Continent=Q$7)*(JobType=$B12),Salaries),Q$5)} -> #VALUE! | R12: {=QUARTILE(IF((Continent=R$7)*(JobType=$B12),Salaries),R$5)} -> #VALUE! | S12: {=QUARTILE(IF((Continent=S$7)*(JobType=$B12),Salaries),S$5)} -> #VALUE! | W12: Controller | X12: {=QUARTILE(IF((Continent=X$7)*(JobType=$B12),Salaries),X$5)} -> #VALUE! | Y12: {=QUARTILE(IF((Continent=Y$7)*(JobType=$B12),Salaries),Y$5)} -> #VALUE! | Z12: {=QUARTILE(IF((Continent=Z$7)*(JobType=$B12),Salaries),Z$5)} -> #VALUE! | AA12: {=QUARTILE(IF((Continent=AA$7)*(JobType=$B12),Salaries),AA$5)} -> #VALUE! | AB12: {=QUARTILE(IF((Continent=AB$7)*(JobType=$B12),Salaries),AB$5)} -> #VALUE! | AG12: Africa | AH12: {=SUM((Continent=$AG12)*(YearsExp>AH$6)*(YearsExp<=AH$7))} -> #VALUE! | AI12: {=SUM((Continent=$AG12)*(YearsExp>AI$6)*(YearsExp<=AI$7))} -> #VALUE! | AJ12: {=SUM((Continent=$AG12)*(YearsExp>AJ$6)*(YearsExp<=AJ$7))} -> #VALUE! | AK12: {=SUM((Continent=$AG12)*(YearsExp>AK$6)*(YearsExp<=AK$7))} -> #VALUE! | AL12: {=SUM((Continent=$AG12)*(YearsExp>AL$6)*(YearsExp<=AL$7))} -> #VALUE! | AM12: =SUM(AH12:AL12) -> #VALUE! | AO12: Africa | AP12: {=SUMPRODUCT((Continent=$AO12)*(CodeHours=AP$6))} -> #VALUE! | AQ12: {=SUMPRODUCT((Continent=$AO12)*(CodeHours=AQ$6))} -> #VALUE! | AR12: {=SUMPRODUCT((Continent=$AO12)*(CodeHours=AR$6))} -> #VALUE! | AS12: {=SUMPRODUCT((Continent=$AO12)*(CodeHours=AS$6))} -> #VALUE! | AT12: {=SUMPRODUCT((Continent=$AO12)*(CodeHours=AT$6))} -> #VALUE! | AU12: =SUM(AP12:AT12) -> #VALUE! | AW12: Africa | AX12: {=SUM((Continent=$AG12)*(YearsExp>AX$6)*(YearsExp<=AX$7)*Salaries)/AH12} -> #VALUE! | AY12: {=SUM((Continent=$AG12)*(YearsExp>AY$6)*(YearsExp<=AY$7)*Salaries)/AI12} -> #VALUE! | AZ12: {=SUM((Continent=$AG12)*(YearsExp>AZ$6)*(YearsExp<=AZ$7)*Salaries)/AJ12} -> #VALUE! | BA12: {=SUM((Continent=$AG12)*(YearsExp>BA$6)*(YearsExp<=BA$7)*Salaries)/AK12} -> #VALUE! | BB12: {=SUM((Continent=$AG12)*(YearsExp>BB$6)*(YearsExp<=BB$7)*Salaries)/AL12} -> #VALUE! | BE12: Africa | BF12: {=IFERROR(SUM((Continent=$AO12)*(CodeHours=BF$6)*Salaries)/AP12,"")} | BG12: {=IFERROR(SUM((Continent=$AO12)*(CodeHours=BG$6)*Salaries)/AQ12,"")} | BH12: {=IFERROR(SUM((Continent=$AO12)*(CodeHours=BH$6)*Salaries)/AR12,"")} | BI12: {=IFERROR(SUM((Continent=$AO12)*(CodeHours=BI$6)*Salaries)/AS12,"")} | BJ12: {=IFERROR(SUM((Continent=$AO12)*(CodeHours=BJ$6)*Salaries)/AT12,"")} | BL12: =+BL11+1 -> 5 | BM12: =INDEX($BU$18:$BY$120,$BL12,COLUMNS($BL$8:BM12)) -> #N/A | BN12: =INDEX($BU$18:$BY$120,$BL12,COLUMNS($BL$8:BN12)) -> #N/A | BO12: =INDEX($BU$18:$BY$120,$BL12,COLUMNS($BL$8:BO12)) -> #N/A | BP12: =INDEX($BU$18:$BY$120,$BL12,COLUMNS($BL$8:BP12)) -> #N/A
B13: CXO or Top Mgmt. | C13: {=SUM((Continent=C$8)*(JobType=$B13)*(YearsExp>$D$4)*(YearsExp<$E$4)*(CodeHours>$D$5)*(CodeHours<$E$5)*Salaries)} -> #VALUE! | D13: {=SUM((Continent=D$8)*(JobType=$B13)*(YearsExp>$D$4)*(YearsExp<$E$4)*(CodeHours>$D$5)*(CodeHours<$E$5)*Salaries)} -> #VALUE! | E13: {=SUM((Continent=E$8)*(JobType=$B13)*(YearsExp>$D$4)*(YearsExp<$E$4)*(CodeHours>$D$5)*(CodeHours<$E$5)*Salaries)} -> #VALUE! | F13: {=SUM((Continent=F$8)*(JobType=$B13)*(YearsExp>$D$4)*(YearsExp<$E$4)*(CodeHours>$D$5)*(CodeHours<$E$5)*Salaries)} -> #VALUE! | G13: {=SUM((Continent=G$8)*(JobType=$B13)*(YearsExp>$D$4)*(YearsExp<$E$4)*(CodeHours>$D$5)*(CodeHours<$E$5)*Salaries)} -> #VALUE! | H13: {=SUM((Continent=H$8)*(JobType=$B13)*(YearsExp>$D$4)*(YearsExp<$E$4)*(CodeHours>$D$5)*(CodeHours<$E$5)*Salaries)} -> #VALUE! | I13: =SUM(C13:H13) -> #VALUE! | J13: =INDEX(C13:H13,,MATCH($D$6,$C$8:$H$8,0)) -> #VALUE! | N13: CXO or Top Mgmt. | O13: {=QUARTILE(IF((Continent=O$7)*(JobType=$B13)*1,Salaries),O$5)} -> #VALUE! | P13: {=QUARTILE(IF((Continent=P$7)*(JobType=$B13),Salaries),P$5)} -> #VALUE! | Q13: {=QUARTILE(IF((Continent=Q$7)*(JobType=$B13),Salaries),Q$5)} -> #VALUE! | R13: {=QUARTILE(IF((Continent=R$7)*(JobType=$B13),Salaries),R$5)} -> #VALUE! | S13: {=QUARTILE(IF((Continent=S$7)*(JobType=$B13),Salaries),S$5)} -> #VALUE! | W13: CXO or Top Mgmt. | X13: {=QUARTILE(IF((Continent=X$7)*(JobType=$B13),Salaries),X$5)} -> #VALUE! | Y13: {=QUARTILE(IF((Continent=Y$7)*(JobType=$B13),Salaries),Y$5)} -> #VALUE! | Z13: {=QUARTILE(IF((Continent=Z$7)*(JobType=$B13),Salaries),Z$5)} -> #VALUE! | AA13: {=QUARTILE(IF((Continent=AA$7)*(JobType=$B13),Salaries),AA$5)} -> #VALUE! | AB13: {=QUARTILE(IF((Continent=AB$7)*(JobType=$B13),Salaries),AB$5)} -> #VALUE! | AG13: North Amer. | AH13: {=SUM((Continent=$AG13)*(YearsExp>AH$6)*(YearsExp<=AH$7))} -> #VALUE! | AI13: {=SUM((Continent=$AG13)*(YearsExp>AI$6)*(YearsExp<=AI$7))} -> #VALUE! | AJ13: {=SUM((Continent=$AG13)*(YearsExp>AJ$6)*(YearsExp<=AJ$7))} -> #VALUE! | AK13: {=SUM((Continent=$AG13)*(YearsExp>AK$6)*(YearsExp<=AK$7))} -> #VALUE! | AL13: {=SUM((Continent=$AG13)*(YearsExp>AL$6)*(YearsExp<=AL$7))} -> #VALUE! | AM13: =SUM(AH13:AL13) -> #VALUE! | AO13: North Amer. | AP13: {=SUMPRODUCT((Continent=$AO13)*(CodeHours=AP$6))} -> #VALUE! | AQ13: {=SUMPRODUCT((Continent=$AO13)*(CodeHours=AQ$6))} -> #VALUE! | AR13: {=SUMPRODUCT((Continent=$AO13)*(CodeHours=AR$6))} -> #VALUE! | AS13: {=SUMPRODUCT((Continent=$AO13)*(CodeHours=AS$6))} -> #VALUE! | AT13: {=SUMPRODUCT((Continent=$AO13)*(CodeHours=AT$6))} -> #VALUE! | AU13: =SUM(AP13:AT13) -> #VALUE! | AW13: North Amer. | AX13: {=SUM((Continent=$AG13)*(YearsExp>AX$6)*(YearsExp<=AX$7)*Salaries)/AH13} -> #VALUE! | AY13: {=SUM((Continent=$AG13)*(YearsExp>AY$6)*(YearsExp<=AY$7)*Salaries)/AI13} -> #VALUE! | AZ13: {=SUM((Continent=$AG13)*(YearsExp>AZ$6)*(YearsExp<=AZ$7)*Salaries)/AJ13} -> #VALUE! | BA13: {=SUM((Continent=$AG13)*(YearsExp>BA$6)*(YearsExp<=BA$7)*Salaries)/AK13} -> #VALUE! | BB13: {=SUM((Continent=$AG13)*(YearsExp>BB$6)*(YearsExp<=BB$7)*Salaries)/AL13} -> #VALUE! | BE13: North Amer. | BF13: {=IFERROR(SUM((Continent=$AO13)*(CodeHours=BF$6)*Salaries)/AP13,"")} | BG13: {=IFERROR(SUM((Continent=$AO13)*(CodeHours=BG$6)*Salaries)/AQ13,"")} | BH13: {=IFERROR(SUM((Continent=$AO13)*(CodeHours=BH$6)*Salaries)/AR13,"")} | BI13: {=IFERROR(SUM((Continent=$AO13)*(CodeHours=BI$6)*Salaries)/AS13,"")} | BJ13: {=IFERROR(SUM((Continent=$AO13)*(CodeHours=BJ$6)*Salaries)/AT13,"")}
B14: Engineer | C14: {=SUM((Continent=C$8)*(JobType=$B14)*(YearsExp>$D$4)*(YearsExp<$E$4)*(CodeHours>$D$5)*(CodeHours<$E$5)*Salaries)} -> #VALUE! | D14: {=SUM((Continent=D$8)*(JobType=$B14)*(YearsExp>$D$4)*(YearsExp<$E$4)*(CodeHours>$D$5)*(CodeHours<$E$5)*Salaries)} -> #VALUE! | E14: {=SUM((Continent=E$8)*(JobType=$B14)*(YearsExp>$D$4)*(YearsExp<$E$4)*(CodeHours>$D$5)*(CodeHours<$E$5)*Salaries)} -> #VALUE! | F14: {=SUM((Continent=F$8)*(JobType=$B14)*(YearsExp>$D$4)*(YearsExp<$E$4)*(CodeHours>$D$5)*(CodeHours<$E$5)*Salaries)} -> #VALUE! | G14: {=SUM((Continent=G$8)*(JobType=$B14)*(YearsExp>$D$4)*(YearsExp<$E$4)*(CodeHours>$D$5)*(CodeHours<$E$5)*Salaries)} -> #VALUE! | H14: {=SUM((Continent=H$8)*(JobType=$B14)*(YearsExp>$D$4)*(YearsExp<$E$4)*(CodeHours>$D$5)*(CodeHours<$E$5)*Salaries)} -> #VALUE! | I14: =SUM(C14:H14) -> #VALUE! | J14: =INDEX(C14:H14,,MATCH($D$6,$C$8:$H$8,0)) -> #VALUE! | N14: Engineer | O14: {=QUARTILE(IF((Continent=O$7)*(JobType=$B14)*1,Salaries),O$5)} -> #VALUE! | P14: {=QUARTILE(IF((Continent=P$7)*(JobType=$B14),Salaries),P$5)} -> #VALUE! | Q14: {=QUARTILE(IF((Continent=Q$7)*(JobType=$B14),Salaries),Q$5)} -> #VALUE! | R14: {=QUARTILE(IF((Continent=R$7)*(JobType=$B14),Salaries),R$5)} -> #VALUE! | S14: {=QUARTILE(IF((Continent=S$7)*(JobType=$B14),Salaries),S$5)} -> #VALUE! | W14: Engineer | X14: {=QUARTILE(IF((Continent=X$7)*(JobType=$B14),Salaries),X$5)} -> #VALUE! | Y14: {=QUARTILE(IF((Continent=Y$7)*(JobType=$B14),Salaries),Y$5)} -> #VALUE! | Z14: {=QUARTILE(IF((Continent=Z$7)*(JobType=$B14),Salaries),Z$5)} -> #VALUE! | AA14: {=QUARTILE(IF((Continent=AA$7)*(JobType=$B14),Salaries),AA$5)} -> #VALUE! | AB14: {=QUARTILE(IF((Continent=AB$7)*(JobType=$B14),Salaries),AB$5)} -> #VALUE! | AG14: South Amer. | AH14: {=SUM((Continent=$AG14)*(YearsExp>AH$6)*(YearsExp<=AH$7))} -> #VALUE! | AI14: {=SUM((Continent=$AG14)*(YearsExp>AI$6)*(YearsExp<=AI$7))} -> #VALUE! | AJ14: {=SUM((Continent=$AG14)*(YearsExp>AJ$6)*(YearsExp<=AJ$7))} -> #VALUE! | AK14: {=SUM((Continent=$AG14)*(YearsExp>AK$6)*(YearsExp<=AK$7))} -> #VALUE! | AL14: {=SUM((Continent=$AG14)*(YearsExp>AL$6)*(YearsExp<=AL$7))} -> #VALUE! | AM14: =SUM(AH14:AL14) -> #VALUE! | AO14: South Amer. | AP14: {=SUMPRODUCT((Continent=$AO14)*(CodeHours=AP$6))} -> #VALUE! | AQ14: {=SUMPRODUCT((Continent=$AO14)*(CodeHours=AQ$6))} -> #VALUE! | AR14: {=SUMPRODUCT((Continent=$AO14)*(CodeHours=AR$6))} -> #VALUE! | AS14: {=SUMPRODUCT((Continent=$AO14)*(CodeHours=AS$6))} -> #VALUE! | AT14: {=SUMPRODUCT((Continent=$AO14)*(CodeHours=AT$6))} -> #VALUE! | AU14: =SUM(AP14:AT14) -> #VALUE! | AW14: South Amer. | AX14: {=SUM((Continent=$AG14)*(YearsExp>AX$6)*(YearsExp<=AX$7)*Salaries)/AH14} -> #VALUE! | AY14: {=SUM((Continent=$AG14)*(YearsExp>AY$6)*(YearsExp<=AY$7)*Salaries)/AI14} -> #VALUE! | AZ14: {=SUM((Continent=$AG14)*(YearsExp>AZ$6)*(YearsExp<=AZ$7)*Salaries)/AJ14} -> #VALUE! | BA14: {=SUM((Continent=$AG14)*(YearsExp>BA$6)*(YearsExp<=BA$7)*Salaries)/AK14} -> #VALUE! | BB14: {=SUM((Continent=$AG14)*(YearsExp>BB$6)*(YearsExp<=BB$7)*Salaries)/AL14} -> #VALUE! | BE14: South Amer. | BF14: {=IFERROR(SUM((Continent=$AO14)*(CodeHours=BF$6)*Salaries)/AP14,"")} | BG14: {=IFERROR(SUM((Continent=$AO14)*(CodeHours=BG$6)*Salaries)/AQ14,"")} | BH14: {=IFERROR(SUM((Continent=$AO14)*(CodeHours=BH$6)*Salaries)/AR14,"")} | BI14: {=IFERROR(SUM((Continent=$AO14)*(CodeHours=BI$6)*Salaries)/AS14,"")} | BJ14: {=IFERROR(SUM((Continent=$AO14)*(CodeHours=BJ$6)*Salaries)/AT14,"")} | CD14: between 2 and 25
B15: Manager | C15: {=SUM((Continent=C$8)*(JobType=$B15)*(YearsExp>$D$4)*(YearsExp<$E$4)*(CodeHours>$D$5)*(CodeHours<$E$5)*Salaries)} -> #VALUE! | D15: {=SUM((Continent=D$8)*(JobType=$B15)*(YearsExp>$D$4)*(YearsExp<$E$4)*(CodeHours>$D$5)*(CodeHours<$E$5)*Salaries)} -> #VALUE! | E15: {=SUM((Continent=E$8)*(JobType=$B15)*(YearsExp>$D$4)*(YearsExp<$E$4)*(CodeHours>$D$5)*(CodeHours<$E$5)*Salaries)} -> #VALUE! | F15: {=SUM((Continent=F$8)*(JobType=$B15)*(YearsExp>$D$4)*(YearsExp<$E$4)*(CodeHours>$D$5)*(CodeHours<$E$5)*Salaries)} -> #VALUE! | G15: {=SUM((Continent=G$8)*(JobType=$B15)*(YearsExp>$D$4)*(YearsExp<$E$4)*(CodeHours>$D$5)*(CodeHours<$E$5)*Salaries)} -> #VALUE! | H15: {=SUM((Continent=H$8)*(JobType=$B15)*(YearsExp>$D$4)*(YearsExp<$E$4)*(CodeHours>$D$5)*(CodeHours<$E$5)*Salaries)} -> #VALUE! | I15: =SUM(C15:H15) -> #VALUE! | J15: =INDEX(C15:H15,,MATCH($D$6,$C$8:$H$8,0)) -> #VALUE! | N15: Manager | O15: {=QUARTILE(IF((Continent=O$7)*(JobType=$B15)*1,Salaries),O$5)} -> #VALUE! | P15: {=QUARTILE(IF((Continent=P$7)*(JobType=$B15),Salaries),P$5)} -> #VALUE! | Q15: {=QUARTILE(IF((Continent=Q$7)*(JobType=$B15),Salaries),Q$5)} -> #VALUE! | R15: {=QUARTILE(IF((Continent=R$7)*(JobType=$B15),Salaries),R$5)} -> #VALUE! | S15: {=QUARTILE(IF((Continent=S$7)*(JobType=$B15),Salaries),S$5)} -> #VALUE! | W15: Manager | X15: {=QUARTILE(IF((Continent=X$7)*(JobType=$B15),Salaries),X$5)} -> #VALUE! | Y15: {=QUARTILE(IF((Continent=Y$7)*(JobType=$B15),Salaries),Y$5)} -> #VALUE! | Z15: {=QUARTILE(IF((Continent=Z$7)*(JobType=$B15),Salaries),Z$5)} -> #VALUE! | AA15: {=QUARTILE(IF((Continent=AA$7)*(JobType=$B15),Salaries),AA$5)} -> #VALUE! | AB15: {=QUARTILE(IF((Continent=AB$7)*(JobType=$B15),Salaries),AB$5)} -> #VALUE! | AG15: Oceania | AH15: {=SUM((Continent=$AG15)*(YearsExp>AH$6)*(YearsExp<=AH$7))} -> #VALUE! | AI15: {=SUM((Continent=$AG15)*(YearsExp>AI$6)*(YearsExp<=AI$7))} -> #VALUE! | AJ15: {=SUM((Continent=$AG15)*(YearsExp>AJ$6)*(YearsExp<=AJ$7))} -> #VALUE! | AK15: {=SUM((Continent=$AG15)*(YearsExp>AK$6)*(YearsExp<=AK$7))} -> #VALUE! | AL15: {=SUM((Continent=$AG15)*(YearsExp>AL$6)*(YearsExp<=AL$7))} -> #VALUE! | AM15: =SUM(AH15:AL15) -> #VALUE! | AO15: Oceania | AP15: {=SUMPRODUCT((Continent=$AO15)*(CodeHours=AP$6))} -> #VALUE! | AQ15: {=SUMPRODUCT((Continent=$AO15)*(CodeHours=AQ$6))} -> #VALUE! | AR15: {=SUMPRODUCT((Continent=$AO15)*(CodeHours=AR$6))} -> #VALUE! | AS15: {=SUMPRODUCT((Continent=$AO15)*(CodeHours=AS$6))} -> #VALUE! | AT15: {=SUMPRODUCT((Continent=$AO15)*(CodeHours=AT$6))} -> #VALUE! | AU15: =SUM(AP15:AT15) -> #VALUE! | AW15: Oceania | AX15: {=SUM((Continent=$AG15)*(YearsExp>AX$6)*(YearsExp<=AX$7)*Salaries)/AH15} -> #VALUE! | AY15: {=SUM((Continent=$AG15)*(YearsExp>AY$6)*(YearsExp<=AY$7)*Salaries)/AI15} -> #VALUE! | AZ15: {=SUM((Continent=$AG15)*(YearsExp>AZ$6)*(YearsExp<=AZ$7)*Salaries)/AJ15} -> #VALUE! | BA15: {=SUM((Continent=$AG15)*(YearsExp>BA$6)*(YearsExp<=BA$7)*Salaries)/AK15} -> #VALUE! | BB15: {=SUM((Continent=$AG15)*(YearsExp>BB$6)*(YearsExp<=BB$7)*Salaries)/AL15} -> #VALUE! | BE15: Oceania | BF15: {=IFERROR(SUM((Continent=$AO15)*(CodeHours=BF$6)*Salaries)/AP15,"")} | BG15: {=IFERROR(SUM((Continent=$AO15)*(CodeHours=BG$6)*Salaries)/AQ15,"")} | BH15: {=IFERROR(SUM((Continent=$AO15)*(CodeHours=BH$6)*Salaries)/AR15,"")} | BI15: {=IFERROR(SUM((Continent=$AO15)*(CodeHours=BI$6)*Salaries)/AS15,"")} | BJ15: {=IFERROR(SUM((Continent=$AO15)*(CodeHours=BJ$6)*Salaries)/AT15,"")}
B16: Misc. | C16: {=SUM((Continent=C$8)*(JobType=$B16)*(YearsExp>$D$4)*(YearsExp<$E$4)*(CodeHours>$D$5)*(CodeHours<$E$5)*Salaries)} -> #VALUE! | D16: {=SUM((Continent=D$8)*(JobType=$B16)*(YearsExp>$D$4)*(YearsExp<$E$4)*(CodeHours>$D$5)*(CodeHours<$E$5)*Salaries)} -> #VALUE! | E16: {=SUM((Continent=E$8)*(JobType=$B16)*(YearsExp>$D$4)*(YearsExp<$E$4)*(CodeHours>$D$5)*(CodeHours<$E$5)*Salaries)} -> #VALUE! | F16: {=SUM((Continent=F$8)*(JobType=$B16)*(YearsExp>$D$4)*(YearsExp<$E$4)*(CodeHours>$D$5)*(CodeHours<$E$5)*Salaries)} -> #VALUE! | G16: {=SUM((Continent=G$8)*(JobType=$B16)*(YearsExp>$D$4)*(YearsExp<$E$4)*(CodeHours>$D$5)*(CodeHours<$E$5)*Salaries)} -> #VALUE! | H16: {=SUM((Continent=H$8)*(JobType=$B16)*(YearsExp>$D$4)*(YearsExp<$E$4)*(CodeHours>$D$5)*(CodeHours<$E$5)*Salaries)} -> #VALUE! | I16: =SUM(C16:H16) -> #VALUE! | J16: =INDEX(C16:H16,,MATCH($D$6,$C$8:$H$8,0)) -> #VALUE! | N16: Misc. | O16: {=QUARTILE(IF((Continent=O$7)*(JobType=$B16)*1,Salaries),O$5)} -> #VALUE! | P16: {=QUARTILE(IF((Continent=P$7)*(JobType=$B16),Salaries),P$5)} -> #VALUE! | Q16: {=QUARTILE(IF((Continent=Q$7)*(JobType=$B16),Salaries),Q$5)} -> #VALUE! | R16: {=QUARTILE(IF((Continent=R$7)*(JobType=$B16),Salaries),R$5)} -> #VALUE! | S16: {=QUARTILE(IF((Continent=S$7)*(JobType=$B16),Salaries),S$5)} -> #VALUE! | W16: Misc. | X16: {=QUARTILE(IF((Continent=X$7)*(JobType=$B16),Salaries),X$5)} -> #VALUE! | Y16: {=QUARTILE(IF((Continent=Y$7)*(JobType=$B16),Salaries),Y$5)} -> #VALUE! | Z16: {=QUARTILE(IF((Continent=Z$7)*(JobType=$B16),Salaries),Z$5)} -> #VALUE! | AA16: {=QUARTILE(IF((Continent=AA$7)*(JobType=$B16),Salaries),AA$5)} -> #VALUE! | AB16: {=QUARTILE(IF((Continent=AB$7)*(JobType=$B16),Salaries),AB$5)} -> #VALUE! | AG16: Worldwide | AH16: =SUM(AH10:AH15) -> #VALUE! | AI16: =SUM(AI10:AI15) -> #VALUE! | AJ16: =SUM(AJ10:AJ15) -> #VALUE! | AK16: =SUM(AK10:AK15) -> #VALUE! | AL16: =SUM(AL10:AL15) -> #VALUE! | AM16: =SUM(AH16:AL16) -> #VALUE! | AO16: Worldwide | AP16: =SUM(AP10:AP15) -> #VALUE! | AQ16: =SUM(AQ10:AQ15) -> #VALUE! | AR16: =SUM(AR10:AR15) -> #VALUE! | AS16: =SUM(AS10:AS15) -> #VALUE! | AT16: =SUM(AT10:AT15) -> #VALUE! | AU16: =SUM(AP16:AT16) -> #VALUE! | AW16: Worldwide | AX16: =AVERAGE(AX10:AX15) -> #VALUE! | AY16: =AVERAGE(AY10:AY15) -> #VALUE! | AZ16: =AVERAGE(AZ10:AZ15) -> #VALUE! | BA16: =AVERAGE(BA10:BA15) -> #VALUE! | BB16: =AVERAGE(BB10:BB15) -> #VALUE! | BE16: Worldwide | BF16: =AVERAGE(BF10:BF15) -> #DIV/0! | BG16: =AVERAGE(BG10:BG15) -> #DIV/0! | BH16: =AVERAGE(BH10:BH15) -> #DIV/0! | BI16: =AVERAGE(BI10:BI15) -> #DIV/0! | BJ16: =AVERAGE(BJ10:BJ15) -> #DIV/0! | BL16: Original Data | BR16: Sorted data | CB16: Random | CG16: Conversion | CL16: Text
B17: Reporting | C17: {=SUM((Continent=C$8)*(JobType=$B17)*(YearsExp>$D$4)*(YearsExp<$E$4)*(CodeHours>$D$5)*(CodeHours<$E$5)*Salaries)} -> #VALUE! | D17: {=SUM((Continent=D$8)*(JobType=$B17)*(YearsExp>$D$4)*(YearsExp<$E$4)*(CodeHours>$D$5)*(CodeHours<$E$5)*Salaries)} -> #VALUE! | E17: {=SUM((Continent=E$8)*(JobType=$B17)*(YearsExp>$D$4)*(YearsExp<$E$4)*(CodeHours>$D$5)*(CodeHours<$E$5)*Salaries)} -> #VALUE! | F17: {=SUM((Continent=F$8)*(JobType=$B17)*(YearsExp>$D$4)*(YearsExp<$E$4)*(CodeHours>$D$5)*(CodeHours<$E$5)*Salaries)} -> #VALUE! | G17: {=SUM((Continent=G$8)*(JobType=$B17)*(YearsExp>$D$4)*(YearsExp<$E$4)*(CodeHours>$D$5)*(CodeHours<$E$5)*Salaries)} -> #VALUE! | H17: {=SUM((Continent=H$8)*(JobType=$B17)*(YearsExp>$D$4)*(YearsExp<$E$4)*(CodeHours>$D$5)*(CodeHours<$E$5)*Salaries)} -> #VALUE! | I17: =SUM(C17:H17) -> #VALUE! | J17: =INDEX(C17:H17,,MATCH($D$6,$C$8:$H$8,0)) -> #VALUE! | N17: Reporting | O17: {=QUARTILE(IF((Continent=O$7)*(JobType=$B17)*1,Salaries),O$5)} -> #VALUE! | P17: {=QUARTILE(IF((Continent=P$7)*(JobType=$B17),Salaries),P$5)} -> #VALUE! | Q17: {=QUARTILE(IF((Continent=Q$7)*(JobType=$B17),Salaries),Q$5)} -> #VALUE! | R17: {=QUARTILE(IF((Continent=R$7)*(JobType=$B17),Salaries),R$5)} -> #VALUE! | S17: {=QUARTILE(IF((Continent=S$7)*(JobType=$B17),Salaries),S$5)} -> #VALUE! | W17: Reporting | X17: {=QUARTILE(IF((Continent=X$7)*(JobType=$B17),Salaries),X$5)} -> #VALUE! | Y17: {=QUARTILE(IF((Continent=Y$7)*(JobType=$B17),Salaries),Y$5)} -> #VALUE! | Z17: {=QUARTILE(IF((Continent=Z$7)*(JobType=$B17),Salaries),Z$5)} -> #VALUE! | AA17: {=QUARTILE(IF((Continent=AA$7)*(JobType=$B17),Salaries),AA$5)} -> #VALUE! | AB17: {=QUARTILE(IF((Continent=AB$7)*(JobType=$B17),Salaries),AB$5)} -> #VALUE! | BL17: No | BM17: Country | BN17: Salary | BO17: Experience | BP17: Nb responses | BR17: =+BO3 -> Nb responses | BS17: Sort order | BT17: Order | BU17: No. | BV17: Country | BW17: Salary | BX17: Experience | BY17: Nb responses | CB17: Continent | CC17: Job Type | CD17: Experience | CE17: Hours / Day | CG17: Continent | CH17: Job Type | CI17: Experience | CJ17: Hours / Day | CL17: Continent | CM17: Job Type | CN17: Experience | CO17: Hours / Day | CQ17: Calculations | CS17: Random | CT17: Rank | CU17: Value | CV17: Random message
B18: Specialist | C18: {=SUM((Continent=C$8)*(JobType=$B18)*(YearsExp>$D$4)*(YearsExp<$E$4)*(CodeHours>$D$5)*(CodeHours<$E$5)*Salaries)} -> #VALUE! | D18: {=SUM((Continent=D$8)*(JobType=$B18)*(YearsExp>$D$4)*(YearsExp<$E$4)*(CodeHours>$D$5)*(CodeHours<$E$5)*Salaries)} -> #VALUE! | E18: {=SUM((Continent=E$8)*(JobType=$B18)*(YearsExp>$D$4)*(YearsExp<$E$4)*(CodeHours>$D$5)*(CodeHours<$E$5)*Salaries)} -> #VALUE! | F18: {=SUM((Continent=F$8)*(JobType=$B18)*(YearsExp>$D$4)*(YearsExp<$E$4)*(CodeHours>$D$5)*(CodeHours<$E$5)*Salaries)} -> #VALUE! | G18: {=SUM((Continent=G$8)*(JobType=$B18)*(YearsExp>$D$4)*(YearsExp<$E$4)*(CodeHours>$D$5)*(CodeHours<$E$5)*Salaries)} -> #VALUE! | H18: {=SUM((Continent=H$8)*(JobType=$B18)*(YearsExp>$D$4)*(YearsExp<$E$4)*(CodeHours>$D$5)*(CodeHours<$E$5)*Salaries)} -> #VALUE! | I18: =SUM(C18:H18) -> #VALUE! | J18: =INDEX(C18:H18,,MATCH($D$6,$C$8:$H$8,0)) -> #VALUE! | N18: Specialist | O18: {=QUARTILE(IF((Continent=O$7)*(JobType=$B18)*1,Salaries),O$5)} -> #VALUE! | P18: {=QUARTILE(IF((Continent=P$7)*(JobType=$B18),Salaries),P$5)} -> #VALUE! | Q18: {=QUARTILE(IF((Continent=Q$7)*(JobType=$B18),Salaries),Q$5)} -> #VALUE! | R18: {=QUARTILE(IF((Continent=R$7)*(JobType=$B18),Salaries),R$5)} -> #VALUE! | S18: {=QUARTILE(IF((Continent=S$7)*(JobType=$B18),Salaries),S$5)} -> #VALUE! | W18: Specialist | X18: {=QUARTILE(IF((Continent=X$7)*(JobType=$B18),Salaries),X$5)} -> #VALUE! | Y18: {=QUARTILE(IF((Continent=Y$7)*(JobType=$B18),Salaries),Y$5)} -> #VALUE! | Z18: {=QUARTILE(IF((Continent=Z$7)*(JobType=$B18),Salaries),Z$5)} -> #VALUE! | AA18: {=QUARTILE(IF((Continent=AA$7)*(JobType=$B18),Salaries),AA$5)} -> #VALUE! | AB18: {=QUARTILE(IF((Continent=AB$7)*(JobType=$B18),Salaries),AB$5)} -> #VALUE! | BL18: 1 | BM18: Albania | BN18: {=SUM((Country=BM18)*Salaries)/SUM((Country=BM18)*1)} -> #VALUE! | BO18: {=IFERROR(SUM((Country=BM18)*(YearsExp<>"")*YearsExp)/SUM((Country=BM18)*(YearsExp<>"")*1),0)} -> 0 | BP18: {=SUM((Country=BM18)*1)} -> #VALUE! | BR18: =CHOOSE($BN$3,104-BL18,BN18,BO18,BP18)+0.00001*ROWS($BM$18:BM18) -> #VALUE! | BS18: =RANK(BR18,$BR$18:$BR$120) -> #VALUE! | BT18: 1 | BU18: {=INDEX($BL$18:$BL$120,MATCH($BT$18:$BT$120,$BS$18:$BS$120,0))} -> #N/A | BV18: {=INDEX($BM$18:$BM$120,MATCH($BT$18:$BT$120,$BS$18:$BS$120,0))} -> #N/A | BW18: {=INDEX($BN$18:$BN$120,MATCH($BT$18:$BT$120,$BS$18:$BS$120,0))} -> #N/A | BX18: {=INDEX($BO$18:$BO$120,MATCH($BT$18:$BT$120,$BS$18:$BS$120,0))} -> #N/A | BY18: {=INDEX($BP$18:$BP$120,MATCH($BT$18:$BT$120,$BS$18:$BS$120,0))} -> #N/A | CB18: =RANDBETWEEN(1,6) -> 5 | CC18: =RANDBETWEEN(1,9) -> 1 | CD18: =RANDBETWEEN(2,25) -> 11 | CE18: =RANDBETWEEN(1,5) -> 3 | CG18: =VLOOKUP(CB18,$CB$52:$CD$57,2,0) -> South Amer. | CH18: =VLOOKUP(CC18,$CB$41:$CD$49,2) -> Accountant | CI18: =+CD18 -> 11 | CJ18: =VLOOKUP(CE18,$CB$60:$CD$64,2) -> 3 | CL18: =VLOOKUP(CB18,$CB$52:$CD$57,3,0) -> in South America | CM18: =VLOOKUP(CC18,$CB$41:$CD$49,3) -> working as Accountant | CN18: =CD18 -> 11 | CO18: =VLOOKUP(CE18,$CB$60:$CD$64,3) -> 2 to 3 hours per day | CQ18: =AVERAGE(Salaries) -> #VALUE! | CS18: =RAND() -> 0.028972615 | CT18: =RANK(CS18,$CS$18:$CS$33) -> 16 | CU18: =TEXT(CQ18,"# $") -> #VALUE! | CV18: Average salary of all participants in the world.
BL19: 2 | BM19: Arabian Gulf | BN19: {=SUM((Country=BM19)*Salaries)/SUM((Country=BM19)*1)} -> #VALUE! | BO19: {=IFERROR(SUM((Country=BM19)*(YearsExp<>"")*YearsExp)/SUM((Country=BM19)*(YearsExp<>"")*1),0)} -> 0 | BP19: {=SUM((Country=BM19)*1)} -> #VALUE! | BR19: =CHOOSE($BN$3,104-BL19,BN19,BO19,BP19)+0.00001*ROWS($BM$18:BM19) -> #VALUE! | BS19: =RANK(BR19,$BR$18:$BR$120) -> #VALUE! | BT19: 2 | BU19: #N/A | BV19: #N/A | BW19: #N/A | BX19: #N/A | BY19: #N/A | CB19: =RANDBETWEEN(1,6) -> 2 | CC19: =RANDBETWEEN(1,9) -> 7 | CD19: =RANDBETWEEN(2,25) -> 18 | CE19: =RANDBETWEEN(1,5) -> 3 | CG19: =VLOOKUP(CB19,$CB$52:$CD$57,2,0) -> Europe | CH19: =VLOOKUP(CC19,$CB$41:$CD$49,2) -> Manager | CI19: =+CD19 -> 18 | CJ19: =VLOOKUP(CE19,$CB$60:$CD$64,2) -> 3 | CL19: =VLOOKUP(CB19,$CB$52:$CD$57,3,0) -> in Europe | CM19: =VLOOKUP(CC19,$CB$41:$CD$49,3) -> working as Manager | CN19: =CD19 -> 18 | CO19: =VLOOKUP(CE19,$CB$60:$CD$64,3) -> 2 to 3 hours per day | CQ19: {=SUM((Continent=CG19)*Salaries)/SUM((Continent=CG19)*1)} -> #VALUE! | CS19: =RAND() -> 0.7883111 | CT19: =RANK(CS19,$CS$18:$CS$33) -> 5 | CU19: =TEXT(CQ19,"# $") -> #VALUE! | CV19: ="Average salary of participants living " & CL19 & "." -> Average salary of participants living in Europe.
AW20: For the graph | BL20: 3 | BM20: Argentina | BN20: {=SUM((Country=BM20)*Salaries)/SUM((Country=BM20)*1)} -> #VALUE! | BO20: {=IFERROR(SUM((Country=BM20)*(YearsExp<>"")*YearsExp)/SUM((Country=BM20)*(YearsExp<>"")*1),0)} -> 0 | BP20: {=SUM((Country=BM20)*1)} -> #VALUE! | BR20: =CHOOSE($BN$3,104-BL20,BN20,BO20,BP20)+0.00001*ROWS($BM$18:BM20) -> #VALUE! | BS20: =RANK(BR20,$BR$18:$BR$120) -> #VALUE! | BT20: 3 | BU20: #N/A | BV20: #N/A | BW20: #N/A | BX20: #N/A | BY20: #N/A | CB20: =RANDBETWEEN(1,6) -> 1 | CC20: =RANDBETWEEN(1,9) -> 6 | CD20: =RANDBETWEEN(2,25) -> 24 | CE20: =RANDBETWEEN(1,5) -> 3 | CG20: =VLOOKUP(CB20,$CB$52:$CD$57,2,0) -> Asia | CH20: =VLOOKUP(CC20,$CB$41:$CD$49,2) -> Engineer | CI20: =+CD20 -> 24 | CJ20: =VLOOKUP(CE20,$CB$60:$CD$64,2) -> 3 | CL20: =VLOOKUP(CB20,$CB$52:$CD$57,3,0) -> in Asia | CM20: =VLOOKUP(CC20,$CB$41:$CD$49,3) -> working as Engineer | CN20: =CD20 -> 24 | CO20: =VLOOKUP(CE20,$CB$60:$CD$64,3) -> 2 to 3 hours per day | CQ20: {=SUM((Continent=CG20)*1)} -> #VALUE! | CS20: =RAND() -> 0.80200808 | CT20: =RANK(CS20,$CS$18:$CS$33) -> 4 | CU20: =+CQ20 -> #VALUE! | CV20: ="Participants living " & CL20 & "." -> Participants living in Asia.
B21: Nb of persons | O21: Min | P21: 1st Quartile | Q21: Median | R21: 3rd quartile | S21: Max | X21: Min | Y21: 1st Quartile | Z21: Median | AA21: 3rd quartile | AB21: Max | AG21: Percentage | AO21: Percentage | BL21: 4 | BM21: Armenia | BN21: {=SUM((Country=BM21)*Salaries)/SUM((Country=BM21)*1)} -> #VALUE! | BO21: {=IFERROR(SUM((Country=BM21)*(YearsExp<>"")*YearsExp)/SUM((Country=BM21)*(YearsExp<>"")*1),0)} -> 0 | BP21: {=SUM((Country=BM21)*1)} -> #VALUE! | BR21: =CHOOSE($BN$3,104-BL21,BN21,BO21,BP21)+0.00001*ROWS($BM$18:BM21) -> #VALUE! | BS21: =RANK(BR21,$BR$18:$BR$120) -> #VALUE! | BT21: 4 | BU21: #N/A | BV21: #N/A | BW21: #N/A | BX21: #N/A | BY21: #N/A | CB21: =RANDBETWEEN(1,6) -> 1 | CC21: =RANDBETWEEN(1,9) -> 1 | CD21: =RANDBETWEEN(2,25) -> 24 | CE21: =RANDBETWEEN(1,5) -> 5 | CG21: =VLOOKUP(CB21,$CB$52:$CD$57,2,0) -> Asia | CH21: =VLOOKUP(CC21,$CB$41:$CD$49,2) -> Accountant | CI21: =+CD21 -> 24 | CJ21: =VLOOKUP(CE21,$CB$60:$CD$64,2) -> 5 | CL21: =VLOOKUP(CB21,$CB$52:$CD$57,3,0) -> in Asia | CM21: =VLOOKUP(CC21,$CB$41:$CD$49,3) -> working as Accountant | CN21: =CD21 -> 24 | CO21: =VLOOKUP(CE21,$CB$60:$CD$64,3) -> 8 hours a day | CQ21: {=SUM((JobType=CH21)*1)} -> #VALUE! | CS21: =RAND() -> 0.19976078 | CT21: =RANK(CS21,$CS$18:$CS$33) -> 14 | CU21: =+CQ21 -> #VALUE! | CV21: ="Participants " & CM21 & "." -> Participants working as Accountant.
C22: Asia | D22: Europe | E22: Africa | F22: North Amer. | G22: South Amer. | H22: Oceania | I22: Worldwide | J22: =INDEX(C22:H22,,MATCH($D$6,$C$8:$H$8,0)) -> North Amer. | N22: Accountant | O22: =+P9-O9 -> #VALUE! | P22: =+P9 -> #VALUE! | Q22: =+Q9-P9 -> #VALUE! | R22: =+R9-Q9 -> #VALUE! | S22: =+S9-R9 -> #VALUE! | W22: Accountant | X22: =+Y9-X9 -> #VALUE! | Y22: =+Y9 -> #VALUE! | Z22: =+Z9-Y9 -> #VALUE! | AA22: =+AA9-Z9 -> #VALUE! | AB22: =+AB9-AA9 -> #VALUE! | AH22: 0 - 2 yrs | AI22: 2 - 5 yrs | AJ22: 5 - 10 yrs | AK22: 10 - 15 yrs | AL22: 15+ yrs | AP22: 0 hrs | AQ22: 1 - 2 hrs | AR22: 2 - 3 hrs | AS22: 4 - 6 hrs | AT22: 8+ hrs | AW22: {=Graph3_Data} -> 0 | AX22: 0 - 2 yrs | AY22: 2 - 5 yrs | AZ22: 5 - 10 yrs | BA22: 10 - 15 yrs | BB22: 15+ yrs | BL22: 5 | BM22: Aruba | BN22: {=SUM((Country=BM22)*Salaries)/SUM((Country=BM22)*1)} -> #VALUE! | BO22: {=IFERROR(SUM((Country=BM22)*(YearsExp<>"")*YearsExp)/SUM((Country=BM22)*(YearsExp<>"")*1),0)} -> 0 | BP22: {=SUM((Country=BM22)*1)} -> #VALUE! | BR22: =CHOOSE($BN$3,104-BL22,BN22,BO22,BP22)+0.00001*ROWS($BM$18:BM22) -> #VALUE! | BS22: =RANK(BR22,$BR$18:$BR$120) -> #VALUE! | BT22: 5 | BU22: #N/A | BV22: #N/A | BW22: #N/A | BX22: #N/A | BY22: #N/A | CB22: =RANDBETWEEN(1,6) -> 2 | CC22: =RANDBETWEEN(1,9) -> 6 | CD22: =RANDBETWEEN(2,25) -> 23 | CE22: =RANDBETWEEN(1,5) -> 5 | CG22: =VLOOKUP(CB22,$CB$52:$CD$57,2,0) -> Europe | CH22: =VLOOKUP(CC22,$CB$41:$CD$49,2) -> Engineer | CI22: =+CD22 -> 23 | CJ22: =VLOOKUP(CE22,$CB$60:$CD$64,2) -> 5 | CL22: =VLOOKUP(CB22,$CB$52:$CD$57,3,0) -> in Europe | CM22: =VLOOKUP(CC22,$CB$41:$CD$49,3) -> working as Engineer | CN22: =CD22 -> 23 | CO22: =VLOOKUP(CE22,$CB$60:$CD$64,3) -> 8 hours a day | CQ22: {=SUM((JobType=CH22)*(Continent=CG22)*1)} -> #VALUE! | CS22: =RAND() -> 0.4804481 | CT22: =RANK(CS22,$CS$18:$CS$33) -> 12 | CU22: =+CQ22 -> #VALUE! | CV22: ="Participants " & CM22 & " living " & CL22 & "." -> Participants working as Engineer living in Europe.
B23: Accountant | C23: {=SUM((Continent=C$8)*(JobType=$B23)*(YearsExp>$D$4)*(YearsExp<$E$4)*(CodeHours>$D$5)*(CodeHours<$E$5))} -> #VALUE! | D23: {=SUM((Continent=D$8)*(JobType=$B23)*(YearsExp>$D$4)*(YearsExp<$E$4)*(CodeHours>$D$5)*(CodeHours<$E$5))} -> #VALUE! | E23: {=SUM((Continent=E$8)*(JobType=$B23)*(YearsExp>$D$4)*(YearsExp<$E$4)*(CodeHours>$D$5)*(CodeHours<$E$5))} -> #VALUE! | F23: {=SUM((Continent=F$8)*(JobType=$B23)*(YearsExp>$D$4)*(YearsExp<$E$4)*(CodeHours>$D$5)*(CodeHours<$E$5))} -> #VALUE! | G23: {=SUM((Continent=G$8)*(JobType=$B23)*(YearsExp>$D$4)*(YearsExp<$E$4)*(CodeHours>$D$5)*(CodeHours<$E$5))} -> #VALUE! | H23: {=SUM((Continent=H$8)*(JobType=$B23)*(YearsExp>$D$4)*(YearsExp<$E$4)*(CodeHours>$D$5)*(CodeHours<$E$5))} -> #VALUE! | I23: =SUM(C23:H23) -> #VALUE! | J23: =INDEX(C23:H23,,MATCH($D$6,$C$8:$H$8,0)) -> #VALUE! | N23: Analyst | O23: =+P10-O10 -> #VALUE! | P23: =+P10 -> #VALUE! | Q23: =+Q10-P10 -> #VALUE! | R23: =+R10-Q10 -> #VALUE! | S23: =+S10-R10 -> #VALUE! | W23: Analyst | X23: =+Y10-X10 -> #VALUE! | Y23: =+Y10 -> #VALUE! | Z23: =+Z10-Y10 -> #VALUE! | AA23: =+AA10-Z10 -> #VALUE! | AB23: =+AB10-AA10 -> #VALUE! | AG23: Asia | AH23: =+AH10/$AM10 -> #VALUE! | AI23: =+AI10/$AM10 -> #VALUE! | AJ23: =+AJ10/$AM10 -> #VALUE! | AK23: =+AK10/$AM10 -> #VALUE! | AL23: =+AL10/$AM10 -> #VALUE! | AO23: Asia | AP23: =IF(AP10/$AU10<0.03,NA(),AP10/$AU10) -> #VALUE! | AQ23: =IF(AQ10/$AU10<0.03,NA(),AQ10/$AU10) -> #VALUE! | AR23: =IF(AR10/$AU10<0.03,NA(),AR10/$AU10) -> #VALUE! | AS23: =IF(AS10/$AU10<0.03,NA(),AS10/$AU10) -> #VALUE! | AT23: =IF(AT10/$AU10<0.03,NA(),AT10/$AU10) -> #VALUE! | AW23: Asia | AX23: #VALUE! | AY23: #VALUE! | AZ23: #VALUE! | BA23: #VALUE! | BB23: #VALUE! | BL23: 6 | BM23: Asia | BN23: {=SUM((Country=BM23)*Salaries)/SUM((Country=BM23)*1)} -> #VALUE! | BO23: {=IFERROR(SUM((Country=BM23)*(YearsExp<>"")*YearsExp)/SUM((Country=BM23)*(YearsExp<>"")*1),0)} -> 0 | BP23: {=SUM((Country=BM23)*1)} -> #VALUE! | BR23: =CHOOSE($BN$3,104-BL23,BN23,BO23,BP23)+0.00001*ROWS($BM$18:BM23) -> #VALUE! | BS23: =RANK(BR23,$BR$18:$BR$120) -> #VALUE! | BT23: 6 | BU23: #N/A | BV23: #N/A | BW23: #N/A | BX23: #N/A | BY23: #N/A | CB23: =RANDBETWEEN(1,6) -> 4 | CC23: =RANDBETWEEN(1,9) -> 9 | CD23: =RANDBETWEEN(2,25) -> 16 | CE23: =RANDBETWEEN(1,5) -> 4 | CG23: =VLOOKUP(CB23,$CB$52:$CD$57,2,0) -> North Amer. | CH23: =VLOOKUP(CC23,$CB$41:$CD$49,2) -> Specialist | CI23: =+CD23 -> 16 | CJ23: =VLOOKUP(CE23,$CB$60:$CD$64,2) -> 4 | CL23: =VLOOKUP(CB23,$CB$52:$CD$57,3,0) -> in North America | CM23: =VLOOKUP(CC23,$CB$41:$CD$49,3) -> working as Specialist | CN23: =CD23 -> 16 | CO23: =VLOOKUP(CE23,$CB$60:$CD$64,3) -> 4 to 6 hours a day | CS23: =RAND() -> 0.8103172 | CT23: =RANK(CS23,$CS$18:$CS$33) -> 3 | CU23: 100% | CV23: Participants love Chandoo.org !
B24: Analyst | C24: {=SUM((Continent=C$8)*(JobType=$B24)*(YearsExp>$D$4)*(YearsExp<$E$4)*(CodeHours>$D$5)*(CodeHours<$E$5))} -> #VALUE! | D24: {=SUM((Continent=D$8)*(JobType=$B24)*(YearsExp>$D$4)*(YearsExp<$E$4)*(CodeHours>$D$5)*(CodeHours<$E$5))} -> #VALUE! | E24: {=SUM((Continent=E$8)*(JobType=$B24)*(YearsExp>$D$4)*(YearsExp<$E$4)*(CodeHours>$D$5)*(CodeHours<$E$5))} -> #VALUE! | F24: {=SUM((Continent=F$8)*(JobType=$B24)*(YearsExp>$D$4)*(YearsExp<$E$4)*(CodeHours>$D$5)*(CodeHours<$E$5))} -> #VALUE! | G24: {=SUM((Continent=G$8)*(JobType=$B24)*(YearsExp>$D$4)*(YearsExp<$E$4)*(CodeHours>$D$5)*(CodeHours<$E$5))} -> #VALUE! | H24: {=SUM((Continent=H$8)*(JobType=$B24)*(YearsExp>$D$4)*(YearsExp<$E$4)*(CodeHours>$D$5)*(CodeHours<$E$5))} -> #VALUE! | I24: =SUM(C24:H24) -> #VALUE! | J24: =INDEX(C24:H24,,MATCH($D$6,$C$8:$H$8,0)) -> #VALUE! | N24: Consultant | O24: =+P11-O11 -> #VALUE! | P24: =+P11 -> #VALUE! | Q24: =+Q11-P11 -> #VALUE! | R24: =+R11-Q11 -> #VALUE! | S24: =+S11-R11 -> #VALUE! | W24: Consultant | X24: =+Y11-X11 -> #VALUE! | Y24: =+Y11 -> #VALUE! | Z24: =+Z11-Y11 -> #VALUE! | AA24: =+AA11-Z11 -> #VALUE! | AB24: =+AB11-AA11 -> #VALUE! | AG24: Europe | AH24: =+AH11/$AM11 -> #VALUE! | AI24: =+AI11/$AM11 -> #VALUE! | AJ24: =+AJ11/$AM11 -> #VALUE! | AK24: =+AK11/$AM11 -> #VALUE! | AL24: =+AL11/$AM11 -> #VALUE! | AO24: Europe | AP24: =IF(AP11/$AU11<0.03,NA(),AP11/$AU11) -> #VALUE! | AQ24: =IF(AQ11/$AU11<0.03,NA(),AQ11/$AU11) -> #VALUE! | AR24: =IF(AR11/$AU11<0.03,NA(),AR11/$AU11) -> #VALUE! | AS24: =IF(AS11/$AU11<0.03,NA(),AS11/$AU11) -> #VALUE! | AT24: =IF(AT11/$AU11<0.03,NA(),AT11/$AU11) -> #VALUE! | AW24: Europe | AX24: #VALUE! | AY24: #VALUE! | AZ24: #VALUE! | BA24: #VALUE! | BB24: #VALUE! | BL24: 7 | BM24: Australia | BN24: {=SUM((Country=BM24)*Salaries)/SUM((Country=BM24)*1)} -> #VALUE! | BO24: {=IFERROR(SUM((Country=BM24)*(YearsExp<>"")*YearsExp)/SUM((Country=BM24)*(YearsExp<>"")*1),0)} -> 0 | BP24: {=SUM((Country=BM24)*1)} -> #VALUE! | BR24: =CHOOSE($BN$3,104-BL24,BN24,BO24,BP24)+0.00001*ROWS($BM$18:BM24) -> #VALUE! | BS24: =RANK(BR24,$BR$18:$BR$120) -> #VALUE! | BT24: 7 | BU24: #N/A | BV24: #N/A | BW24: #N/A | BX24: #N/A | BY24: #N/A | CB24: =RANDBETWEEN(1,6) -> 1 | CC24: =RANDBETWEEN(1,9) -> 5 | CD24: =RANDBETWEEN(2,25) -> 5 | CE24: =RANDBETWEEN(1,5) -> 2 | CG24: =VLOOKUP(CB24,$CB$52:$CD$57,2,0) -> Asia | CH24: =VLOOKUP(CC24,$CB$41:$CD$49,2) -> CXO or Top Mgmt. | CI24: =+CD24 -> 5 | CJ24: =VLOOKUP(CE24,$CB$60:$CD$64,2) -> 2 | CL24: =VLOOKUP(CB24,$CB$52:$CD$57,3,0) -> in Asia | CM24: =VLOOKUP(CC24,$CB$41:$CD$49,3) -> working as CXO | CN24: =CD24 -> 5 | CO24: =VLOOKUP(CE24,$CB$60:$CD$64,3) -> 1 or 2 hours a day | CQ24: {=SUM((Continent=CG24)*(JobType=CH24)*1)/SUM((Continent=CG24)*1)} -> #VALUE! | CS24: =RAND() -> 0.60203925 | CT24: =RANK(CS24,$CS$18:$CS$33) -> 8 | CU24: =TEXT(CQ24,"0.0%") -> #VALUE! | CV24: ="of Participants living " & CL24 & " " & CM24 & "." -> of Participants living in Asia working as CXO.
B25: Consultant | C25: {=SUM((Continent=C$8)*(JobType=$B25)*(YearsExp>$D$4)*(YearsExp<$E$4)*(CodeHours>$D$5)*(CodeHours<$E$5))} -> #VALUE! | D25: {=SUM((Continent=D$8)*(JobType=$B25)*(YearsExp>$D$4)*(YearsExp<$E$4)*(CodeHours>$D$5)*(CodeHours<$E$5))} -> #VALUE! | E25: {=SUM((Continent=E$8)*(JobType=$B25)*(YearsExp>$D$4)*(YearsExp<$E$4)*(CodeHours>$D$5)*(CodeHours<$E$5))} -> #VALUE! | F25: {=SUM((Continent=F$8)*(JobType=$B25)*(YearsExp>$D$4)*(YearsExp<$E$4)*(CodeHours>$D$5)*(CodeHours<$E$5))} -> #VALUE! | G25: {=SUM((Continent=G$8)*(JobType=$B25)*(YearsExp>$D$4)*(YearsExp<$E$4)*(CodeHours>$D$5)*(CodeHours<$E$5))} -> #VALUE! | H25: {=SUM((Continent=H$8)*(JobType=$B25)*(YearsExp>$D$4)*(YearsExp<$E$4)*(CodeHours>$D$5)*(CodeHours<$E$5))} -> #VALUE! | I25: =SUM(C25:H25) -> #VALUE! | J25: =INDEX(C25:H25,,MATCH($D$6,$C$8:$H$8,0)) -> #VALUE! | N25: Controller | O25: =+P12-O12 -> #VALUE! | P25: =+P12 -> #VALUE! | Q25: =+Q12-P12 -> #VALUE! | R25: =+R12-Q12 -> #VALUE! | S25: =+S12-R12 -> #VALUE! | W25: Controller | X25: =+Y12-X12 -> #VALUE! | Y25: =+Y12 -> #VALUE! | Z25: =+Z12-Y12 -> #VALUE! | AA25: =+AA12-Z12 -> #VALUE! | AB25: =+AB12-AA12 -> #VALUE! | AG25: Africa | AH25: =+AH12/$AM12 -> #VALUE! | AI25: =+AI12/$AM12 -> #VALUE! | AJ25: =+AJ12/$AM12 -> #VALUE! | AK25: =+AK12/$AM12 -> #VALUE! | AL25: =+AL12/$AM12 -> #VALUE! | AO25: Africa | AP25: =IF(AP12/$AU12<0.03,NA(),AP12/$AU12) -> #VALUE! | AQ25: =IF(AQ12/$AU12<0.03,NA(),AQ12/$AU12) -> #VALUE! | AR25: =IF(AR12/$AU12<0.03,NA(),AR12/$AU12) -> #VALUE! | AS25: =IF(AS12/$AU12<0.03,NA(),AS12/$AU12) -> #VALUE! | AT25: =IF(AT12/$AU12<0.03,NA(),AT12/$AU12) -> #VALUE! | AW25: Africa | AX25: #VALUE! | AY25: #VALUE! | AZ25: #VALUE! | BA25: #VALUE! | BB25: #VALUE! | BL25: 8 | BM25: Austria | BN25: {=SUM((Country=BM25)*Salaries)/SUM((Country=BM25)*1)} -> #VALUE! | BO25: {=IFERROR(SUM((Country=BM25)*(YearsExp<>"")*YearsExp)/SUM((Country=BM25)*(YearsExp<>"")*1),0)} -> 0 | BP25: {=SUM((Country=BM25)*1)} -> #VALUE! | BR25: =CHOOSE($BN$3,104-BL25,BN25,BO25,BP25)+0.00001*ROWS($BM$18:BM25) -> #VALUE! | BS25: =RANK(BR25,$BR$18:$BR$120) -> #VALUE! | BT25: 8 | BU25: #N/A | BV25: #N/A | BW25: #N/A | BX25: #N/A | BY25: #N/A | CB25: =RANDBETWEEN(1,6) -> 1 | CC25: =RANDBETWEEN(1,9) -> 7 | CD25: =RANDBETWEEN(2,25) -> 22 | CE25: =RANDBETWEEN(1,5) -> 5 | CG25: =VLOOKUP(CB25,$CB$52:$CD$57,2,0) -> Asia | CH25: =VLOOKUP(CC25,$CB$41:$CD$49,2) -> Manager | CI25: =+CD25 -> 22 | CJ25: =VLOOKUP(CE25,$CB$60:$CD$64,2) -> 5 | CL25: =VLOOKUP(CB25,$CB$52:$CD$57,3,0) -> in Asia | CM25: =VLOOKUP(CC25,$CB$41:$CD$49,3) -> working as Manager | CN25: =CD25 -> 22 | CO25: =VLOOKUP(CE25,$CB$60:$CD$64,3) -> 8 hours a day | CQ25: {=SUM((YearsExp<CI25)*1)} -> #VALUE! | CS25: =RAND() -> 0.17543484 | CT25: =RANK(CS25,$CS$18:$CS$33) -> 15 | CU25: =+CQ25 -> #VALUE! | CV25: ="Participants in the world with less then " & CI25 & " years of experience." -> Participants in the world with less then 22 years of experience.
B26: Controller | C26: {=SUM((Continent=C$8)*(JobType=$B26)*(YearsExp>$D$4)*(YearsExp<$E$4)*(CodeHours>$D$5)*(CodeHours<$E$5))} -> #VALUE! | D26: {=SUM((Continent=D$8)*(JobType=$B26)*(YearsExp>$D$4)*(YearsExp<$E$4)*(CodeHours>$D$5)*(CodeHours<$E$5))} -> #VALUE! | E26: {=SUM((Continent=E$8)*(JobType=$B26)*(YearsExp>$D$4)*(YearsExp<$E$4)*(CodeHours>$D$5)*(CodeHours<$E$5))} -> #VALUE! | F26: {=SUM((Continent=F$8)*(JobType=$B26)*(YearsExp>$D$4)*(YearsExp<$E$4)*(CodeHours>$D$5)*(CodeHours<$E$5))} -> #VALUE! | G26: {=SUM((Continent=G$8)*(JobType=$B26)*(YearsExp>$D$4)*(YearsExp<$E$4)*(CodeHours>$D$5)*(CodeHours<$E$5))} -> #VALUE! | H26: {=SUM((Continent=H$8)*(JobType=$B26)*(YearsExp>$D$4)*(YearsExp<$E$4)*(CodeHours>$D$5)*(CodeHours<$E$5))} -> #VALUE! | I26: =SUM(C26:H26) -> #VALUE! | J26: =INDEX(C26:H26,,MATCH($D$6,$C$8:$H$8,0)) -> #VALUE! | N26: CXO or Top Mgmt. | O26: =+P13-O13 -> #VALUE! | P26: =+P13 -> #VALUE! | Q26: =+Q13-P13 -> #VALUE! | R26: =+R13-Q13 -> #VALUE! | S26: =+S13-R13 -> #VALUE! | W26: CXO or Top Mgmt. | X26: =+Y13-X13 -> #VALUE! | Y26: =+Y13 -> #VALUE! | Z26: =+Z13-Y13 -> #VALUE! | AA26: =+AA13-Z13 -> #VALUE! | AB26: =+AB13-AA13 -> #VALUE! | AG26: North Amer. | AH26: =+AH13/$AM13 -> #VALUE! | AI26: =+AI13/$AM13 -> #VALUE! | AJ26: =+AJ13/$AM13 -> #VALUE! | AK26: =+AK13/$AM13 -> #VALUE! | AL26: =+AL13/$AM13 -> #VALUE! | AO26: North Amer. | AP26: =IF(AP13/$AU13<0.03,NA(),AP13/$AU13) -> #VALUE! | AQ26: =IF(AQ13/$AU13<0.03,NA(),AQ13/$AU13) -> #VALUE! | AR26: =IF(AR13/$AU13<0.03,NA(),AR13/$AU13) -> #VALUE! | AS26: =IF(AS13/$AU13<0.03,NA(),AS13/$AU13) -> #VALUE! | AT26: =IF(AT13/$AU13<0.03,NA(),AT13/$AU13) -> #VALUE! | AW26: North Amer. | AX26: #VALUE! | AY26: #VALUE! | AZ26: #VALUE! | BA26: #VALUE! | BB26: #VALUE! | BL26: 9 | BM26: Azerbaijan | BN26: {=SUM((Country=BM26)*Salaries)/SUM((Country=BM26)*1)} -> #VALUE! | BO26: {=IFERROR(SUM((Country=BM26)*(YearsExp<>"")*YearsExp)/SUM((Country=BM26)*(YearsExp<>"")*1),0)} -> 0 | BP26: {=SUM((Country=BM26)*1)} -> #VALUE! | BR26: =CHOOSE($BN$3,104-BL26,BN26,BO26,BP26)+0.00001*ROWS($BM$18:BM26) -> #VALUE! | BS26: =RANK(BR26,$BR$18:$BR$120) -> #VALUE! | BT26: 9 | BU26: #N/A | BV26: #N/A | BW26: #N/A | BX26: #N/A | BY26: #N/A | CB26: =RANDBETWEEN(1,6) -> 5 | CC26: =RANDBETWEEN(1,9) -> 4 | CD26: =RANDBETWEEN(2,25) -> 3 | CE26: =RANDBETWEEN(1,5) -> 1 | CG26: =VLOOKUP(CB26,$CB$52:$CD$57,2,0) -> South Amer. | CH26: =VLOOKUP(CC26,$CB$41:$CD$49,2) -> Controller | CI26: =+CD26 -> 3 | CJ26: =VLOOKUP(CE26,$CB$60:$CD$64,2) -> 1 | CL26: =VLOOKUP(CB26,$CB$52:$CD$57,3,0) -> in South America | CM26: =VLOOKUP(CC26,$CB$41:$CD$49,3) -> working as Controller | CN26: =CD26 -> 3 | CO26: =VLOOKUP(CE26,$CB$60:$CD$64,3) -> 0 hours a day | CQ26: {=SUM((YearsExp>CI26)*1)} -> #VALUE! | CS26: =RAND() -> 0.74999401 | CT26: =RANK(CS26,$CS$18:$CS$33) -> 6 | CU26: =+CQ26 -> #VALUE! | CV26: ="Participants in the world with more then " & CI26 & " years of experience." -> Participants in the world with more then 3 years of experience.
B27: CXO or Top Mgmt. | C27: {=SUM((Continent=C$8)*(JobType=$B27)*(YearsExp>$D$4)*(YearsExp<$E$4)*(CodeHours>$D$5)*(CodeHours<$E$5))} -> #VALUE! | D27: {=SUM((Continent=D$8)*(JobType=$B27)*(YearsExp>$D$4)*(YearsExp<$E$4)*(CodeHours>$D$5)*(CodeHours<$E$5))} -> #VALUE! | E27: {=SUM((Continent=E$8)*(JobType=$B27)*(YearsExp>$D$4)*(YearsExp<$E$4)*(CodeHours>$D$5)*(CodeHours<$E$5))} -> #VALUE! | F27: {=SUM((Continent=F$8)*(JobType=$B27)*(YearsExp>$D$4)*(YearsExp<$E$4)*(CodeHours>$D$5)*(CodeHours<$E$5))} -> #VALUE! | G27: {=SUM((Continent=G$8)*(JobType=$B27)*(YearsExp>$D$4)*(YearsExp<$E$4)*(CodeHours>$D$5)*(CodeHours<$E$5))} -> #VALUE! | H27: {=SUM((Continent=H$8)*(JobType=$B27)*(YearsExp>$D$4)*(YearsExp<$E$4)*(CodeHours>$D$5)*(CodeHours<$E$5))} -> #VALUE! | I27: =SUM(C27:H27) -> #VALUE! | J27: =INDEX(C27:H27,,MATCH($D$6,$C$8:$H$8,0)) -> #VALUE! | N27: Engineer | O27: =+P14-O14 -> #VALUE! | P27: =+P14 -> #VALUE! | Q27: =+Q14-P14 -> #VALUE! | R27: =+R14-Q14 -> #VALUE! | S27: =+S14-R14 -> #VALUE! | W27: Engineer | X27: =+Y14-X14 -> #VALUE! | Y27: =+Y14 -> #VALUE! | Z27: =+Z14-Y14 -> #VALUE! | AA27: =+AA14-Z14 -> #VALUE! | AB27: =+AB14-AA14 -> #VALUE! | AG27: South Amer. | AH27: =+AH14/$AM14 -> #VALUE! | AI27: =+AI14/$AM14 -> #VALUE! | AJ27: =+AJ14/$AM14 -> #VALUE! | AK27: =+AK14/$AM14 -> #VALUE! | AL27: =+AL14/$AM14 -> #VALUE! | AO27: South Amer. | AP27: =IF(AP14/$AU14<0.03,NA(),AP14/$AU14) -> #VALUE! | AQ27: =IF(AQ14/$AU14<0.03,NA(),AQ14/$AU14) -> #VALUE! | AR27: =IF(AR14/$AU14<0.03,NA(),AR14/$AU14) -> #VALUE! | AS27: =IF(AS14/$AU14<0.03,NA(),AS14/$AU14) -> #VALUE! | AT27: =IF(AT14/$AU14<0.03,NA(),AT14/$AU14) -> #VALUE! | AW27: South Amer. | AX27: #VALUE! | AY27: #VALUE! | AZ27: #VALUE! | BA27: #VALUE! | BB27: #VALUE! | BL27: 10 | BM27: Baltic | BN27: {=SUM((Country=BM27)*Salaries)/SUM((Country=BM27)*1)} -> #VALUE! | BO27: {=IFERROR(SUM((Country=BM27)*(YearsExp<>"")*YearsExp)/SUM((Country=BM27)*(YearsExp<>"")*1),0)} -> 0 | BP27: {=SUM((Country=BM27)*1)} -> #VALUE! | BR27: =CHOOSE($BN$3,104-BL27,BN27,BO27,BP27)+0.00001*ROWS($BM$18:BM27) -> #VALUE! | BS27: =RANK(BR27,$BR$18:$BR$120) -> #VALUE! | BT27: 10 | BU27: #N/A | BV27: #N/A | BW27: #N/A | BX27: #N/A | BY27: #N/A | CB27: =RANDBETWEEN(1,6) -> 5 | CC27: =RANDBETWEEN(1,9) -> 9 | CD27: =RANDBETWEEN(2,25) -> 2 | CE27: =RANDBETWEEN(1,5) -> 3 | CG27: =VLOOKUP(CB27,$CB$52:$CD$57,2,0) -> South Amer. | CH27: =VLOOKUP(CC27,$CB$41:$CD$49,2) -> Specialist | CI27: =+CD27 -> 2 | CJ27: =VLOOKUP(CE27,$CB$60:$CD$64,2) -> 3 | CL27: =VLOOKUP(CB27,$CB$52:$CD$57,3,0) -> in South America | CM27: =VLOOKUP(CC27,$CB$41:$CD$49,3) -> working as Specialist | CN27: =CD27 -> 2 | CO27: =VLOOKUP(CE27,$CB$60:$CD$64,3) -> 2 to 3 hours per day | CQ27: {=SUM((YearsExp<CI26)*(JobType=CH26))/SUM((JobType=CH26)*1)} -> #VALUE! | CS27: =RAND() -> 0.50476585 | CT27: =RANK(CS27,$CS$18:$CS$33) -> 11 | CU27: =TEXT(CQ27,"0.0%") -> #VALUE! | CV27: ="Participants " & CM27 & " have less then " & CI27 & " years of experience." -> Participants working as Specialist have less then 2 years of experience.
B28: Engineer | C28: {=SUM((Continent=C$8)*(JobType=$B28)*(YearsExp>$D$4)*(YearsExp<$E$4)*(CodeHours>$D$5)*(CodeHours<$E$5))} -> #VALUE! | D28: {=SUM((Continent=D$8)*(JobType=$B28)*(YearsExp>$D$4)*(YearsExp<$E$4)*(CodeHours>$D$5)*(CodeHours<$E$5))} -> #VALUE! | E28: {=SUM((Continent=E$8)*(JobType=$B28)*(YearsExp>$D$4)*(YearsExp<$E$4)*(CodeHours>$D$5)*(CodeHours<$E$5))} -> #VALUE! | F28: {=SUM((Continent=F$8)*(JobType=$B28)*(YearsExp>$D$4)*(YearsExp<$E$4)*(CodeHours>$D$5)*(CodeHours<$E$5))} -> #VALUE! | G28: {=SUM((Continent=G$8)*(JobType=$B28)*(YearsExp>$D$4)*(YearsExp<$E$4)*(CodeHours>$D$5)*(CodeHours<$E$5))} -> #VALUE! | H28: {=SUM((Continent=H$8)*(JobType=$B28)*(YearsExp>$D$4)*(YearsExp<$E$4)*(CodeHours>$D$5)*(CodeHours<$E$5))} -> #VALUE! | I28: =SUM(C28:H28) -> #VALUE! | J28: =INDEX(C28:H28,,MATCH($D$6,$C$8:$H$8,0)) -> #VALUE! | N28: Manager | O28: =+P15-O15 -> #VALUE! | P28: =+P15 -> #VALUE! | Q28: =+Q15-P15 -> #VALUE! | R28: =+R15-Q15 -> #VALUE! | S28: =+S15-R15 -> #VALUE! | W28: Manager | X28: =+Y15-X15 -> #VALUE! | Y28: =+Y15 -> #VALUE! | Z28: =+Z15-Y15 -> #VALUE! | AA28: =+AA15-Z15 -> #VALUE! | AB28: =+AB15-AA15 -> #VALUE! | AG28: Oceania | AH28: =+AH15/$AM15 -> #VALUE! | AI28: =+AI15/$AM15 -> #VALUE! | AJ28: =+AJ15/$AM15 -> #VALUE! | AK28: =+AK15/$AM15 -> #VALUE! | AL28: =+AL15/$AM15 -> #VALUE! | AO28: Oceania | AP28: =IF(AP15/$AU15<0.03,NA(),AP15/$AU15) -> #VALUE! | AQ28: =IF(AQ15/$AU15<0.03,NA(),AQ15/$AU15) -> #VALUE! | AR28: =IF(AR15/$AU15<0.03,NA(),AR15/$AU15) -> #VALUE! | AS28: =IF(AS15/$AU15<0.03,NA(),AS15/$AU15) -> #VALUE! | AT28: =IF(AT15/$AU15<0.03,NA(),AT15/$AU15) -> #VALUE! | AW28: Oceania | AX28: #VALUE! | AY28: #VALUE! | AZ28: #VALUE! | BA28: #VALUE! | BB28: #VALUE! | BL28: 11 | BM28: Bangladesh | BN28: {=SUM((Country=BM28)*Salaries)/SUM((Country=BM28)*1)} -> #VALUE! | BO28: {=IFERROR(SUM((Country=BM28)*(YearsExp<>"")*YearsExp)/SUM((Country=BM28)*(YearsExp<>"")*1),0)} -> 0 | BP28: {=SUM((Country=BM28)*1)} -> #VALUE! | BR28: =CHOOSE($BN$3,104-BL28,BN28,BO28,BP28)+0.00001*ROWS($BM$18:BM28) -> #VALUE! | BS28: =RANK(BR28,$BR$18:$BR$120) -> #VALUE! | BT28: 11 | BU28: #N/A | BV28: #N/A | BW28: #N/A | BX28: #N/A | BY28: #N/A | CB28: =RANDBETWEEN(1,6) -> 3 | CC28: =RANDBETWEEN(1,9) -> 1 | CD28: =RANDBETWEEN(2,25) -> 15 | CE28: =RANDBETWEEN(1,5) -> 3 | CG28: =VLOOKUP(CB28,$CB$52:$CD$57,2,0) -> Africa | CH28: =VLOOKUP(CC28,$CB$41:$CD$49,2) -> Accountant | CI28: =+CD28 -> 15 | CJ28: =VLOOKUP(CE28,$CB$60:$CD$64,2) -> 3 | CL28: =VLOOKUP(CB28,$CB$52:$CD$57,3,0) -> in Africa | CM28: =VLOOKUP(CC28,$CB$41:$CD$49,3) -> working as Accountant | CN28: =CD28 -> 15 | CO28: =VLOOKUP(CE28,$CB$60:$CD$64,3) -> 2 to 3 hours per day | CQ28: {=SUM((YearsExp>CI27)*(JobType=CH27))/SUM((JobType=CH27)*1)} -> #VALUE! | CS28: =RAND() -> 0.82699273 | CT28: =RANK(CS28,$CS$18:$CS$33) -> 2 | CU28: =TEXT(CQ28,"0.0%") -> #VALUE! | CV28: ="Participants " & CM28 & " have more then " & CI28 & " years of experience." -> Participants working as Accountant have more then 15 years of experience.
B29: Manager | C29: {=SUM((Continent=C$8)*(JobType=$B29)*(YearsExp>$D$4)*(YearsExp<$E$4)*(CodeHours>$D$5)*(CodeHours<$E$5))} -> #VALUE! | D29: {=SUM((Continent=D$8)*(JobType=$B29)*(YearsExp>$D$4)*(YearsExp<$E$4)*(CodeHours>$D$5)*(CodeHours<$E$5))} -> #VALUE! | E29: {=SUM((Continent=E$8)*(JobType=$B29)*(YearsExp>$D$4)*(YearsExp<$E$4)*(CodeHours>$D$5)*(CodeHours<$E$5))} -> #VALUE! | F29: {=SUM((Continent=F$8)*(JobType=$B29)*(YearsExp>$D$4)*(YearsExp<$E$4)*(CodeHours>$D$5)*(CodeHours<$E$5))} -> #VALUE! | G29: {=SUM((Continent=G$8)*(JobType=$B29)*(YearsExp>$D$4)*(YearsExp<$E$4)*(CodeHours>$D$5)*(CodeHours<$E$5))} -> #VALUE! | H29: {=SUM((Continent=H$8)*(JobType=$B29)*(YearsExp>$D$4)*(YearsExp<$E$4)*(CodeHours>$D$5)*(CodeHours<$E$5))} -> #VALUE! | I29: =SUM(C29:H29) -> #VALUE! | J29: =INDEX(C29:H29,,MATCH($D$6,$C$8:$H$8,0)) -> #VALUE! | N29: Misc. | O29: =+P16-O16 -> #VALUE! | P29: =+P16 -> #VALUE! | Q29: =+Q16-P16 -> #VALUE! | R29: =+R16-Q16 -> #VALUE! | S29: =+S16-R16 -> #VALUE! | W29: Misc. | X29: =+Y16-X16 -> #VALUE! | Y29: =+Y16 -> #VALUE! | Z29: =+Z16-Y16 -> #VALUE! | AA29: =+AA16-Z16 -> #VALUE! | AB29: =+AB16-AA16 -> #VALUE! | AG29: Worldwide | AH29: =+AH16/$AM16 -> #VALUE! | AI29: =+AI16/$AM16 -> #VALUE! | AJ29: =+AJ16/$AM16 -> #VALUE! | AK29: =+AK16/$AM16 -> #VALUE! | AL29: =+AL16/$AM16 -> #VALUE! | AO29: Worldwide | AP29: =IF(AP16/$AU16<0.03,NA(),AP16/$AU16) -> #VALUE! | AQ29: =IF(AQ16/$AU16<0.03,NA(),AQ16/$AU16) -> #VALUE! | AR29: =IF(AR16/$AU16<0.03,NA(),AR16/$AU16) -> #VALUE! | AS29: =IF(AS16/$AU16<0.03,NA(),AS16/$AU16) -> #VALUE! | AT29: =IF(AT16/$AU16<0.03,NA(),AT16/$AU16) -> #VALUE! | AW29: Worldwide | AX29: #VALUE! | AY29: #VALUE! | AZ29: #VALUE! | BA29: #VALUE! | BB29: #VALUE! | BL29: 12 | BM29: Belgium | BN29: {=SUM((Country=BM29)*Salaries)/SUM((Country=BM29)*1)} -> #VALUE! | BO29: {=IFERROR(SUM((Country=BM29)*(YearsExp<>"")*YearsExp)/SUM((Country=BM29)*(YearsExp<>"")*1),0)} -> 0 | BP29: {=SUM((Country=BM29)*1)} -> #VALUE! | BR29: =CHOOSE($BN$3,104-BL29,BN29,BO29,BP29)+0.00001*ROWS($BM$18:BM29) -> #VALUE! | BS29: =RANK(BR29,$BR$18:$BR$120) -> #VALUE! | BT29: 12 | BU29: #N/A | BV29: #N/A | BW29: #N/A | BX29: #N/A | BY29: #N/A | CB29: =RANDBETWEEN(1,6) -> 6 | CC29: =RANDBETWEEN(1,9) -> 7 | CD29: =RANDBETWEEN(2,25) -> 8 | CE29: =RANDBETWEEN(1,5) -> 2 | CG29: =VLOOKUP(CB29,$CB$52:$CD$57,2,0) -> Oceania | CH29: =VLOOKUP(CC29,$CB$41:$CD$49,2) -> Manager | CI29: =+CD29 -> 8 | CJ29: =VLOOKUP(CE29,$CB$60:$CD$64,2) -> 2 | CL29: =VLOOKUP(CB29,$CB$52:$CD$57,3,0) -> in Oceania | CM29: =VLOOKUP(CC29,$CB$41:$CD$49,3) -> working as Manager | CN29: =CD29 -> 8 | CO29: =VLOOKUP(CE29,$CB$60:$CD$64,3) -> 1 or 2 hours a day | CQ29: {=SUM((YearsExp<CI29)*Salaries)/SUM((YearsExp<CI29)*1)} -> #VALUE! | CS29: =RAND() -> 0.58184619 | CT29: =RANK(CS29,$CS$18:$CS$33) -> 9 | CU29: =TEXT(CQ29,"# $") -> #VALUE! | CV29: ="Average salary of participants with less then " & CN29 & " years of experience." -> Average salary of participants with less then 8 years of experience.
B30: Misc. | C30: {=SUM((Continent=C$8)*(JobType=$B30)*(YearsExp>$D$4)*(YearsExp<$E$4)*(CodeHours>$D$5)*(CodeHours<$E$5))} -> #VALUE! | D30: {=SUM((Continent=D$8)*(JobType=$B30)*(YearsExp>$D$4)*(YearsExp<$E$4)*(CodeHours>$D$5)*(CodeHours<$E$5))} -> #VALUE! | E30: {=SUM((Continent=E$8)*(JobType=$B30)*(YearsExp>$D$4)*(YearsExp<$E$4)*(CodeHours>$D$5)*(CodeHours<$E$5))} -> #VALUE! | F30: {=SUM((Continent=F$8)*(JobType=$B30)*(YearsExp>$D$4)*(YearsExp<$E$4)*(CodeHours>$D$5)*(CodeHours<$E$5))} -> #VALUE! | G30: {=SUM((Continent=G$8)*(JobType=$B30)*(YearsExp>$D$4)*(YearsExp<$E$4)*(CodeHours>$D$5)*(CodeHours<$E$5))} -> #VALUE! | H30: {=SUM((Continent=H$8)*(JobType=$B30)*(YearsExp>$D$4)*(YearsExp<$E$4)*(CodeHours>$D$5)*(CodeHours<$E$5))} -> #VALUE! | I30: =SUM(C30:H30) -> #VALUE! | J30: =INDEX(C30:H30,,MATCH($D$6,$C$8:$H$8,0)) -> #VALUE! | N30: Reporting | O30: =+P17-O17 -> #VALUE! | P30: =+P17 -> #VALUE! | Q30: =+Q17-P17 -> #VALUE! | R30: =+R17-Q17 -> #VALUE! | S30: =+S17-R17 -> #VALUE! | W30: Reporting | X30: =+Y17-X17 -> #VALUE! | Y30: =+Y17 -> #VALUE! | Z30: =+Z17-Y17 -> #VALUE! | AA30: =+AA17-Z17 -> #VALUE! | AB30: =+AB17-AA17 -> #VALUE! | BL30: 13 | BM30: Bermuda | BN30: {=SUM((Country=BM30)*Salaries)/SUM((Country=BM30)*1)} -> #VALUE! | BO30: {=IFERROR(SUM((Country=BM30)*(YearsExp<>"")*YearsExp)/SUM((Country=BM30)*(YearsExp<>"")*1),0)} -> 0 | BP30: {=SUM((Country=BM30)*1)} -> #VALUE! | BR30: =CHOOSE($BN$3,104-BL30,BN30,BO30,BP30)+0.00001*ROWS($BM$18:BM30) -> #VALUE! | BS30: =RANK(BR30,$BR$18:$BR$120) -> #VALUE! | BT30: 13 | BU30: #N/A | BV30: #N/A | BW30: #N/A | BX30: #N/A | BY30: #N/A | CB30: =RANDBETWEEN(1,6) -> 5 | CC30: =RANDBETWEEN(1,9) -> 2 | CD30: =RANDBETWEEN(2,25) -> 2 | CE30: =RANDBETWEEN(1,5) -> 1 | CG30: =VLOOKUP(CB30,$CB$52:$CD$57,2,0) -> South Amer. | CH30: =VLOOKUP(CC30,$CB$41:$CD$49,2) -> Analyst | CI30: =+CD30 -> 2 | CJ30: =VLOOKUP(CE30,$CB$60:$CD$64,2) -> 1 | CL30: =VLOOKUP(CB30,$CB$52:$CD$57,3,0) -> in South America | CM30: =VLOOKUP(CC30,$CB$41:$CD$49,3) -> working as Analyst | CN30: =CD30 -> 2 | CO30: =VLOOKUP(CE30,$CB$60:$CD$64,3) -> 0 hours a day | CQ30: {=SUM((YearsExp>CI30)*Salaries)/SUM((YearsExp>CI30)*1)} -> #VALUE! | CS30: =RAND() -> 0.4058189 | CT30: =RANK(CS30,$CS$18:$CS$33) -> 13 | CU30: =TEXT(CQ30,"# $") -> #VALUE! | CV30: ="Average salary of participants with more then " & CN30 & " years of experience." -> Average salary of participants with more then 2 years of experience.
B31: Reporting | C31: {=SUM((Continent=C$8)*(JobType=$B31)*(YearsExp>$D$4)*(YearsExp<$E$4)*(CodeHours>$D$5)*(CodeHours<$E$5))} -> #VALUE! | D31: {=SUM((Continent=D$8)*(JobType=$B31)*(YearsExp>$D$4)*(YearsExp<$E$4)*(CodeHours>$D$5)*(CodeHours<$E$5))} -> #VALUE! | E31: {=SUM((Continent=E$8)*(JobType=$B31)*(YearsExp>$D$4)*(YearsExp<$E$4)*(CodeHours>$D$5)*(CodeHours<$E$5))} -> #VALUE! | F31: {=SUM((Continent=F$8)*(JobType=$B31)*(YearsExp>$D$4)*(YearsExp<$E$4)*(CodeHours>$D$5)*(CodeHours<$E$5))} -> #VALUE! | G31: {=SUM((Continent=G$8)*(JobType=$B31)*(YearsExp>$D$4)*(YearsExp<$E$4)*(CodeHours>$D$5)*(CodeHours<$E$5))} -> #VALUE! | H31: {=SUM((Continent=H$8)*(JobType=$B31)*(YearsExp>$D$4)*(YearsExp<$E$4)*(CodeHours>$D$5)*(CodeHours<$E$5))} -> #VALUE! | I31: =SUM(C31:H31) -> #VALUE! | J31: =INDEX(C31:H31,,MATCH($D$6,$C$8:$H$8,0)) -> #VALUE! | N31: Specialist | O31: =+P18-O18 -> #VALUE! | P31: =+P18 -> #VALUE! | Q31: =+Q18-P18 -> #VALUE! | R31: =+R18-Q18 -> #VALUE! | S31: =+S18-R18 -> #VALUE! | W31: Specialist | X31: =+Y18-X18 -> #VALUE! | Y31: =+Y18 -> #VALUE! | Z31: =+Z18-Y18 -> #VALUE! | AA31: =+AA18-Z18 -> #VALUE! | AB31: =+AB18-AA18 -> #VALUE! | BL31: 14 | BM31: Bhutan | BN31: {=SUM((Country=BM31)*Salaries)/SUM((Country=BM31)*1)} -> #VALUE! | BO31: {=IFERROR(SUM((Country=BM31)*(YearsExp<>"")*YearsExp)/SUM((Country=BM31)*(YearsExp<>"")*1),0)} -> 0 | BP31: {=SUM((Country=BM31)*1)} -> #VALUE! | BR31: =CHOOSE($BN$3,104-BL31,BN31,BO31,BP31)+0.00001*ROWS($BM$18:BM31) -> #VALUE! | BS31: =RANK(BR31,$BR$18:$BR$120) -> #VALUE! | BT31: 14 | BU31: #N/A | BV31: #N/A | BW31: #N/A | BX31: #N/A | BY31: #N/A | CB31: =RANDBETWEEN(1,6) -> 1 | CC31: =RANDBETWEEN(1,9) -> 6 | CD31: =RANDBETWEEN(2,25) -> 23 | CE31: =RANDBETWEEN(1,5) -> 2 | CG31: =VLOOKUP(CB31,$CB$52:$CD$57,2,0) -> Asia | CH31: =VLOOKUP(CC31,$CB$41:$CD$49,2) -> Engineer | CI31: =+CD31 -> 23 | CJ31: =VLOOKUP(CE31,$CB$60:$CD$64,2) -> 2 | CL31: =VLOOKUP(CB31,$CB$52:$CD$57,3,0) -> in Asia | CM31: =VLOOKUP(CC31,$CB$41:$CD$49,3) -> working as Engineer | CN31: =CD31 -> 23 | CO31: =VLOOKUP(CE31,$CB$60:$CD$64,3) -> 1 or 2 hours a day | CQ31: {=SUM((CodeHours>=CJ31)*Salaries)/SUM((CodeHours>=CJ31)*1)} -> #VALUE! | CS31: =RAND() -> 0.51462173 | CT31: =RANK(CS31,$CS$18:$CS$33) -> 10 | CU31: =TEXT(CQ31,"# $") -> #VALUE! | CV31: ="Average salary of participants using Excel more then " & CO31 & "." -> Average salary of participants using Excel more then 1 or 2 hours a day.
B32: Specialist | C32: {=SUM((Continent=C$8)*(JobType=$B32)*(YearsExp>$D$4)*(YearsExp<$E$4)*(CodeHours>$D$5)*(CodeHours<$E$5))} -> #VALUE! | D32: {=SUM((Continent=D$8)*(JobType=$B32)*(YearsExp>$D$4)*(YearsExp<$E$4)*(CodeHours>$D$5)*(CodeHours<$E$5))} -> #VALUE! | E32: {=SUM((Continent=E$8)*(JobType=$B32)*(YearsExp>$D$4)*(YearsExp<$E$4)*(CodeHours>$D$5)*(CodeHours<$E$5))} -> #VALUE! | F32: {=SUM((Continent=F$8)*(JobType=$B32)*(YearsExp>$D$4)*(YearsExp<$E$4)*(CodeHours>$D$5)*(CodeHours<$E$5))} -> #VALUE! | G32: {=SUM((Continent=G$8)*(JobType=$B32)*(YearsExp>$D$4)*(YearsExp<$E$4)*(CodeHours>$D$5)*(CodeHours<$E$5))} -> #VALUE! | H32: {=SUM((Continent=H$8)*(JobType=$B32)*(YearsExp>$D$4)*(YearsExp<$E$4)*(CodeHours>$D$5)*(CodeHours<$E$5))} -> #VALUE! | I32: =SUM(C32:H32) -> #VALUE! | J32: =INDEX(C32:H32,,MATCH($D$6,$C$8:$H$8,0)) -> #VALUE! | AG32: For the graph | BL32: 15 | BM32: Bolivia | BN32: {=SUM((Country=BM32)*Salaries)/SUM((Country=BM32)*1)} -> #VALUE! | BO32: {=IFERROR(SUM((Country=BM32)*(YearsExp<>"")*YearsExp)/SUM((Country=BM32)*(YearsExp<>"")*1),0)} -> 0 | BP32: {=SUM((Country=BM32)*1)} -> #VALUE! | BR32: =CHOOSE($BN$3,104-BL32,BN32,BO32,BP32)+0.00001*ROWS($BM$18:BM32) -> #VALUE! | BS32: =RANK(BR32,$BR$18:$BR$120) -> #VALUE! | BT32: 15 | BU32: #N/A | BV32: #N/A | BW32: #N/A | BX32: #N/A | BY32: #N/A | CB32: =RANDBETWEEN(1,6) -> 1 | CC32: =RANDBETWEEN(1,9) -> 6 | CD32: =RANDBETWEEN(2,25) -> 5 | CE32: =RANDBETWEEN(1,5) -> 2 | CG32: =VLOOKUP(CB32,$CB$52:$CD$57,2,0) -> Asia | CH32: =VLOOKUP(CC32,$CB$41:$CD$49,2) -> Engineer | CI32: =+CD32 -> 5 | CJ32: =VLOOKUP(CE32,$CB$60:$CD$64,2) -> 2 | CL32: =VLOOKUP(CB32,$CB$52:$CD$57,3,0) -> in Asia | CM32: =VLOOKUP(CC32,$CB$41:$CD$49,3) -> working as Engineer | CN32: =CD32 -> 5 | CO32: =VLOOKUP(CE32,$CB$60:$CD$64,3) -> 1 or 2 hours a day | CQ32: {=SUM((CodeHours<=CJ32)*Salaries)/SUM((CodeHours<=CJ32)*1)} -> #VALUE! | CS32: =RAND() -> 0.71493004 | CT32: =RANK(CS32,$CS$18:$CS$33) -> 7 | CU32: =TEXT(CQ32,"# $") -> #VALUE! | CV32: ="Average salary of participants using Excel less then " & CO32 & "." -> Average salary of participants using Excel less then 1 or 2 hours a day.
BL33: 16 | BM33: Brazil | BN33: {=SUM((Country=BM33)*Salaries)/SUM((Country=BM33)*1)} -> #VALUE! | BO33: {=IFERROR(SUM((Country=BM33)*(YearsExp<>"")*YearsExp)/SUM((Country=BM33)*(YearsExp<>"")*1),0)} -> 0 | BP33: {=SUM((Country=BM33)*1)} -> #VALUE! | BR33: =CHOOSE($BN$3,104-BL33,BN33,BO33,BP33)+0.00001*ROWS($BM$18:BM33) -> #VALUE! | BS33: =RANK(BR33,$BR$18:$BR$120) -> #VALUE! | BT33: 16 | BU33: #N/A | BV33: #N/A | BW33: #N/A | BX33: #N/A | BY33: #N/A | CB33: =RANDBETWEEN(1,6) -> 1 | CC33: =RANDBETWEEN(1,9) -> 4 | CD33: =RANDBETWEEN(2,25) -> 18 | CE33: =RANDBETWEEN(1,5) -> 1 | CG33: =VLOOKUP(CB33,$CB$52:$CD$57,2,0) -> Asia | CH33: =VLOOKUP(CC33,$CB$41:$CD$49,2) -> Controller | CI33: =+CD33 -> 18 | CJ33: =VLOOKUP(CE33,$CB$60:$CD$64,2) -> 1 | CL33: =VLOOKUP(CB33,$CB$52:$CD$57,3,0) -> in Asia | CM33: =VLOOKUP(CC33,$CB$41:$CD$49,3) -> working as Controller | CN33: =CD33 -> 18 | CO33: =VLOOKUP(CE33,$CB$60:$CD$64,3) -> 0 hours a day | CQ33: {=SUM((CodeHours=CJ33)*1)/SUM((CodeHours<=99)*1)} -> #VALUE! | CS33: =RAND() -> 0.84862632 | CT33: =RANK(CS33,$CS$18:$CS$33) -> 1 | CU33: =TEXT(CQ33,"0.0%") -> #VALUE! | CV33: {="Participants are using Excel " &CO33 & "."} -> Participants are using Excel 0 hours a day.
AG34: {=Graph2_Data} -> 0 | AH34: 0 hrs | AI34: 1 - 2 hrs | AJ34: 2 - 3 hrs | AK34: 4 - 6 hrs | AL34: 8+ hrs | BL34: 17 | BM34: Bulgaria | BN34: {=SUM((Country=BM34)*Salaries)/SUM((Country=BM34)*1)} -> #VALUE! | BO34: {=IFERROR(SUM((Country=BM34)*(YearsExp<>"")*YearsExp)/SUM((Country=BM34)*(YearsExp<>"")*1),0)} -> 0 | BP34: {=SUM((Country=BM34)*1)} -> #VALUE! | BR34: =CHOOSE($BN$3,104-BL34,BN34,BO34,BP34)+0.00001*ROWS($BM$18:BM34) -> #VALUE! | BS34: =RANK(BR34,$BR$18:$BR$120) -> #VALUE! | BT34: 17 | BU34: #N/A | BV34: #N/A | BW34: #N/A | BX34: #N/A | BY34: #N/A
B35: Average salary | AG35: Asia | AH35: #VALUE! | AI35: #VALUE! | AJ35: #VALUE! | AK35: #VALUE! | AL35: #VALUE! | BL35: 18 | BM35: Cambodia | BN35: {=SUM((Country=BM35)*Salaries)/SUM((Country=BM35)*1)} -> #VALUE! | BO35: {=IFERROR(SUM((Country=BM35)*(YearsExp<>"")*YearsExp)/SUM((Country=BM35)*(YearsExp<>"")*1),0)} -> 0 | BP35: {=SUM((Country=BM35)*1)} -> #VALUE! | BR35: =CHOOSE($BN$3,104-BL35,BN35,BO35,BP35)+0.00001*ROWS($BM$18:BM35) -> #VALUE! | BS35: =RANK(BR35,$BR$18:$BR$120) -> #VALUE! | BT35: 18 | BU35: #N/A | BV35: #N/A | BW35: #N/A | BX35: #N/A | BY35: #N/A
C36: Asia | D36: Europe | E36: Africa | F36: North Amer. | G36: South Amer. | H36: Oceania | I36: Worldwide | J36: Selected | AG36: Europe | AH36: #VALUE! | AI36: #VALUE! | AJ36: #VALUE! | AK36: #VALUE! | AL36: #VALUE! | BL36: 19 | BM36: Canada | BN36: {=SUM((Country=BM36)*Salaries)/SUM((Country=BM36)*1)} -> #VALUE! | BO36: {=IFERROR(SUM((Country=BM36)*(YearsExp<>"")*YearsExp)/SUM((Country=BM36)*(YearsExp<>"")*1),0)} -> 0 | BP36: {=SUM((Country=BM36)*1)} -> #VALUE! | BR36: =CHOOSE($BN$3,104-BL36,BN36,BO36,BP36)+0.00001*ROWS($BM$18:BM36) -> #VALUE! | BS36: =RANK(BR36,$BR$18:$BR$120) -> #VALUE! | BT36: 19 | BU36: #N/A | BV36: #N/A | BW36: #N/A | BX36: #N/A | BY36: #N/A
B37: Accountant | C37: =IFERROR(C9/C23,NA()) -> #N/A | D37: =IFERROR(D9/D23,NA()) -> #N/A | E37: =IFERROR(E9/E23,NA()) -> #N/A | F37: =IFERROR(F9/F23,NA()) -> #N/A | G37: =IFERROR(G9/G23,NA()) -> #N/A | H37: =IFERROR(H9/H23,NA()) -> #N/A | I37: =IFERROR(I9/I23,NA()) -> #N/A | J37: =IFERROR(J9/J23,NA()) -> #N/A | AG37: Africa | AH37: #VALUE! | AI37: #VALUE! | AJ37: #VALUE! | AK37: #VALUE! | AL37: #VALUE! | BL37: 20 | BM37: CEE | BN37: {=SUM((Country=BM37)*Salaries)/SUM((Country=BM37)*1)} -> #VALUE! | BO37: {=IFERROR(SUM((Country=BM37)*(YearsExp<>"")*YearsExp)/SUM((Country=BM37)*(YearsExp<>"")*1),0)} -> 0 | BP37: {=SUM((Country=BM37)*1)} -> #VALUE! | BR37: =CHOOSE($BN$3,104-BL37,BN37,BO37,BP37)+0.00001*ROWS($BM$18:BM37) -> #VALUE! | BS37: =RANK(BR37,$BR$18:$BR$120) -> #VALUE! | BT37: 20 | BU37: #N/A | BV37: #N/A | BW37: #N/A | BX37: #N/A | BY37: #N/A
B38: Analyst | C38: =IFERROR(C10/C24,NA()) -> #N/A | D38: =IFERROR(D10/D24,NA()) -> #N/A | E38: =IFERROR(E10/E24,NA()) -> #N/A | F38: =IFERROR(F10/F24,NA()) -> #N/A | G38: =IFERROR(G10/G24,NA()) -> #N/A | H38: =IFERROR(H10/H24,NA()) -> #N/A | I38: =IFERROR(I10/I24,NA()) -> #N/A | J38: =IFERROR(J10/J24,NA()) -> #N/A | AG38: North Amer. | AH38: #VALUE! | AI38: #VALUE! | AJ38: #VALUE! | AK38: #VALUE! | AL38: #VALUE! | BL38: 21 | BM38: Central America | BN38: {=SUM((Country=BM38)*Salaries)/SUM((Country=BM38)*1)} -> #VALUE! | BO38: {=IFERROR(SUM((Country=BM38)*(YearsExp<>"")*YearsExp)/SUM((Country=BM38)*(YearsExp<>"")*1),0)} -> 0 | BP38: {=SUM((Country=BM38)*1)} -> #VALUE! | BR38: =CHOOSE($BN$3,104-BL38,BN38,BO38,BP38)+0.00001*ROWS($BM$18:BM38) -> #VALUE! | BS38: =RANK(BR38,$BR$18:$BR$120) -> #VALUE! | BT38: 21 | BU38: #N/A | BV38: #N/A | BW38: #N/A | BX38: #N/A | BY38: #N/A
B39: Consultant | C39: =IFERROR(C11/C25,NA()) -> #N/A | D39: =IFERROR(D11/D25,NA()) -> #N/A | E39: =IFERROR(E11/E25,NA()) -> #N/A | F39: =IFERROR(F11/F25,NA()) -> #N/A | G39: =IFERROR(G11/G25,NA()) -> #N/A | H39: =IFERROR(H11/H25,NA()) -> #N/A | I39: =IFERROR(I11/I25,NA()) -> #N/A | J39: =IFERROR(J11/J25,NA()) -> #N/A | AG39: South Amer. | AH39: #VALUE! | AI39: #VALUE! | AJ39: #VALUE! | AK39: #VALUE! | AL39: #VALUE! | BL39: 22 | BM39: China | BN39: {=SUM((Country=BM39)*Salaries)/SUM((Country=BM39)*1)} -> #VALUE! | BO39: {=IFERROR(SUM((Country=BM39)*(YearsExp<>"")*YearsExp)/SUM((Country=BM39)*(YearsExp<>"")*1),0)} -> 0 | BP39: {=SUM((Country=BM39)*1)} -> #VALUE! | BR39: =CHOOSE($BN$3,104-BL39,BN39,BO39,BP39)+0.00001*ROWS($BM$18:BM39) -> #VALUE! | BS39: =RANK(BR39,$BR$18:$BR$120) -> #VALUE! | BT39: 22 | BU39: #N/A | BV39: #N/A | BW39: #N/A | BX39: #N/A | BY39: #N/A
B40: Controller | C40: =IFERROR(C12/C26,NA()) -> #N/A | D40: =IFERROR(D12/D26,NA()) -> #N/A | E40: =IFERROR(E12/E26,NA()) -> #N/A | F40: =IFERROR(F12/F26,NA()) -> #N/A | G40: =IFERROR(G12/G26,NA()) -> #N/A | H40: =IFERROR(H12/H26,NA()) -> #N/A | I40: =IFERROR(I12/I26,NA()) -> #N/A | J40: =IFERROR(J12/J26,NA()) -> #N/A | AG40: Oceania | AH40: #VALUE! | AI40: #VALUE! | AJ40: #VALUE! | AK40: #VALUE! | AL40: #VALUE! | BL40: 23 | BM40: Colombia | BN40: {=SUM((Country=BM40)*Salaries)/SUM((Country=BM40)*1)} -> #VALUE! | BO40: {=IFERROR(SUM((Country=BM40)*(YearsExp<>"")*YearsExp)/SUM((Country=BM40)*(YearsExp<>"")*1),0)} -> 0 | BP40: {=SUM((Country=BM40)*1)} -> #VALUE! | BR40: =CHOOSE($BN$3,104-BL40,BN40,BO40,BP40)+0.00001*ROWS($BM$18:BM40) -> #VALUE! | BS40: =RANK(BR40,$BR$18:$BR$120) -> #VALUE! | BT40: 23 | BU40: #N/A | BV40: #N/A | BW40: #N/A | BX40: #N/A | BY40: #N/A | CB40: No | CC40: List Job Types | CD40: Text
B41: CXO or Top Mgmt. | C41: =IFERROR(C13/C27,NA()) -> #N/A | D41: =IFERROR(D13/D27,NA()) -> #N/A | E41: =IFERROR(E13/E27,NA()) -> #N/A | F41: =IFERROR(F13/F27,NA()) -> #N/A | G41: =IFERROR(G13/G27,NA()) -> #N/A | H41: =IFERROR(H13/H27,NA()) -> #N/A | I41: =IFERROR(I13/I27,NA()) -> #N/A | J41: =IFERROR(J13/J27,NA()) -> #N/A | AG41: Worldwide | AH41: #VALUE! | AI41: #VALUE! | AJ41: #VALUE! | AK41: #VALUE! | AL41: #VALUE! | BL41: 24 | BM41: Costa Rica | BN41: {=SUM((Country=BM41)*Salaries)/SUM((Country=BM41)*1)} -> #VALUE! | BO41: {=IFERROR(SUM((Country=BM41)*(YearsExp<>"")*YearsExp)/SUM((Country=BM41)*(YearsExp<>"")*1),0)} -> 0 | BP41: {=SUM((Country=BM41)*1)} -> #VALUE! | BR41: =CHOOSE($BN$3,104-BL41,BN41,BO41,BP41)+0.00001*ROWS($BM$18:BM41) -> #VALUE! | BS41: =RANK(BR41,$BR$18:$BR$120) -> #VALUE! | BT41: 24 | BU41: #N/A | BV41: #N/A | BW41: #N/A | BX41: #N/A | BY41: #N/A | CB41: 1 | CC41: Accountant | CD41: working as Accountant
B42: Engineer | C42: =IFERROR(C14/C28,NA()) -> #N/A | D42: =IFERROR(D14/D28,NA()) -> #N/A | E42: =IFERROR(E14/E28,NA()) -> #N/A | F42: =IFERROR(F14/F28,NA()) -> #N/A | G42: =IFERROR(G14/G28,NA()) -> #N/A | H42: =IFERROR(H14/H28,NA()) -> #N/A | I42: =IFERROR(I14/I28,NA()) -> #N/A | J42: =IFERROR(J14/J28,NA()) -> #N/A | BL42: 25 | BM42: Croatia | BN42: {=SUM((Country=BM42)*Salaries)/SUM((Country=BM42)*1)} -> #VALUE! | BO42: {=IFERROR(SUM((Country=BM42)*(YearsExp<>"")*YearsExp)/SUM((Country=BM42)*(YearsExp<>"")*1),0)} -> 0 | BP42: {=SUM((Country=BM42)*1)} -> #VALUE! | BR42: =CHOOSE($BN$3,104-BL42,BN42,BO42,BP42)+0.00001*ROWS($BM$18:BM42) -> #VALUE! | BS42: =RANK(BR42,$BR$18:$BR$120) -> #VALUE! | BT42: 25 | BU42: #N/A | BV42: #N/A | BW42: #N/A | BX42: #N/A | BY42: #N/A | CB42: 2 | CC42: Analyst | CD42: working as Analyst
B43: Manager | C43: =IFERROR(C15/C29,NA()) -> #N/A | D43: =IFERROR(D15/D29,NA()) -> #N/A | E43: =IFERROR(E15/E29,NA()) -> #N/A | F43: =IFERROR(F15/F29,NA()) -> #N/A | G43: =IFERROR(G15/G29,NA()) -> #N/A | H43: =IFERROR(H15/H29,NA()) -> #N/A | I43: =IFERROR(I15/I29,NA()) -> #N/A | J43: =IFERROR(J15/J29,NA()) -> #N/A | BL43: 26 | BM43: Czech Republic | BN43: {=SUM((Country=BM43)*Salaries)/SUM((Country=BM43)*1)} -> #VALUE! | BO43: {=IFERROR(SUM((Country=BM43)*(YearsExp<>"")*YearsExp)/SUM((Country=BM43)*(YearsExp<>"")*1),0)} -> 0 | BP43: {=SUM((Country=BM43)*1)} -> #VALUE! | BR43: =CHOOSE($BN$3,104-BL43,BN43,BO43,BP43)+0.00001*ROWS($BM$18:BM43) -> #VALUE! | BS43: =RANK(BR43,$BR$18:$BR$120) -> #VALUE! | BT43: 26 | BU43: #N/A | BV43: #N/A | BW43: #N/A | BX43: #N/A | BY43: #N/A | CB43: 3 | CC43: Consultant | CD43: working as Consultant
B44: Misc. | C44: =IFERROR(C16/C30,NA()) -> #N/A | D44: =IFERROR(D16/D30,NA()) -> #N/A | E44: =IFERROR(E16/E30,NA()) -> #N/A | F44: =IFERROR(F16/F30,NA()) -> #N/A | G44: =IFERROR(G16/G30,NA()) -> #N/A | H44: =IFERROR(H16/H30,NA()) -> #N/A | I44: =IFERROR(I16/I30,NA()) -> #N/A | J44: =IFERROR(J16/J30,NA()) -> #N/A | L44: Offset | N44: For the graph | BL44: 27 | BM44: Denmark | BN44: {=SUM((Country=BM44)*Salaries)/SUM((Country=BM44)*1)} -> #VALUE! | BO44: {=IFERROR(SUM((Country=BM44)*(YearsExp<>"")*YearsExp)/SUM((Country=BM44)*(YearsExp<>"")*1),0)} -> 0 | BP44: {=SUM((Country=BM44)*1)} -> #VALUE! | BR44: =CHOOSE($BN$3,104-BL44,BN44,BO44,BP44)+0.00001*ROWS($BM$18:BM44) -> #VALUE! | BS44: =RANK(BR44,$BR$18:$BR$120) -> #VALUE! | BT44: 27 | BU44: #N/A | BV44: #N/A | BW44: #N/A | BX44: #N/A | BY44: #N/A | CB44: 4 | CC44: Controller | CD44: working as Controller
B45: Reporting | C45: =IFERROR(C17/C31,NA()) -> #N/A | D45: =IFERROR(D17/D31,NA()) -> #N/A | E45: =IFERROR(E17/E31,NA()) -> #N/A | F45: =IFERROR(F17/F31,NA()) -> #N/A | G45: =IFERROR(G17/G31,NA()) -> #N/A | H45: =IFERROR(H17/H31,NA()) -> #N/A | I45: =IFERROR(I17/I31,NA()) -> #N/A | J45: =IFERROR(J17/J31,NA()) -> #N/A | O45: 0 | P45: 1 | Q45: 2 | R45: 3 | S45: 4 | BL45: 28 | BM45: Dominican Republic | BN45: {=SUM((Country=BM45)*Salaries)/SUM((Country=BM45)*1)} -> #VALUE! | BO45: {=IFERROR(SUM((Country=BM45)*(YearsExp<>"")*YearsExp)/SUM((Country=BM45)*(YearsExp<>"")*1),0)} -> 0 | BP45: {=SUM((Country=BM45)*1)} -> #VALUE! | BR45: =CHOOSE($BN$3,104-BL45,BN45,BO45,BP45)+0.00001*ROWS($BM$18:BM45) -> #VALUE! | BS45: =RANK(BR45,$BR$18:$BR$120) -> #VALUE! | BT45: 28 | BU45: #N/A | BV45: #N/A | BW45: #N/A | BX45: #N/A | BY45: #N/A | CB45: 5 | CC45: CXO or Top Mgmt. | CD45: working as CXO
B46: Specialist | C46: =IFERROR(C18/C32,NA()) -> #N/A | D46: =IFERROR(D18/D32,NA()) -> #N/A | E46: =IFERROR(E18/E32,NA()) -> #N/A | F46: =IFERROR(F18/F32,NA()) -> #N/A | G46: =IFERROR(G18/G32,NA()) -> #N/A | H46: =IFERROR(H18/H32,NA()) -> #N/A | I46: =IFERROR(I18/I32,NA()) -> #N/A | J46: =IFERROR(J18/J32,NA()) -> #N/A | O46: Min | P46: 1st Quartile | Q46: Median | R46: 3rd quartile | S46: Max | BL46: 29 | BM46: Dubai | BN46: {=SUM((Country=BM46)*Salaries)/SUM((Country=BM46)*1)} -> #VALUE! | BO46: {=IFERROR(SUM((Country=BM46)*(YearsExp<>"")*YearsExp)/SUM((Country=BM46)*(YearsExp<>"")*1),0)} -> 0 | BP46: {=SUM((Country=BM46)*1)} -> #VALUE! | BR46: =CHOOSE($BN$3,104-BL46,BN46,BO46,BP46)+0.00001*ROWS($BM$18:BM46) -> #VALUE! | BS46: =RANK(BR46,$BR$18:$BR$120) -> #VALUE! | BT46: 29 | BU46: #N/A | BV46: #N/A | BW46: #N/A | BX46: #N/A | BY46: #N/A | CB46: 6 | CC46: Engineer | CD46: working as Engineer
B47: Average | C47: {=AVERAGE(IF(ISERROR(C37:C46),"",C37:C46))} -> #DIV/0! | D47: {=AVERAGE(IF(ISERROR(D37:D46),"",D37:D46))} -> #DIV/0! | E47: {=AVERAGE(IF(ISERROR(E37:E46),"",E37:E46))} -> #DIV/0! | F47: {=AVERAGE(IF(ISERROR(F37:F46),"",F37:F46))} -> #DIV/0! | G47: {=AVERAGE(IF(ISERROR(G37:G46),"",G37:G46))} -> #DIV/0! | H47: {=AVERAGE(IF(ISERROR(H37:H46),"",H37:H46))} -> #DIV/0! | I47: {=AVERAGE(IF(ISERROR(I37:I46),"",I37:I46))} -> #DIV/0! | J47: {=AVERAGE(IF(ISERROR(J37:J46),"",J37:J46))} -> #DIV/0! | L47: 1 | M47: 1 | O47: =OFFSET($N$21,$L47,$M47+O$45) -> #VALUE! | P47: =OFFSET($N$21,$L47,$M47+P$45) -> #VALUE! | Q47: =OFFSET($N$21,$L47,$M47+Q$45) -> #VALUE! | R47: =OFFSET($N$21,$L47,$M47+R$45) -> #VALUE! | S47: =OFFSET($N$21,$L47,$M47+S$45) -> #VALUE! | BL47: 30 | BM47: Egypt | BN47: {=SUM((Country=BM47)*Salaries)/SUM((Country=BM47)*1)} -> #VALUE! | BO47: {=IFERROR(SUM((Country=BM47)*(YearsExp<>"")*YearsExp)/SUM((Country=BM47)*(YearsExp<>"")*1),0)} -> 0 | BP47: {=SUM((Country=BM47)*1)} -> #VALUE! | BR47: =CHOOSE($BN$3,104-BL47,BN47,BO47,BP47)+0.00001*ROWS($BM$18:BM47) -> #VALUE! | BS47: =RANK(BR47,$BR$18:$BR$120) -> #VALUE! | BT47: 30 | BU47: #N/A | BV47: #N/A | BW47: #N/A | BX47: #N/A | BY47: #N/A | CB47: 7 | CC47: Manager | CD47: working as Manager
L48: 1 | M48: 10 | N48: Accountant | O48: =OFFSET($N$21,$L48,$M48+O$45) -> #VALUE! | P48: =OFFSET($N$21,$L48,$M48+P$45) -> #VALUE! | Q48: =OFFSET($N$21,$L48,$M48+Q$45) -> #VALUE! | R48: =OFFSET($N$21,$L48,$M48+R$45) -> #VALUE! | S48: =OFFSET($N$21,$L48,$M48+S$45) -> #VALUE! | BL48: 31 | BM48: Estonia | BN48: {=SUM((Country=BM48)*Salaries)/SUM((Country=BM48)*1)} -> #VALUE! | BO48: {=IFERROR(SUM((Country=BM48)*(YearsExp<>"")*YearsExp)/SUM((Country=BM48)*(YearsExp<>"")*1),0)} -> 0 | BP48: {=SUM((Country=BM48)*1)} -> #VALUE! | BR48: =CHOOSE($BN$3,104-BL48,BN48,BO48,BP48)+0.00001*ROWS($BM$18:BM48) -> #VALUE! | BS48: =RANK(BR48,$BR$18:$BR$120) -> #VALUE! | BT48: 31 | BU48: #N/A | BV48: #N/A | BW48: #N/A | BX48: #N/A | BY48: #N/A | CB48: 8 | CC48: Reporting | CD48: working in Reporting
BL49: 32 | BM49: Ethiopia | BN49: {=SUM((Country=BM49)*Salaries)/SUM((Country=BM49)*1)} -> #VALUE! | BO49: {=IFERROR(SUM((Country=BM49)*(YearsExp<>"")*YearsExp)/SUM((Country=BM49)*(YearsExp<>"")*1),0)} -> 0 | BP49: {=SUM((Country=BM49)*1)} -> #VALUE! | BR49: =CHOOSE($BN$3,104-BL49,BN49,BO49,BP49)+0.00001*ROWS($BM$18:BM49) -> #VALUE! | BS49: =RANK(BR49,$BR$18:$BR$120) -> #VALUE! | BT49: 32 | BU49: #N/A | BV49: #N/A | BW49: #N/A | BX49: #N/A | BY49: #N/A | CB49: 9 | CC49: Specialist | CD49: working as Specialist
L50: 2 | M50: 1 | O50: =OFFSET($N$21,$L50,$M50+O$45) -> #VALUE! | P50: =OFFSET($N$21,$L50,$M50+P$45) -> #VALUE! | Q50: =OFFSET($N$21,$L50,$M50+Q$45) -> #VALUE! | R50: =OFFSET($N$21,$L50,$M50+R$45) -> #VALUE! | S50: =OFFSET($N$21,$L50,$M50+S$45) -> #VALUE! | BL50: 33 | BM50: Europe | BN50: {=SUM((Country=BM50)*Salaries)/SUM((Country=BM50)*1)} -> #VALUE! | BO50: {=IFERROR(SUM((Country=BM50)*(YearsExp<>"")*YearsExp)/SUM((Country=BM50)*(YearsExp<>"")*1),0)} -> 0 | BP50: {=SUM((Country=BM50)*1)} -> #VALUE! | BR50: =CHOOSE($BN$3,104-BL50,BN50,BO50,BP50)+0.00001*ROWS($BM$18:BM50) -> #VALUE! | BS50: =RANK(BR50,$BR$18:$BR$120) -> #VALUE! | BT50: 33 | BU50: #N/A | BV50: #N/A | BW50: #N/A | BX50: #N/A | BY50: #N/A
L51: 2 | M51: 10 | N51: Analyst | O51: =OFFSET($N$21,$L51,$M51+O$45) -> #VALUE! | P51: =OFFSET($N$21,$L51,$M51+P$45) -> #VALUE! | Q51: =OFFSET($N$21,$L51,$M51+Q$45) -> #VALUE! | R51: =OFFSET($N$21,$L51,$M51+R$45) -> #VALUE! | S51: =OFFSET($N$21,$L51,$M51+S$45) -> #VALUE! | BL51: 34 | BM51: Finland | BN51: {=SUM((Country=BM51)*Salaries)/SUM((Country=BM51)*1)} -> #VALUE! | BO51: {=IFERROR(SUM((Country=BM51)*(YearsExp<>"")*YearsExp)/SUM((Country=BM51)*(YearsExp<>"")*1),0)} -> 0 | BP51: {=SUM((Country=BM51)*1)} -> #VALUE! | BR51: =CHOOSE($BN$3,104-BL51,BN51,BO51,BP51)+0.00001*ROWS($BM$18:BM51) -> #VALUE! | BS51: =RANK(BR51,$BR$18:$BR$120) -> #VALUE! | BT51: 34 | BU51: #N/A | BV51: #N/A | BW51: #N/A | BX51: #N/A | BY51: #N/A | CB51: No | CC51: Continent | CD51: Text
BL52: 35 | BM52: France | BN52: {=SUM((Country=BM52)*Salaries)/SUM((Country=BM52)*1)} -> #VALUE! | BO52: {=IFERROR(SUM((Country=BM52)*(YearsExp<>"")*YearsExp)/SUM((Country=BM52)*(YearsExp<>"")*1),0)} -> 0 | BP52: {=SUM((Country=BM52)*1)} -> #VALUE! | BR52: =CHOOSE($BN$3,104-BL52,BN52,BO52,BP52)+0.00001*ROWS($BM$18:BM52) -> #VALUE! | BS52: =RANK(BR52,$BR$18:$BR$120) -> #VALUE! | BT52: 35 | BU52: #N/A | BV52: #N/A | BW52: #N/A | BX52: #N/A | BY52: #N/A | CB52: 1 | CC52: Asia | CD52: in Asia
L53: 3 | M53: 1 | O53: =OFFSET($N$21,$L53,$M53+O$45) -> #VALUE! | P53: =OFFSET($N$21,$L53,$M53+P$45) -> #VALUE! | Q53: =OFFSET($N$21,$L53,$M53+Q$45) -> #VALUE! | R53: =OFFSET($N$21,$L53,$M53+R$45) -> #VALUE! | S53: =OFFSET($N$21,$L53,$M53+S$45) -> #VALUE! | BL53: 36 | BM53: Germany | BN53: {=SUM((Country=BM53)*Salaries)/SUM((Country=BM53)*1)} -> #VALUE! | BO53: {=IFERROR(SUM((Country=BM53)*(YearsExp<>"")*YearsExp)/SUM((Country=BM53)*(YearsExp<>"")*1),0)} -> 0 | BP53: {=SUM((Country=BM53)*1)} -> #VALUE! | BR53: =CHOOSE($BN$3,104-BL53,BN53,BO53,BP53)+0.00001*ROWS($BM$18:BM53) -> #VALUE! | BS53: =RANK(BR53,$BR$18:$BR$120) -> #VALUE! | BT53: 36 | BU53: #N/A | BV53: #N/A | BW53: #N/A | BX53: #N/A | BY53: #N/A | CB53: 2 | CC53: Europe | CD53: in Europe
L54: 3 | M54: 10 | N54: Consultant | O54: =OFFSET($N$21,$L54,$M54+O$45) -> #VALUE! | P54: =OFFSET($N$21,$L54,$M54+P$45) -> #VALUE! | Q54: =OFFSET($N$21,$L54,$M54+Q$45) -> #VALUE! | R54: =OFFSET($N$21,$L54,$M54+R$45) -> #VALUE! | S54: =OFFSET($N$21,$L54,$M54+S$45) -> #VALUE! | BL54: 37 | BM54: Ghana | BN54: {=SUM((Country=BM54)*Salaries)/SUM((Country=BM54)*1)} -> #VALUE! | BO54: {=IFERROR(SUM((Country=BM54)*(YearsExp<>"")*YearsExp)/SUM((Country=BM54)*(YearsExp<>"")*1),0)} -> 0 | BP54: {=SUM((Country=BM54)*1)} -> #VALUE! | BR54: =CHOOSE($BN$3,104-BL54,BN54,BO54,BP54)+0.00001*ROWS($BM$18:BM54) -> #VALUE! | BS54: =RANK(BR54,$BR$18:$BR$120) -> #VALUE! | BT54: 37 | BU54: #N/A | BV54: #N/A | BW54: #N/A | BX54: #N/A | BY54: #N/A | CB54: 3 | CC54: Africa | CD54: in Africa
BL55: 38 | BM55: Greece | BN55: {=SUM((Country=BM55)*Salaries)/SUM((Country=BM55)*1)} -> #VALUE! | BO55: {=IFERROR(SUM((Country=BM55)*(YearsExp<>"")*YearsExp)/SUM((Country=BM55)*(YearsExp<>"")*1),0)} -> 0 | BP55: {=SUM((Country=BM55)*1)} -> #VALUE! | BR55: =CHOOSE($BN$3,104-BL55,BN55,BO55,BP55)+0.00001*ROWS($BM$18:BM55) -> #VALUE! | BS55: =RANK(BR55,$BR$18:$BR$120) -> #VALUE! | BT55: 38 | BU55: #N/A | BV55: #N/A | BW55: #N/A | BX55: #N/A | BY55: #N/A | CB55: 4 | CC55: North Amer. | CD55: in North America
L56: 4 | M56: 1 | O56: =OFFSET($N$21,$L56,$M56+O$45) -> #VALUE! | P56: =OFFSET($N$21,$L56,$M56+P$45) -> #VALUE! | Q56: =OFFSET($N$21,$L56,$M56+Q$45) -> #VALUE! | R56: =OFFSET($N$21,$L56,$M56+R$45) -> #VALUE! | S56: =OFFSET($N$21,$L56,$M56+S$45) -> #VALUE! | BL56: 39 | BM56: Guyana | BN56: {=SUM((Country=BM56)*Salaries)/SUM((Country=BM56)*1)} -> #VALUE! | BO56: {=IFERROR(SUM((Country=BM56)*(YearsExp<>"")*YearsExp)/SUM((Country=BM56)*(YearsExp<>"")*1),0)} -> 0 | BP56: {=SUM((Country=BM56)*1)} -> #VALUE! | BR56: =CHOOSE($BN$3,104-BL56,BN56,BO56,BP56)+0.00001*ROWS($BM$18:BM56) -> #VALUE! | BS56: =RANK(BR56,$BR$18:$BR$120) -> #VALUE! | BT56: 39 | BU56: #N/A | BV56: #N/A | BW56: #N/A | BX56: #N/A | BY56: #N/A | CB56: 5 | CC56: South Amer. | CD56: in South America
L57: 4 | M57: 10 | N57: Controller | O57: =OFFSET($N$21,$L57,$M57+O$45) -> #VALUE! | P57: =OFFSET($N$21,$L57,$M57+P$45) -> #VALUE! | Q57: =OFFSET($N$21,$L57,$M57+Q$45) -> #VALUE! | R57: =OFFSET($N$21,$L57,$M57+R$45) -> #VALUE! | S57: =OFFSET($N$21,$L57,$M57+S$45) -> #VALUE! | BL57: 40 | BM57: Hong Kong | BN57: {=SUM((Country=BM57)*Salaries)/SUM((Country=BM57)*1)} -> #VALUE! | BO57: {=IFERROR(SUM((Country=BM57)*(YearsExp<>"")*YearsExp)/SUM((Country=BM57)*(YearsExp<>"")*1),0)} -> 0 | BP57: {=SUM((Country=BM57)*1)} -> #VALUE! | BR57: =CHOOSE($BN$3,104-BL57,BN57,BO57,BP57)+0.00001*ROWS($BM$18:BM57) -> #VALUE! | BS57: =RANK(BR57,$BR$18:$BR$120) -> #VALUE! | BT57: 40 | BU57: #N/A | BV57: #N/A | BW57: #N/A | BX57: #N/A | BY57: #N/A | CB57: 6 | CC57: Oceania | CD57: in Oceania
BL58: 41 | BM58: Hungary | BN58: {=SUM((Country=BM58)*Salaries)/SUM((Country=BM58)*1)} -> #VALUE! | BO58: {=IFERROR(SUM((Country=BM58)*(YearsExp<>"")*YearsExp)/SUM((Country=BM58)*(YearsExp<>"")*1),0)} -> 0 | BP58: {=SUM((Country=BM58)*1)} -> #VALUE! | BR58: =CHOOSE($BN$3,104-BL58,BN58,BO58,BP58)+0.00001*ROWS($BM$18:BM58) -> #VALUE! | BS58: =RANK(BR58,$BR$18:$BR$120) -> #VALUE! | BT58: 41 | BU58: #N/A | BV58: #N/A | BW58: #N/A | BX58: #N/A | BY58: #N/A
L59: 5 | M59: 1 | O59: =OFFSET($N$21,$L59,$M59+O$45) -> #VALUE! | P59: =OFFSET($N$21,$L59,$M59+P$45) -> #VALUE! | Q59: =OFFSET($N$21,$L59,$M59+Q$45) -> #VALUE! | R59: =OFFSET($N$21,$L59,$M59+R$45) -> #VALUE! | S59: =OFFSET($N$21,$L59,$M59+S$45) -> #VALUE! | BL59: 42 | BM59: Iceland | BN59: {=SUM((Country=BM59)*Salaries)/SUM((Country=BM59)*1)} -> #VALUE! | BO59: {=IFERROR(SUM((Country=BM59)*(YearsExp<>"")*YearsExp)/SUM((Country=BM59)*(YearsExp<>"")*1),0)} -> 0 | BP59: {=SUM((Country=BM59)*1)} -> #VALUE! | BR59: =CHOOSE($BN$3,104-BL59,BN59,BO59,BP59)+0.00001*ROWS($BM$18:BM59) -> #VALUE! | BS59: =RANK(BR59,$BR$18:$BR$120) -> #VALUE! | BT59: 42 | BU59: #N/A | BV59: #N/A | BW59: #N/A | BX59: #N/A | BY59: #N/A | CB59: No | CC59: Daily usage | CD59: Text
